Workbook
Name sheet0_f_fdckfxmbh: #REF!
Name 取得土地使用权所支付的金额: '[1]项目分类（不可删除）'!$B$3:$D$3
Name 土地征用及拆迁补偿费: '[1]项目分类（不可删除）'!$B$4:$H$4

Sheet 计算税金
B1: 画堂春锦苑预收款
C2: 预收款计未开票 | G2: 预收款计未开票税金 | K2: 预收款未开票-已开票 | L2: 未开票余额 | M2: 预收款直接记收入
B3: 2024年 | C3: 房款 | D3: 租金 | E3: 储藏间 | F3: 小计 | G3: 房款税金 | H3: 租金税金 | I3: 储藏间税金 | J3: 小计 | M3: 房款 | N3: 税金
B4: 8月 | C4: 278868823 | D4: 577229 | F4: =C4+D4+E4 -> 279446052 | G4: =C4/1.09*0.09 -> 23025866 | H4: =D4/1.09*0.09 -> 47661.11 | I4: =E4/1.09*0.09 -> 0 | J4: =G4+H4+I4 -> 23073527 | P4: =J4+N4 -> 23073527
B5: 9月 | C5: 16205837 | D5: 900394 | E5: 1178000 | F5: =C5+D5+E5 -> 18284231 | G5: =C5/1.09*0.09 -> 1338096.6 | H5: =D5/1.09*0.09 -> 74344.459 | I5: =E5/1.09*0.09 -> 97266.055 | J5: =G5+H5+I5 -> 1509707.1 | K5: 37431244 | P5: =J5+N5 -> 1509707.1
B6: 10月 | D6: 56960 | E6: 304240 | F6: =C6+D6+E6 -> 361200 | G6: =C6/1.09*0.09 -> 0 | H6: =D6/1.09*0.09 -> 4703.1193 | I6: =E6/1.09*0.09 -> 25120.734 | J6: =G6+H6+I6 -> 29823.853 | K6: 16338184 | M6: 10864302 | N6: =M6/1.09*0.09 -> 897052.46 | P6: =J6+N6 -> 926876.31
B7: 11月 | D7: =-106935+249275 -> 142340 | E7: 108360 | F7: =C7+D7+E7 -> 250700 | G7: =C7/1.09*0.09 -> 0 | H7: =D7/1.09*0.09 -> 11752.844 | I7: =E7/1.09*0.09 -> 8947.156 | J7: =G7+H7+I7 -> 20700 | K7: =31364278+18734175 -> 50098453 | M7: 2110283 | N7: =M7/1.09*0.09 -> 174243.55 | P7: =J7+N7 -> 194943.55
B8: 12月 | C8: 14938832 | D8: 133155 | E8: 33880 | F8: =C8+D8+E8 -> 15105867 | G8: =C8/1.09*0.09 -> 1233481.5 | H8: =D8/1.09*0.09 -> 10994.45 | I8: =E8/1.09*0.09 -> 2797.4312 | J8: =G8+H8+I8 -> 1247273.4 | K8: =58971415+3182181 -> 62153596 | M8: =1444648+444367 -> 1889015 | N8: =M8/1.09*0.09 -> 155973.72 | P8: =J8+N8 -> 1403247.1
P9: =J9+N9 -> 0
P10: =J10+N10 -> 0
P11: =J11+N11 -> 0
B12: 小计 | C12: =SUM(C4:C11) -> 310013492 | D12: =SUM(D4:D11) -> 1810078 | E12: =SUM(E4:E11) -> 1624480 | F12: =SUM(F4:F11) -> 313448050 | G12: =SUM(G4:G11) -> 25597444 | H12: =SUM(H4:H11) -> 149455.98 | I12: =SUM(I4:I11) -> 134131.38 | J12: =SUM(J4:J11) -> 25881032 | K12: =SUM(K4:K11) -> 166021477 | L12: =C12-K12 -> 143992015 | M12: =SUM(M4:M11) -> 14863600 | N12: =SUM(N4:N11) -> 1227269.7 | P12: =SUM(P4:P11) -> 27108301
H16: =C12+M12 -> 324877092
H17: 306110626
H18: =H16-H17 -> 18766466

Sheet 汇总表
A1: 新疆通力画堂春锦苑 楼盘销售月报（2024.12）
A2: 序号 | B2: 楼号 | C2: 开发数量 | D2: 可销售 | E2: 本月销售情况 | J2: 开发面积（m2） | K2: 可销售面积（m2） | L2: 累计销售情况 | T2: 未销售数（含置换） | W2: 备注
C3: 套数 | D3: 套数 | E3: 成交 套数 | F3: 成交总金额（元） | G3: 已收取房款（元） | H3: 施工许可证 | L3: 成交 套数 | M3: 成交金额（元） | N3: 成交面积（m2） | O3: 累计收取房款（元） | P3: 本月到账贷款 | Q3: 累计到帐贷款 | R3: 房款合计 | S3: 应收款 | T3: 套数 | U3: 未销售面积（m2） | V3: 金额（元）
A4: 1 | B4: 画堂春锦苑一期13#14#15#17#18#楼（商业） | C4: ='画堂春锦13#14#15#17#18# 商铺'!A148 -> 141 | D4: =C4 -> 141 | E4: ='画堂春锦13#14#15#17#18# 商铺'!B151 -> 3 | G4: ='画堂春锦13#14#15#17#18# 商铺'!T151 -> 4092229 | J4: ='画堂春锦13#14#15#17#18# 商铺'!K151 -> 15319.5 | K4: =J4-524.4-152.79-15.25-16.01 -> 14611.05 | L4: =121+4 -> 125 | M4: ='画堂春锦13#14#15#17#18# 商铺'!N151 -> 165714080 | N4: ='画堂春锦13#14#15#17#18# 商铺'!L151 -> 10769.82 | O4: ='画堂春锦13#14#15#17#18# 商铺'!AL151 -> 151464283 | P4: ='画堂春锦13#14#15#17#18# 商铺'!AM151 -> 0 | Q4: ='画堂春锦13#14#15#17#18# 商铺'!AN151 -> 0 | R4: =O4+Q4 -> 151464283 | S4: =M4-R4 -> 14249797 | T4: =D4-L4 -> 16 | U4: =K4-N4 -> 3841.23
A5: 2 | B5: 画堂春锦苑一期9#10#11#12#楼（住宅) | C5: ='画堂春锦9#10#11#12#住宅'!A332 -> 242 | D5: =C5 -> 242 | E5: ='画堂春锦9#10#11#12#住宅'!B333 -> 0 | G5: ='画堂春锦9#10#11#12#住宅'!R333 -> 2002987 | J5: ='画堂春锦9#10#11#12#住宅'!J333 -> 31331.37 | K5: =J5-4.49-22.24-19.83-4.39-548.24-753.94-625.87-615.6 -> 28736.77 | L5: =225 -> 225 | M5: ='画堂春锦9#10#11#12#住宅'!M333 -> 159591395 | N5: ='画堂春锦9#10#11#12#住宅'!K333 -> 27181.73 | O5: ='画堂春锦9#10#11#12#住宅'!AH333 -> 155954393 | P5: ='画堂春锦9#10#11#12#住宅'!AI333 -> 0 | Q5: ='画堂春锦9#10#11#12#住宅'!AJ333 -> 0 | R5: =O5+Q5 -> 155954393 | S5: =M5-R5 -> 3637002 | T5: =D5-L5 -> 17 | U5: =K5-N5 -> 1555.04 | AD5: 税目 | AE5: 摘要 | AF5: 税金所属期 | AG5: 计税数m² （1） | AH5: 标准 （2） | AI5: 税额 （1）*（2） | AJ5: 备注
A6: 3 | B6: 画堂春锦苑二期1#-3#5#/7#楼住宅销售明细表 | C6: ='画堂春锦苑1#2#3#5#7#楼住宅销售明细表'!A439 -> 362 | D6: =C6 -> 362 | E6: ='画堂春锦苑1#2#3#5#7#楼住宅销售明细表'!B440 -> 9 | G6: ='画堂春锦苑1#2#3#5#7#楼住宅销售明细表'!R440 -> 7956921 | J6: ='画堂春锦苑1#2#3#5#7#楼住宅销售明细表'!J440 -> 48195.5 | K6: =J6-693.5-949.92-60.09-743.78-560.48-557.5 -> 44630.23 | L6: =256+9 -> 265 | M6: ='画堂春锦苑1#2#3#5#7#楼住宅销售明细表'!M440 -> 202447482 | N6: ='画堂春锦苑1#2#3#5#7#楼住宅销售明细表'!K440 -> 36462.34 | O6: ='画堂春锦苑1#2#3#5#7#楼住宅销售明细表'!AH440 -> 183526817 | P6: ='画堂春锦9#10#11#12#住宅'!AI337 -> 0 | Q6: ='画堂春锦苑1#2#3#5#7#楼住宅销售明细表'!AJ440 -> 0 | R6: =O6+Q6 -> 183526817 | S6: =M6-R6 -> 18920665 | T6: =D6-L6 -> 97 | U6: =K6-N6 -> 8167.89 | AD6: 工会经费 | AE6: 2024.10.1-2024.12.31 | AG6: =144632+133147+142991 -> 420770 | AH6: 0.02 | AI6: =AG6*AH6 -> 8415.4
A7: 4 | B7: 画堂春锦苑二期8#楼住宅销售明细表 | C7: ='画堂春锦苑8#楼明细表'!A89 -> 66 | D7: =C7 -> 66 | E7: ='画堂春锦苑8#楼明细表'!B91 -> 1 | G7: ='画堂春锦苑8#楼明细表'!R91 -> 5863000 | J7: ='画堂春锦苑8#楼明细表'!J91 -> 9054.69 | K7: =J7-745.73 -> 8308.96 | L7: =40+8 -> 48 | M7: ='画堂春锦苑8#楼明细表'!M91 -> 37042983 | N7: ='画堂春锦苑8#楼明细表'!K91 -> 6166.21 | O7: ='画堂春锦苑8#楼明细表'!AH91 -> 31435199 | P7: ='画堂春锦9#10#11#12#住宅'!AI338 -> 0 | Q7: ='画堂春锦苑8#楼明细表'!AJ91 -> 0 | R7: =O7+Q7 -> 31435199 | S7: ='画堂春锦苑8#楼明细表'!AK91 -> 5607784 | T7: =D7-L7 -> 18 | U7: =K7-N7 -> 2142.75
A8: 5 | B8: 画堂春锦苑住宅4#6# | C8: ='画堂春锦苑住宅4#6#'!A168 -> 132 | D8: =C8 -> 132 | E8: ='画堂春锦苑住宅4#6#'!B168 -> 6 | G8: ='画堂春锦苑住宅4#6#'!R168 -> 1964000 | J8: ='画堂春锦苑住宅4#6#'!J168 -> 19425.76 | K8: =J8-744.94-830.47 -> 17850.35 | L8: =5+1 -> 6 | M8: ='画堂春锦苑住宅4#6#'!M168 -> 10613083 | N8: ='画堂春锦苑住宅4#6#'!K168 -> 1663.21 | O8: ='画堂春锦苑住宅4#6#'!AH168 -> 2810708 | R8: =O8+Q8 -> 2810708 | T8: =D8-L8 -> 126 | U8: =K8-N8 -> 16187.14
A9: 6 | B9: 画堂春锦苑二期商业16#19#（入会） | C9: ='画堂春锦苑商业16#19#'!A63 -> 58 | D9: =C9 -> 58 | E9: ='画堂春锦苑商业16#19#'!B64 -> 4 | G9: ='画堂春锦苑商业16#19#'!R64 -> 5075653 | J9: ='画堂春锦苑商业16#19#'!J64 -> 5820.19 | K9: =J9-92.29-1005.66 -> 4722.24 | M9: ='画堂春锦苑商业16#19#'!M64 -> 31523674 | O9: ='画堂春锦苑商业16#19#'!AH64 -> 9187653 | T9: =D9-L9 -> 58
A11: 合计 | C11: =SUM(C4:C9) -> 1001 | D11: =SUM(D4:D9) -> 1001 | E11: =SUM(E4:E9) -> 23 | F11: =SUM(F4:F9) -> 0 | G11: =SUM(G4:G9) -> 26954790 | J11: =SUM(J4:J9) -> 129147.01 | K11: =SUM(K4:K9) -> 118859.6 | L11: =SUM(L4:L9) -> 669 | M11: =SUM(M4:M9) -> 606932697 | N11: =SUM(N4:N9) -> 82243.31 | O11: =SUM(O4:O9) -> 534379053 | P11: =SUM(P4:P9) -> 0 | Q11: =SUM(Q4:Q9) -> 0 | ... S11: =SUM(S4:S9) -> 42415248 | T11: =SUM(T5:T9) -> 316 | U11: =SUM(U4:U9) -> 31894.05 | V11: =SUM(V4:V9) -> 0
F12: 收会费、储藏间定金 | G12: =165000+28880 -> 193880 | N12: 系统 | O12: =534167417+213551 -> 534380968 | R12: 马桂香1000元会费未登台账，未收到会费单
F13: 会费转预收 | G13: =4000000+5000+1 -> 4005001 | N13: 账面 | O13: =207552911+1624480+451489+12000 -> 209640880 | P13: =278868823+16205837+10864302+2110283+1889015+2370546+12568286 -> 324877092
F14: 预收总计 | G14: =G11-G12+G13 -> 30765911 | N14: 租铺意向金 | P14: 账套有，台账不录
F15: 面积减少退款 | G15: =-2916-24569 -> -27485 | H15: 商业面积差24569 住宅面积差2916 | N15: 履约保证金 | O15: 162489 | P15: 账套有，台账不录
F16: 已报税退房 | G16: =20000+30000 -> 50000 | H16: 银行存款日记账SGRJZ2680退胡胜国画堂春锦苑定金 银行存款日记账SGRJZ2680退凌亚彬画堂春锦苑定金 | N16: 与系统差 | O16: =O11-O12-G15 -> 25570 | P16: 面积差退款，系统未减少24570
G17: 20000 | H17: 银行存款日记账SGRJZ2680退屈淑红画堂春锦苑定金 | N17: 与账面差 | O17: =O11-O13-P13+O14+O15 -> 23570
G19: 20000 | H19: 银行存款日记账SGRJZ2680退画高彬堂春锦苑定金
G20: 20000 | H20: 银行存款日记账SGRJZ2680退胡胜国画堂春锦苑定金
G22: =G14-G16-G17-G18-G19-G20 -> 30655911
B23: 新疆通力房地产开发库尔勒二分公司销售不动产税金计算表（2024.11月）
B24: 项目名称 | D24: 画堂春锦苑一期住宅9#-12# | F24: 画堂春锦苑二期住宅1#-3#5#7# | H24: 画堂春锦苑一期商业13#-15#17#18# | J24: 画堂春锦苑8#楼 | L24: 储藏间 | M24: 画堂春锦苑住宅4#6# | O24: 画堂春锦苑商业16#19# | Z24: 画堂春锦苑游泳池设备房设备安装工程专业施工分包合同 | AA24: 乌鲁木齐捷顺达工贸有限公司 | AB24: 195000 | AC24: 0.0003 | AD24: =AB24*AC24 -> 58.5 | AJ24: 2024.10.1 | AK24: 20240005549 | AM24: 412724197310186410 | AN24: 孙光立、王俊丽 | AO24: 1427823
B25: 预收合计 | D25: =D27+E27 -> 1974108 | F25: =F27+G27 -> 7956921 | H25: =H27+I27 -> 4042229 | J25: =J27+K27 -> 5823000 | L25: =L27 -> 28880 | M25: =M27+N27 -> 1944000 | O25: =O27 -> 8915653 | S25: =D25+F25+H25+J25+M25+O25 -> 30655911 | Z25: 画堂春锦苑4#6#住宅楼16#19#商业楼房产测绘项目 | AA25: 新疆科达宏祥测绘有限公司 | AB25: 14926.87 | AC25: 0.0003 | AD25: =AB25*AC25 -> 4.478061 | AJ25: 2024.10.1 | AK25: 20240005511 | AL25: 0000918 | AM25: 413023198401080786 | AN25: 刘建云 | AO25: 2560000
D26: 144㎡以下 | E26: 144以上 | F26: 144㎡以下 | G26: 144以上 | H26: 非普通 | J26: 144㎡以下 | K26: 144㎡以上 | L26: 储藏间 | M26: 144㎡以下 | N26: 144㎡以上 | O26: 非普通 | S26: 合计应缴 | Z26: 画堂春锦苑竣工测量建设项目测绘技术服务 | AA26: 新疆天拓空间信息测绘有限公司 | AB26: 31200 | AC26: 0.0003 | AD26: =AB26*AC26 -> 9.36 | AJ26: 2024.11.4 | AK26: 20240006442 | AL26: 0000747 | AM26: 320321198002133624 | AN26: 李红艳 | AO26: 822336
B27: 预收 | C27: 税率 | D27: ='画堂春锦9#10#11#12#住宅'!R334 -> 1974108 | E27: ='画堂春锦9#10#11#12#住宅'!R335 -> 0 | F27: ='画堂春锦苑1#2#3#5#7#楼住宅销售明细表'!R441-G18 -> 7279799 | G27: ='画堂春锦苑1#2#3#5#7#楼住宅销售明细表'!R442 -> 677122 | H27: ='画堂春锦13#14#15#17#18# 商铺'!T155-G16 -> 4042229 | J27: ='画堂春锦苑8#楼明细表'!R94-G17-G20 -> 4308000 | K27: ='画堂春锦苑8#楼明细表'!R95 -> 1515000 | L27: ='画堂春锦9#10#11#12#住宅'!R337 -> 28880 | M27: ='画堂春锦苑住宅4#6#'!R170-G19 -> 849000 | N27: ='画堂春锦苑住宅4#6#'!R171 -> 1095000 | O27: ='画堂春锦苑商业16#19#'!R68 -> 8915653 | Z27: 画堂春锦苑隔离墩采购及安装合同 | AA27: 巴州青橄榄电子科技有限公司 | AB27: 9450 | AC27: 0.0003 | AD27: =AB27*AC27 -> 2.835 | AJ27: 2024.11.5 | AK27: 20240006451 | AL27: 0000748 | AM27: 320321198002133624 | AN27: 李红艳 | AO27: 822336
B28: 预缴增值税 | C28: 0.03 | F28: =F25/1.09*C28 -> 218997.83 | J28: =J25/1.09*C28 -> 160266.06 | M28: =M25/1.09*C28 -> 53504.587 | O28: =O27/1.09*C28 -> 245384.94 | S28: =D28+F28+H28+J28+M28+O28 -> 678153.41 | Z28: 房产测绘合同 | AA28: 库尔勒天平房地产评估有限责任公司 | AB28: 4641.44 | AC28: 0.0003 | AD28: =AB28*AC28 -> 1.392432 | AJ28: 2024.10.10 | AK28: 20240006011 | AL28: 0000719 | AM28: 620121198508167215 | AN28: 苏生宝 | AO28: 850000
B29: 城建税 | C29: 0.07 | F29: =F28*C29 -> 15329.848 | H29: =H28*C29 -> 0 | J29: =J28*C29 -> 11218.624 | M29: =M28*C29 -> 3745.3211 | O29: =O28*C29 -> 17176.946 | S29: =D29+F29+H29+J29+M29+O29 -> 47470.739 | Z29: 画堂春锦苑停车设备采购及安装工程专业施工成本合同 | AA29: 巴州方程视广告有限公司 | AB29: 117640 | AC29: 0.0003 | AD29: =AB29*AC29 -> 35.292 | AJ29: 2024.10.5 | AK29: 20240005853 | AL29: 0000718 | AM29: 620121198508167215 | AN29: 苏生宝 | AO29: 850000
B30: 教育费附加 | C30: 0.03 | D30: =D28*C30 -> 0 | F30: =F28*C30 -> 6569.9348 | H30: =H28*C30 -> 0 | J30: =J28*C30 -> 4807.9817 | M30: =M28*C30 -> 1605.1376 | O30: =O28*C30 -> 7361.5483 | S30: =D30+F30+H30+J30+M30+O30 -> 20344.602 | Z30: 地名数字门牌制作合同 | AA30: 新疆中准标准化服务有限责任公司 | AB30: 26930 | AC30: 0.0003 | AD30: =AB30*AC30 -> 8.079 | AJ30: 2024.10.1 | AK30: 20240005488 | AL30: 抵账高2964114 | AM30: 320321197012203660 | AN30: 巩凤华 | AO30: 2964114
B31: 地方教育附加 | C31: 0.02 | D31: =D28*C31 -> 0 | F31: =F28*C31 -> 4379.9565 | H31: =H28*C31 -> 0 | J31: =J28*C31 -> 3205.3211 | M31: =M28*C31 -> 1070.0917 | O31: =O28*C31 -> 4907.6989 | S31: =D31+F31+H31+J31+M31+O31 -> 13563.068 | Z31: 画堂春锦苑IC卡单项付费电表采购 | AA31: 库尔勒亿恒拓电力器材经营部 | AB31: 25956 | AC31: 0.0003 | AD31: =AB31*AC31 -> 7.7868 | AJ31: 2024.10.1 | AK31: 20240005606 | AL31: 0001087 | AM31: 652801200110273712 | AN31: 牛燕 | AO31: 1178483
B32: 土地增值税 | C32: 0.03 | F32: =G27/1.09*C32 -> 18636.385 | H32: =H25/1.09*C32 -> 111254.01 | J32: =K27/1.09*C32 -> 41697.248 | M32: =N27/1.09*C32 -> 30137.615 | O32: =O27/1.09*C32 -> 245384.94 | S32: =D32+F32+H32+J32+M32+O32 -> 447110.2 | Z32: 画堂春锦苑游泳池设备用房桩基基础施工工程专业施工承包合同 | AA32: 山东长龙三辉建设工程有限公司 | AB32: 120000 | AC32: 0.0003 | AD32: =AB32*AC32 -> 36 | AJ32: 2024.10.22 | AK32: 20240006221 | AM32: 61042198909210094 | AN32: 张依涵 凌亚彬 退 | AO32: 1089787
B33: 土地增值税 | C33: 0.01 | D33: =D27/1.09*C33 -> 18111.083 | F33: =F27/1.09*C33 -> 66787.147 | J33: =J27/1.09*C33 -> 39522.936 | M33: =M27/1.09*0.01 -> 7788.9908 | S33: =D33+F33+H33+J33+M33+O33 -> 132210.16 | Z33: 画堂春锦苑二期交付围挡工程专业施工分包合同 | AA33: 新疆汇坤建设工程有限公司 | AB33: 82875 | AC33: 0.0003 | AD33: =AB33*AC33 -> 24.8625 | AJ33: 2024.10.1 | AK33: 20240005533 | AM33: 510626199311195624 | AN33: 唐晓霜 | AO33: 682460
B34: 印花税 | C34: 0.0005 | D34: =AO122*C34 -> 41724.34 | F34: =AD40 -> 251.93468 | S34: =D34+F34+H34+J34+M34+O34 -> 41976.275 | Z34: 画堂春锦苑13#14#16#17#19#商业电梯监控采购及安装工程专业施工承包合同 | AA34: 巴州青橄榄电子科技有限公司 | AB34: 34762.96 | AC34: 0.0003 | AD34: =AB34*AC34 -> 10.428888 | AJ34: 2024.10.2 | AK34: 20240005663 | AL34: 0000706 | AM34: 450902199407142761 | AN34: 黄婷 | AO34: 910000
B35: 个人所得税 | D35: 9909.72 | S35: =D35 -> 9909.72 | Z35: 画堂春锦苑挑檐防水维修（局部）工程专业施工分包合同（13#-15#17#18#） | AA35: 新疆汇坤建设工程有限公司 | AB35: 40000 | AC35: 0.0003 | AD35: =AB35*AC35 -> 12 | AJ35: 2024.10.2 | AK35: 20240005641 | AL35: 0000726 | AM35: 62222519850915032X | AN35: 郭莉莉 | AO35: 1548800
B36: 房产税 | C36: 从租（不含税租金*12%） | D36: =AH51 -> 6922.9578 | S36: =D36+F36+H36+J36+M36+O36 -> 6922.9578 | Z36: 画堂春锦苑停车护栏采购及安装工程专业施工承包合同 | AA36: 巴州方程视广告有限公司 | AB36: 10400 | AC36: 0.0003 | AD36: =AB36*AC36 -> 3.12 | AJ36: 2024.10.3 | AK36: 20240005749 | AL36: 0000732 | AM36: 362323197903237815 | AN36: 王德中 | AO36: 403970
C37: 从价自用（价值*70%*1.2%） | S37: =D37+F37+H37+J37+M37+O37 -> 0 | Z37: 画堂春锦苑门斗亮化工程专业施工承包合同（1-12#楼门斗亮化） | AA37: 巴州方程视广告有限公司 | AB37: 72000 | AC37: 0.0003 | AD37: =AB37*AC37 -> 21.6 | AJ37: 2024.10.5 | AK37: 20240005929 | AM37: 511026196907044936 | AN37: 刘沛林 | AO37: 430000
B38: 工会经费 | D38: =AI6 -> 8415.4 | S38: =D38+F38+H38+J38+M38+O38 -> 8415.4 | Z38: 画堂春锦苑小区大门、连廊的基础变更项目 | AA38: 中图设计有限公司巴州分公司 | AB38: 22000 | AC38: 0.0003 | AD38: =AB38*AC38 -> 6.6 | AJ38: 2024.11.18 | AK38: 20240006684 | AM38: 652801199303245528 | AN38: 王艺 | AO38: 444367
B39: 小计 | D39: =SUM(D28:E38) -> 85083.5 | F39: =SUM(F28:G38) -> 330953.03 | H39: =SUM(H28:I34) -> 111254.01 | J39: =SUM(J28:K33) -> 260718.17 | L39: =SUM(L28:L34) -> 0 | M39: =SUM(M28:N33) -> 97851.743 | O39: =SUM(O28:O32) -> 520216.08 | S39: =SUM(S28:S38) -> 1406076.5 | Z39: 画堂春锦苑小区16#楼19#楼幕墙项目 | AA39: 中图设计有限公司巴州分公司 | AB39: 32000 | AC39: 0.0003 | AD39: =AB39*AC39 -> 9.6 | AJ39: 2024.12.26 | AK39: 20240007463 | AL39: 抵账 华汇638645 | AM39: 65282919960602071X | AN39: 回志龙 | AO39: 581958
Z40: 合计 | AD40: =SUM(AD24:AD39) -> 251.93468 | AJ40: 2024.9.4 | AK40: 20240005087 | AL40: 抵账巩红卫925697 | AM40: 372925198609146957 | AN40: 孙振广 | AO40: 927077
B42: 注：1、本月画堂春锦苑一期项目未开发票14938832收入元应缴纳的增值税1233481.54元。新售住宅+商业开具发票1889015元应缴纳的增值税155973.72元；一期开具发票冲减未开票62153596元；二期开具发票0元； 2、租金未开票收入（454368-138169-183044）元应缴纳增值税10994.45元， 3、储藏间未开票收入33880元，应缴纳增值税2797.43元，合计缴纳增值税184879.32元 3、应缴纳的增值税（1233481.54+155973.72+10994.45+2797.43）元-本月进项1403247.14元-进项转出0-上期留抵0元-预交抵减0元=0元，不交；计算预收0元应预交增值税 元，附加税 ；土地增值税 元；印花税约 元。 4、其中画堂春锦苑一期住宅因面积差需退土地增值税-15.08元（房款为-548元），下期收房款后申报冲减。 | AJ42: 2024.9.4 | AK42: 20240005087 | AL42: 抵账巩红卫925697 | AM42: 372925198609146957 | AN42: 孙振广 | AO42: 927077
AJ43: 2024.10.1 | AK43: 20240005461 | AM43: 500225198309096227 | AN43: 邢冬梅 | AO43: 980000
M44: 2024年测算四季度需缴纳所得税 | X44: 商户 | Y44: 商铺间 | Z44: 建筑面积m² | AA44: 日租（元） | AB44: 年租金（元） | AC44: 已收租金 | AD44: 退款 | AE44: 已收履约金 | AF44: 总租金(原值) | AG44: 计税金额 | AH44: 从租房产税 | AJ44: 2024.10.3 | AK44: 20240005733 | AM44: 654223199807203433 | AN44: 孙乾 | AO44: 636000
M45: 2024年1月-12月二期预收款 | O45: 181274094 | X45: 杜涛 | Y45: 17-2层04# | Z45: 286.85 | AA45: 1.3 | AB45: 136110.33 | AC45: 136110 | AE45: 11342 | AF45: 699606 | AG45: 10697.339 | AH45: 1283.6807 | AJ45: 2024.11.26 | AK45: 20240006811 | AM45: 652801199301216416 | AN45: 石建基（暂未算业绩） | AO45: 702993
M46: 预收账款 毛利10% | N46: =(O45/1.09)*0.1 -> 16630651 | O46: 二期预收款 | X46: 凌小小、黑红玉 | Y46: 18-2层02# | Z46: 315.68 | AA46: 1.2 | AB46: 138267.84 | AC46: 88268 | AE46: 11365 | AF46: 746879 | AG46: 11420.168 | AH46: 1370.4202 | AJ46: 2024.11.28 | AK46: 20240006859 | AM46: 652827199903260311 | AN46: 朱俞合 | AO46: 693957
M47: 一期已申报预计毛利10% | N47: =-(O47/1.09)*0.1 -> -22530903 | O47: 245586838 | X47: 李治仁 | Y47: 18-2层03# | Z47: 315.62 | AA47: 1.4 | AB47: 161281.82 | AC47: 161282 | AE47: 13440 | AF47: 828990 | AG47: 12675.688 | AH47: 1521.0826 | AJ47: 2024.11.24 | AK47: 20240006777 | AN47: 王婷 | AO47: 672087
M48: 主营业务收入 | N48: 2.9805238e+08 | O48: 一期交房开票 | P48: =N48*1.09 -> 3.2487709e+08 | X48: 齐静轩 | Y48: 18-2层04# | Z48: 349.6 | AA48: 1.4 | AB48: 178645.6 | AC48: 178666 | AE48: 14888 | AF48: 971178 | AG48: 14849.817 | AH48: 1781.978 | AJ48: 45548 | AK48: 20240005254 | AM48: 652827199304170023 | AN48: 刘雪薇 | AO48: 800000
M49: 其他业务收入 | N49: 3150970.6 | O49: 租金及储藏间 | X49: 范钦 | Y49: 14-1层15# | Z49: 67.85 | AA49: 2.3 | AB49: 56960.075 | AC49: 56960 | AE49: 4747 | AF49: 170880 | AG49: 4354.7401 | AH49: 522.56881 | AJ49: 2024.10.1 | AK49: 20240005506 | AM49: 41272320001120551X | AN49: 李尚 | AO49: 680000
M50: 营业外收入 | N50: 44567.51 | X50: 唐丹 | Y50: 14-2层15# | Z50: 130.9 | AA50: 1 | AB50: 47778.5 | AC50: 47779 | AE50: 3927 | AF50: 245585 | AG50: 3693.5629 | AH50: 443.22755 | AJ50: 2024.7.13 | AK50: 20240003996 | AM50: 620121199711245316 | AN50: 张志鹏 | AO50: 698000
M51: 主营业务成本 | N51: =-239299308.98 -> -2.3929931e+08 | AG51: =SUM(AG45:AG50) -> 57691.315 | AH51: =SUM(AH45:AH50) -> 6922.9578 | AJ51: 2024.11.7 | AK51: 20240006501 | AN51: 刘楠楠 | AO51: 690000
M52: 税金及附加 | N52: -5706802.9 | AJ52: 2024.10.1 | AK52: 20240005501 | AM52: 62272319991204071X | AN52: 李江成 | AO52: 684000
M53: 销售费用 | N53: -6286898 | AJ53: 2024.10.1 | AK53: 20240005494 | AM53: 610122197106064934 | AN53: 王新峰 | AO53: 664101
M54: 管理费用 | N54: -2363673.3 | AJ54: 2024.10.3 | AK54: 20240005759 | AM54: 622301199806022817 | AN54: 张生财 | AO54: 691000
M55: 财务费用 | N55: -216159.18 | AJ55: 2024.10.4 | AK55: 20240005803 | AM55: 620523199607071111 | AN55: 王瑞鹏 | AO55: 450000
M56: 营业外支出 | N56: -270000 | AJ56: 2024.10.4 | AK56: 20240005800 | AM56: 360521199307125513 | AN56: 黄峰 | AO56: 450000
AJ57: 2024.10.4 | AK57: 20240005820 | AM57: 411024199906245514 | AN57: 陈晓飞 | AO57: 715000
M58: 利润总额 | N58: =SUM(N46:N57) -> 41204822 | AJ58: 2024.10.3 | AK58: 20240005753 | AM58: 652801198711196118 | AN58: 艾合麦提·木库依提 布麦尔艳木·买买提 | AO58: 513350
M59: 需缴纳所得税金 | N59: =N58*0.25 -> 10301206 | AJ59: 2024.11.26 | AK59: 20240006819 | AL59: 抵倪大伟771394 | AM59: 652801199904244213 | AN59: 何文、廖翊帆 | AO59: 632500
M60: 已缴企业所得税 | N60: =1864955.1+4922048.54 -> 6787003.6 | AJ60: 2024.11.11 | AK60: 20240006545 | AL60: 抵倪大伟771404 | AM60: 41072519920310986X | AN60: 吕鹏娜 | AO60: 750000
M61: 实际应交企业所得税 | N61: =N59-N60 -> 3514201.9 | AJ61: 2024.11.16 | AK61: 20240006649 | AM61: 231004198904201848 | AN61: 李锐 | AO61: 730000
AJ62: 2024.10.1 | AK62: 20240005473 | AM62: 412724199205247911 | AN62: 李帅 | AO62: 819000
AJ63: 2024.10.1 | AK63: 20240005456 | AM63: 652822198811100568 | AN63: 王前丽 | AO63: 860255
AJ64: 2024.10.5 | AK64: 20240005865 | AM64: 622425199908302912 | AN64: 车宏伟 | AO64: 755000
AJ65: 2024.8.5 | AK65: 20240004487 | AM65: 61032619980818061X | AN65: 刘航 | AO65: 762419
AJ66: 2024.10.4 | AK66: 20240005814 | AM66: 65280119920508058X | AN66: 张瀚允 | AO66: 766570
AJ67: 2024.10.18 | AK67: 20240006126 | AM67: 650107199103040024 | AN67: 窦风玲 | AO67: 883000
AJ68: 2024.10.1 | AK68: 20240005562 | AM68: 652801199408240512 | AN68: 李孟晗 | AO68: 770000
AJ69: 2024.11.28 | AK69: 20240006864 | AM69: 652823198711092245 | AN69: 邱红 | AO69: 810000
AJ70: 2024.10.1 | AK70: 20240005447 | AM70: 652901199610105213 | AN70: 宋洋 | AO70: 797020
L71: 2.8067795e+08 | AJ71: 2024.11.27 | AK71: 20240006840 | AM71: 370783198602013976 | AN71: 刘传祥 | AO71: 941365
L72: 2767727.5 | AJ72: 2024.10.28 | AK72: 20240006325 | AM72: 210703200004202017 | AN72: 付荣淼 | AO72: 838000
L73: =L71+L72 -> 2.8344567e+08 | M73: 2.8344574e+08 | AJ73: 2024.11.3 | AK73: 20240006415 | AM73: 620421199303225814 | AN73: 武耀帮、李慧萍 | AO73: 862285
M74: =L73-M73 -> -67.25 | N74: 退回手续费 | AJ74: 2024.11.15 | AK74: 20240006617 | AM74: 652801199801011118 | AN74: 喻强 | AO74: 859139
AJ75: 2024.11.15 | AK75: 20240006618 | AM75: 659001199705312415 | AN75: 万新辉 | AO75: 805990
AJ76: 2024.10.18 | AK76: 20240006190 | AM76: 652822198312080021 | AN76: 周小艳 衡澳 要退 | AO76: 865751
AJ77: 2024.10.1 | AK77: 20240005546 | AM77: 411381200007113031 | AN77: 赵建设 | AO77: 840888
AJ78: 2024.11.9 | AK78: 20240006521 | AM78: 652301198608256410 | AN78: 王明利 | AO78: 886756
AJ79: 2024.10.1 | AK79: 20240005557 | AM79: 500102199703291367 | AN79: 周瑶 | AO79: 820980
AJ80: 2024.10.26 | AK80: 20240005654 | AM80: 411503199406183316 | AN80: 张明旺 | AO80: 870000
AJ81: 2024.10.4 | AK81: 20240005780 | AM81: 652829199703170013 | AN81: 那木巴图 | AO81: 854247
AJ82: 2024.11.6 | AK82: 20240006475 | AM82: 65280119530405053X | AN82: 何自将 胡胜国 退 | AO82: 972289
AJ83: 2024.10.1 | AK83: 20240005587 | AM83: 652801198907010514 | AN83: 吕超 | AO83: 660000
AJ84: 45539 | AK84: 20240005079 | AM84: 622727199705102629 | AN84: 李互生 | AO84: 670481
AJ85: 2024.10.3 | AK85: 20240005742 | AM85: 652801196810200064 | AN85: 尹桂云 | AO85: 680000
AJ86: 2024.8.23 | AK86: 20240004830 | AM86: 320322199002164026 | AN86: 周真真 | AO86: 690000
AJ87: 2024.11.19 | AK87: 20240006700 | AM87: 511381200201051552 | AN87: 涂建伟 | AO87: 705000
AJ88: 2024.10.1 | AK88: 20240005482 | AM88: 412724198606296429 | AN88: 任风丽 | AO88: 670000
AJ89: 2024.10.8 | AK89: 20240005944 | AM89: 142729198504114213 | AN89: 孙帅 | AO89: 648120
AJ90: 2024.8.7 | AK90: 20240004547 | AM90: 65282919771223152X | AN90: 宏格尔 | AO90: 680000
AJ91: 2024.11.11 | AK91: 20240006533 | AM91: 511324198103174527 | AN91: 吕双菊 | AO91: 690000
AJ92: 2024.10.4 | AK92: 20240005722 | AM92: 62242619891225314X | AN92: 田雪莉 | AO92: 680000
AJ93: 2024.10.5 | AK93: 20240005923 | AM93: 220702200103041218 | AN93: 刘然 | AO93: 707040
AJ94: 2024.10.26 | AK94: 20240006294 | AM94: 622226197310300513 | AN94: 杨俊涛 | AO94: 697000
AJ95: 2024.10.1 | AK95: 20240005540 | AM95: 410425199511206016 | AN95: 程文豪 | AO95: 690000
AJ96: 2024.10.1 | AK96: 20240005552 | AM96: 650104197504243334 | AN96: 石海江 | AO96: 716438
... AJ100: 2024.10.5 | AK100: 20240005848 | AM100: 610523198304022017 | AN100: 王磊 成交 李宜璇 退 王小红 退 | AO100: 1211385
AJ101: 2024.12.25 | AK101: 20240007440 | AL101: 0000932 | AM101: 62012119790907631X | AN101: 蒋永祥 成交 | AO101: 5265780
AJ102: 2024.11.22 | AK102: 20240007405 | AL102: 0000995 | AM102: 120112198111200019 | AN102: 刘志鹏 胡胜国 退 | AO102: 1950000
AJ103: 2024.12.5 | AK103: 20240006995 | AM103: 652829200302271013 | AN103: 杜逸心 | AO103: 658224
AJ104: 2024.12.30 | AK104: 20240007530 | AM104: 350305199901232319 | AN104: 林银峰 | AO104: 660000
AJ105: 2024.12.14 | AK105: 20240007184 | AN105: 沈梦琦 | AO105: 454463
AJ106: 2024.12.21 | AK106: 20240007366 | AM106: 652829199808061616 | AN106: 阿斯尔 | AO106: 770000
AJ107: 2024.9.7 | AK107: 20240005154 | AM107: 652822199612310022 | AN107: 蒋艺媛 | AO107: 805000
...

Sheet 画堂春锦13#14#15#17#18# 商铺
A1: 13#14#15#17#18#楼商铺销售明细表 共二层
A2: 序号 | B2: 成交 | C2: 合同签订日期 | D2: 合同号 | E2: 订购书编号 | F2: 身份证号 | G2: 姓名 | H2: 楼号 | I2: 楼层 | J2: 房号 | K2: 开发面积 | L2: 销售面积 | M2: 单价 | N2: 总价 | O2: 成交底价 | P2: 合同价 | Q2: 发票开具 | T2: 本月成 交额 | U2: 成交时间 | V2: 会员编号 | W2: 置业顾问 | X2: 缴款金额 | AL2: 收款合计 | AM2: 本月 到账贷款 | AN2: 到帐贷款 | AO2: 应收款 | AP2: 联系电话 | AQ2: 备注 | AT2: 套奖付款合计 | AU2: 套奖付款2022.8 | AV2: 套奖付款2023.2 | AW2: 套奖付款2023.3 | AX2: 套奖付款2023.4 | AY2: 套奖付款2023.5 | AZ2: 套奖付款2023.6 | BA2: 套奖转定付款2023.6 | BB2: 套奖转定付款2023.9 | BC2: 佣金付款合计 | BD2: 佣金点数 | BE2: 佣金付款2023.7 | BF2: 佣金付款2023.8 | BG2: 佣金付款2023.9 | BH2: 佣金付款2023.10 | BI2: 佣金付款2023.11 | BJ2: 佣金付款2023.12 | BK2: 佣金付款2024.1 | BL2: 佣金付款2024.2 | BM2: 佣金付款2024.3 | BN2: 佣金付款2024.4 | BO2: 佣金付款2024.5 | BP2: 佣金付款2024.6 | BQ2: 佣金付款2024.7 | BR2: 佣金付款2024.8 | BS2: 佣金付款2024.9 | BT2: 佣金付款2024.10 | BU2: 佣金付款2024.11 | BV2: 佣金付款2024.12 | BX2: 佣金 | BZ2: 印花税 | CA2: 房源系统 | CC2: 需扣回
Q3: 金额 | R3: 票号 | X3: 一 | Y3: 时间 | Z3: 二 | AA3: 时间 | AB3: 三 | AC3: 时间 | AD3: 四 | AE3: 时间 | AF3: 五 | AG3: 时间 | AH3: 六 | AI3: 时间 | AJ3: 七 | AK3: 时间 | AQ3: 销售 | AR3: 租赁（22 年回本日租金） | AS3: 抵账
A4: 1 | C4: 2024.10.1 | D4: 20240005549 | F4: 412724197310186410 | G4: 孙光立、王俊丽 | H4: 13号楼 | I4: 1层 | J4: 01 | K4: 68.42 | L4: 68.42 | M4: 20868.5 | N4: 1427823 | O4: 22746.96 | Q4: 1309929.4 | R4: 24652000000066175913 | S4: 2024.11.4 | W4: 李福晴 | X4: 10000 | Y4: 45561 | Z4: =1060000+57823 -> 1117823 | AA4: 2024.10.1 | AB4: 300000 | AC4: 2024.11.4 | AL4: =X4+Z4+AB4+AD4+AF4+AH4+AJ4 -> 1427823 | AO4: =N4-AL4 -> 0 | AP4: 13579043254 | AT4: =AU4+AV4+AW4+AX4+AY4+AZ4+BA4+BB4 -> 400 | AU4: =200 -> 200 | AV4: 200 | BC4: =SUM(BE4:BW4) -> 1427823 | BD4: =1%+0.18%+0.2% -> 0.0138 | BU4: 1427823 | BZ4: 已交
A5: 2 | C5: 45401 | D5: 20240002187 | E5: 0001089 | F5: 511181199106300024 | G5: 张愫 | I5: 1层 | J5: 02 | K5: 68.42 | L5: 68.42 | M5: 22700 | N5: 1553134 | O5: 22651.12 | Q5: 1424893.6 | R5: 24652000000070816808 | S5: 2024.11.22 | W5: 闫金秀 | X5: 100000 | Y5: 2024.4.11 | Z5: 683134 | AA5: 2024.4.19 | AB5: 770000 | AC5: 2024.5.20 | AL5: =X5+Z5+AB5+AD5+AF5+AH5+AJ5 -> 1553134 | AO5: =N5-AL5 -> 0 | AP5: 18609962209 | AT5: =AU5+AV5+AW5+AX5+AY5+AZ5+BA5+BB5 -> 400 | AU5: =200 -> 200 | AX5: 200 | BC5: =SUM(BE5:BW5) -> 1553134 | BD5: =1%+0.2% -> 0.012 | BO5: 1553134 | BZ5: 已交 | CA5: 已录
A6: 3 | C6: 2024.10.1 | D6: 20240005511 | E6: 0000918 | F6: 413023198401080786 | G6: 刘建云 | I6: 1层 | J6: 03 | K6: 116.65 | L6: 116.65 | M6: 21945.99 | N6: 2560000 | O6: 21618 | W6: 连阵阵 | X6: 50000 | Y6: 45539 | Z6: 800000 | AA6: 45563 | AB6: 1710000 | AC6: 2024.11.25 | AL6: =X6+Z6+AB6+AD6+AF6+AH6+AJ6 -> 2560000 | AO6: =N6-AL6 -> 0 | AP6: 13899099509 | AT6: =AU6+AV6+AW6+AX6+AY6+AZ6+BA6+BB6 -> 0 | BC6: =SUM(BE6:BW6) -> 2560000 | BD6: =1%+0.15%+0.2% -> 0.0135 | BU6: 2560000 | BZ6: 已交
A7: 4 | C7: 2023.12.23 | D7: 20230010576 | E7: 0000613 | F7: 652828200012301150 | G7: 刘忠亮 | I7: 1层 | J7: 04 | K7: 68.42 | L7: 68.42 | M7: 21800 | N7: 1491556 | O7: 21560 | W7: 米云鹤 | X7: 80000 | Y7: 2023.11.26 | Z7: =420000+361556 -> 781556 | AA7: 2023.12.23 | AB7: 100000 | AC7: 2024.1.10 | AD7: 130000 | AE7: 2024.5.12 | AF7: 200000 | AG7: 2024.7.15 | AH7: 200000 | AI7: 2024.7.15 | AL7: =X7+Z7+AB7+AD7+AF7+AH7+AJ7 -> 1491556 | AO7: =N7-AL7 -> 0 | AP7: 17399115251 | AT7: =AU7+AV7+AW7+AX7+AY7+AZ7+BA7+BB7 -> 0 | BC7: =SUM(BE7:BW7) -> 1491556 | BD7: =0.8%+0.13%+0.14% -> 0.0107 | BJ7: 861556 | BQ7: 630000 | BZ7: 已交 | CA7: 已录
A8: 5 | C8: 2024.4.12 | D8: 20240002029 | F8: 622424199011095270 | G8: 何文斌 | I8: 1层 | J8: 05 | K8: 68.42 | L8: 68.42 | M8: 21967.26 | N8: 1503000 | O8: 21960 | W8: 霍红霞 | X8: 20000 | Y8: 2024.3.30 | Z8: 783000 | AA8: 2024.4.12 | AB8: 700000 | AC8: 2024.5.10 | AL8: =X8+Z8+AB8+AD8+AF8+AH8+AJ8 -> 1503000 | AO8: =N8-AL8 -> 0 | AP8: 13150241703 | AT8: =AU8+AV8+AW8+AX8+AY8+AZ8+BA8+BB8 -> 200 | AV8: 200 | BC8: =SUM(BE8:BW8) -> 1503000 | BD8: =1%+0.18%+0.2% -> 0.0138 | BN8: 803000 | BO8: 700000 | BZ8: 已交 | CA8: 已录
A9: 6 | C9: 2023.12.9 | D9: 20230010242 | E9: 0000646 | F9: 652829196210172422 | G9: 彭素莲 成交 | I9: 1层 | J9: 06 | K9: 68.42 | L9: 68.42 | M9: 22500 | N9: 1539450 | O9: 22360 | W9: 李秀莲（彭素莲） | X9: 100000 | Y9: 2023.11.15 | Z9: 909450 | AA9: 2023.11.21 | AB9: 530000 | AC9: 2023.12.9 | AL9: =X9+Z9+AB9+AD9+AF9+AH9+AJ9 -> 1539450 | AO9: =N9-AL9 -> 0 | AT9: =AU9+AV9+AW9+AX9+AY9+AZ9+BA9+BB9 -> 500 | AV9: 200 | BA9: 300 | BC9: =SUM(BE9:BW9) -> 1539450 | BD9: =0.9%+0.13%+0.14% -> 0.0117 | BJ9: 1539450 | BZ9: 已交 | CA9: 已录
A10: 7 | C10: 45200 | D10: 20230008432 | E10: 0000557 | F10: 511011197812255060 | G10: 黄菊春 成交 | I10: 1层 | J10: 07 | K10: 68.42 | L10: 68.42 | M10: 22960.42 | N10: 1570952 | O10: 22760.42 | W10: 王荣（黄菊春） | X10: 30000 | Y10: 2023.9.22 | Z10: 760952 | AA10: 2023.10.7 | AB10: 780000 | AC10: 2024.4.20 | AL10: =X10+Z10+AB10+AD10+AF10+AH10+AJ10 -> 1570952 | AO10: =N10-AL10 -> 0 | AT10: =AU10+AV10+AW10+AX10+AY10+AZ10+BA10+BB10 -> 200 | AV10: 200 | BC10: =SUM(BE10:BW10) -> 1570952 | BD10: =1%+0.18%+0.25% -> 0.0143 | BN10: 1570952 | BZ10: 已交 | CA10: 已录
A11: 8 | C11: 2023.11.6 | D11: 20230009415 | E11: 0000592 | F11: 652801198204135214 | G11: 顾渐 成交 | I11: 1层 | J11: 08 | K11: 68.42 | L11: 68.42 | M11: 23165.74 | N11: 1585000 | O11: 22953.6 | W11: 肖陶丽（顾渐） | X11: 40000 | Y11: 2023.10.21 | Z11: 765000 | AA11: 2023.11.6 | AB11: 780000 | AC11: 2024.3.14 | AL11: =X11+Z11+AB11+AD11+AF11+AH11+AJ11 -> 1585000 | AO11: =N11-AL11 -> 0 | AP11: 15001560586 | AT11: =AU11+AV11+AW11+AX11+AY11+AZ11+BA11+BB11 -> 700 | AV11: =200+200 -> 400 | BA11: 300 | BC11: =SUM(BE11:BW11) -> 1585000 | BD11: =1%+0.2% -> 0.012 | BI11: 805000 | BM11: 780000 | BZ11: 已交 | CA11: 已录
A12: 9 | C12: 2023.12.20 | D12: 20230010496 | E12: 0000665 | F12: 513021197308168093 | G12: 唐自才 成交 | I12: 1层 | J12: 9 | K12: 68.42 | L12: 68.42 | M12: 23346.77 | N12: 1597386 | O12: 23146.77 | V12: 0000170（唐自才） 0000172（唐自才） | W12: （唐自才） | X12: 20000 | Y12: 2023.5.7 | Z12: 80000 | AA12: 2023.6.23 | AB12: =1386+976000 -> 977386 | AC12: 2023.12.20 | AD12: 520000 | AE12: 2024.1.20 | AL12: =X12+Z12+AB12+AD12+AF12+AH12+AJ12 -> 1597386 | AO12: =N12-AL12 -> 0 | AP12: 15276275398 | AT12: =AU12+AV12+AW12+AX12+AY12+AZ12+BA12+BB12 -> 700 | AV12: =200+200 -> 400 | BB12: 300 | BC12: =SUM(BE12:BW12) -> 1597386 | BD12: =1%+0.18%+0.25% -> 0.0143 | BK12: 1597386 | BZ12: 已交 | CA12: 已录
A13: 10 | C13: 2023.10.2 | D13: 20230008488 | E13: 0000578 | F13: 622322199105201849 | G13: 杨尚龙（甄慧琴） | I13: 1层 | J13: 10 | K13: 68.42 | L13: 68.42 | M13: 23830.765 | N13: 1630501 | O13: 23533.12 | V13: 0000206（杨尚龙） | W13: 李秀莲（杨尚龙） | X13: 10000 | Y13: 2023.6.1 | Z13: 90000 | AA13: 2023.6.22 | AB13: 930501 | AC13: 2023.10.7 | AD13: 600000 | AE13: 2023.12.6 | AL13: =X13+Z13+AB13+AD13+AF13+AH13+AJ13 -> 1630501 | AO13: =N13-AL13 -> 0 | AP13: 18299772946 | AT13: =AU13+AV13+AW13+AX13+AY13+AZ13+BA13+BB13 -> 500 | AZ13: 200 | BB13: 300 | BC13: =SUM(BE13:BW13) -> 1630501 | BD13: =1%+0.18%+0.25% -> 0.0143 | BH13: 1030501 | BJ13: 600000 | BZ13: 已交 | CA13: 已录
A14: 11 | C14: 45201 | D14: 20230008484 | E14: 0000579 | F14: 140428199203040425 | G14: 安学强（卫亚丽） | I14: 1层 | J14: 11 | K14: 98.74 | L14: 98.74 | M14: 23801.69 | N14: 2350179 | O14: 23500 | V14: 0000207（安学强） | W14: 李秀莲（安学强） | X14: =10000 -> 10000 | Y14: 2023.6.1 | Z14: 90000 | AA14: 2023.6.22 | AB14: 1100179 | AC14: 2023.10.7 | AD14: 1150000 | AE14: 2023.12.6 | AL14: =X14+Z14+AB14+AD14+AF14+AH14+AJ14 -> 2350179 | AO14: =N14-AL14 -> 0 | AP14: 15235158196 | AT14: =AU14+AV14+AW14+AX14+AY14+AZ14+BA14+BB14 -> 1000 | AU14: 200 | AZ14: 200 | BA14: 300 | BB14: 300 | BC14: =SUM(BE14:BW14) -> 2350179 | BD14: =1%+0.18%+0.25% -> 0.0143 | BH14: 1200179 | BJ14: 1150000 | BZ14: 已交 | CA14: 已录
A15: 12 | C15: 2023.10.2 | D15: 20230008510 | F15: 320321198808273618 | G15: 巩红卫 成交 | I15: 1层 | J15: 12 | K15: 146.3 | L15: 146.3 | M15: 26000 | N15: 3803800 | O15: 25800 | V15: 0000010-13（巩红卫） | W15: 潘亦玹（巩红卫） | X15: 100000 | Y15: 2023.6.22 | Z15: =5000+5000+5000+5000 -> 20000 | AA15: 44751 | AB15: 633800 | AC15: 2023.10.7 | AD15: 1150000 | AE15: 2023.12.1 | AF15: 500000 | AG15: 2024.7.1 | AH15: 200000 | AI15: 2024.8.26 | AJ15: 1200000 | AK15: 2024.11.14 | AL15: =X15+Z15+AB15+AD15+AF15+AH15+AJ15 -> 3803800 | AO15: =N15-AL15 -> 0 | AT15: =AU15+AV15+AW15+AX15+AY15+AZ15+BA15+BB15 -> 1100 | AU15: =200 -> 200 | AV15: =200+200 -> 400 | AW15: 200 | BB15: 300 | BC15: =SUM(BE15:BW15) -> 3803800 | BD15: =1%+0.18%+0.25% -> 0.0143 | BU15: 3803800 | BZ15: 已交 | CA15: 已录
A16: 13 | C16: 2024.3.3 | D16: 2024000115 | F16: 130637200011201811 | G16: 王恒州 成交 | I16: 2层 | J16: 01 | K16: 85.66 | L16: 85.66 | M16: 9777 | N16: 837500 | O16: 9538.71 | W16: 米云鹤 | X16: 35000 | Y16: 2024.3.1 | Z16: 802500 | AA16: 2024.3.1 | AL16: =X16+Z16+AB16+AD16+AF16+AH16+AJ16 -> 837500 | AO16: =N16-AL16 -> 0 | AP16: 13031235925 | AT16: =AU16+AV16+AW16+AX16+AY16+AZ16+BA16+BB16 -> 200 | AY16: 200 | BC16: =SUM(BE16:BW16) -> 837500 | BD16: =1%+0.18%+0.25% -> 0.0143 | BM16: 837500 | BZ16: 已交 | CA16: 已录
A17: 14 | C17: 2024.3.3 | D17: 2024000116 | F17: 130637200011201811 | G17: 王恒州 成交 | I17: 2层 | J17: 02 | K17: 85.66 | L17: 85.66 | M17: 9777 | N17: 837500 | O17: 9612.99 | W17: 米云鹤 | X17: 40000 | Y17: 2024.3.1 | Z17: 797500 | AA17: 2024.3.3 | AL17: =X17+Z17+AB17+AD17+AF17+AH17+AJ17 -> 837500 | AO17: =N17-AL17 -> 0 | AP17: 13031235925 | AT17: =AU17+AV17+AW17+AX17+AY17+AZ17+BA17+BB17 -> 200 | AY17: 200 | BC17: =SUM(BE17:BW17) -> 837500 | BD17: =1%+0.18%+0.25% -> 0.0143 | BM17: 837500 | BZ17: 已交 | CA17: 已录
A18: 15 | E18: 0000741 | F18: 65282719771006362X | G18: 梁凌芳 | I18: 2层 | J18: 03 | K18: 140.95 | L18: 140.95 | M18: 9252.7 | N18: 1304168 | O18: 8790.78 | W18: 王荣 | X18: 50000 | Y18: 2024.10.10 | AL18: =X18+Z18+AB18+AD18+AF18+AH18+AJ18 -> 50000 | AO18: =N18-AL18 -> 1254168 | AP18: 18083992128 | AT18: =AU18+AV18+AW18+AX18+AY18+AZ18+BA18+BB18 -> 0 | BC18: =SUM(BE18:BW18) -> 0 | BD18: =1%+0.18%+0.2% -> 0.0138
A19: 16 | E19: 0000740 | F19: 65282719771006362X | G19: 梁凌芳 | I19: 2层 | J19: 04 | K19: 85.66 | L19: 85.66 | M19: 10224.52 | N19: 875832 | O19: 9762.52 | W19: 王荣 | X19: 50000 | Y19: 2024.10.10 | Z19: 25000 | AA19: 2024.11.29 | AL19: =X19+Z19+AB19+AD19+AF19+AH19+AJ19 -> 75000 | AO19: =N19-AL19 -> 800832 | AP19: 18083992128 | AT19: =AU19+AV19+AW19+AX19+AY19+AZ19+BA19+BB19 -> 0 | BC19: =SUM(BE19:BW19) -> 0 | BD19: =1%+0.18%+0.2% -> 0.0138
A20: 17 | C20: 2024.11.4 | D20: 20240006442 | E20: 0000747 | F20: 320321198002133624 | G20: 李红艳 | I20: 2层 | J20: 05 | K20: 85.66 | L20: 85.66 | M20: 9600 | N20: 822336 | O20: 9837.28 | P20: 破底不提佣 | W20: 张玉琴 | X20: 10000 | Y20: 2024.10.28 | Z20: 402336 | AA20: 2024.11.4 | AB20: 410000 | AC20: 2024.11.20 | AL20: =X20+Z20+AB20+AD20+AF20+AH20+AJ20 -> 822336 | AO20: =N20-AL20 -> 0 | AP20: 18799857500 | AT20: =AU20+AV20+AW20+AX20+AY20+AZ20+BA20+BB20 -> 0 | BC20: =SUM(BE20:BW20) -> 822336 | BD20: =1%+0.15%+0.2%+0.03% -> 0.0138 | BU20: 822336 | BZ20: 已交
A21: 18 | C21: 2024.11.5 | D21: 20240006451 | E21: 0000748 | F21: 320321198002133624 | G21: 李红艳 | I21: 2层 | J21: 06 | K21: 85.66 | L21: 85.66 | M21: 9600 | N21: 822336 | O21: 9912.04 | P21: 破底不提佣 | W21: 张玉琴 | X21: 10000 | Y21: 2024.10.28 | Z21: 402336 | AA21: 2024.11.5 | AB21: 410000 | AC21: 2024.11.20 | AL21: =X21+Z21+AB21+AD21+AF21+AH21+AJ21 -> 822336 | AO21: =N21-AL21 -> 0 | AP21: 18799857500 | AT21: =AU21+AV21+AW21+AX21+AY21+AZ21+BA21+BB21 -> 0 | BC21: =SUM(BE21:BW21) -> 822336 | BD21: =1%+0.15%+0.2%+0.03% -> 0.0138 | BU21: 822336 | BZ21: 已交
A22: 19 | E22: 0000993 | F22: 652801197904111120 | G22: 柳继芳 | I22: 2层 | J22: 07 | K22: 85.66 | L22: 85.66 | M22: 10273.17 | N22: 880000 | O22: 9986.8 | W22: 王荣 | X22: 50000 | Y22: 2024.11.19 | Z22: 700000 | AA22: 2024.11.26 | AB22: 70000 | AC22: 2024.11.27 | AD22: 60000 | AE22: 2024.11.29 | AL22: =X22+Z22+AB22+AD22+AF22+AH22+AJ22 -> 880000 | AO22: =N22-AL22 -> 0 | AP22: 13699339119 | AT22: =AU22+AV22+AW22+AX22+AY22+AZ22+BA22+BB22 -> 0 | BC22: =SUM(BE22:BW22) -> 0 | BD22: =1%+0.13%+0.25% -> 0.0138
A23: 20 | C23: 2024.10.10 | D23: 20240006011 | E23: 0000719 | F23: 620121198508167215 | G23: 苏生宝 | I23: 2层 | J23: 08 | K23: 85.66 | L23: 85.66 | M23: 9922.95 | N23: 850000 | O23: 10061.56 | W23: 霍红霞 | X23: =25000 -> 25000 | Y23: 2024.9.24 | Z23: 45000 | AA23: 2024.10.5 | AB23: 435000 | AC23: 2024.10.10 | AD23: 345000 | AE23: 2024.10.24 | AL23: =X23+Z23+AB23+AD23+AF23+AH23+AJ23 -> 850000 | AO23: =N23-AL23 -> 0 | AP23: 18106415251 | AT23: =AU23+AV23+AW23+AX23+AY23+AZ23+BA23+BB23 -> 0 | BC23: =SUM(BE23:BW23) -> 850000 | BD23: =1%+0.2% -> 0.012 | BU23: 850000 | BZ23: 已交
A24: 21 | C24: 2024.10.5 | D24: 20240005853 | E24: 0000718 | F24: 620121198508167215 | G24: 苏生宝 | I24: 2层 | J24: 09 | K24: 85.66 | L24: 85.66 | M24: 9922.95 | N24: 850000 | O24: 10086 | Q24: 779816.51 | R24: 24652000000060788691 | S24: 45582 | W24: 霍红霞 | X24: =25000+50000 -> 75000 | Y24: 2024.9.24 | Z24: 225000 | AA24: 2024.10.1 | AB24: 125000 | AC24: 2024.10.5 | AD24: 425000 | AE24: 2024.10.24 | AL24: =X24+Z24+AB24+AD24+AF24+AH24+AJ24 -> 850000 | AO24: =N24-AL24 -> 0 | AP24: 18106415251 | AT24: =AU24+AV24+AW24+AX24+AY24+AZ24+BA24+BB24 -> 0 | BC24: =SUM(BE24:BW24) -> 850000 | BD24: =1%+0.2% -> 0.012 | BU24: 850000 | BZ24: 已交
A25: 22 | B25: 1 | F25: 652801198709101625 | G25: 万军 刘钦 | I25: 2层 | J25: 10 | K25: 85.66 | L25: 85.66 | M25: 9800 | N25: 839468 | O25: 10116 | T25: =10000+10000 -> 20000 | U25: 2024.12.4 | W25: 潘亦玹 闫金秀 | X25: 10000 | Y25: 2024.12.4 | Z25: 10000 | AA25: 2024.12.20 | AL25: =X25+Z25+AB25+AD25+AF25+AH25+AJ25 -> 20000 | AO25: =N25-AL25 -> 819468 | AP25: 18699663603 | AQ25: 华为p70 | AT25: =AU25+AV25+AW25+AX25+AY25+AZ25+BA25+BB25 -> 0 | BC25: =SUM(BE25:BW25) -> 0 | BD25: =0.8%+0.18%+0.25%+0.03% -> 0.0126
A26: 23 | I26: 2层 | J26: 11 | K26: 306.78 | O26: 9957 | AL26: =X26+Z26+AB26+AD26+AF26+AH26+AJ26 -> 0 | AT26: =AU26+AV26+AW26+AX26+AY26+AZ26+BA26+BB26 -> 0 | BC26: =SUM(BE26:BW26) -> 0
A27: 24 | H27: 14号楼 | I27: -1层 | J27: 1 | K27: 976.47 | O27: 4550
G28: 小区配电室 | I28: -1层 | J28: 2 | K28: 524.4 | M28: 为小区服务功能区
G29: 柴油发电机房 | I29: -1层 | J29: 3 | K29: 152.79
G30: 排烟井1 | I30: -1层 | J30: 4 | K30: 15.25
G31: 排烟井2 | I31: -1层 | J31: 5 | K31: 16.01
A32: 25 | C32: 45524 | D32: 20240004769 | E32: 0000941 | F32: 652823198709093329 | G32: 朱星星、马江伟 | I32: 1层 | J32: 1 | K32: 106.72 | L32: 106.72 | M32: =N32/L32 -> 26567.654 | N32: 2835300 | O32: 26000 | T32: 100000 | U32: 2024.12.2 | W32: 连阵阵 | X32: 50000 | Y32: 2024.6.25 | Z32: 1785300 | AA32: 2024.8.20 | AB32: 100000 | AC32: 2024.12.2 | AL32: =X32+Z32+AB32+AD32+AF32+AH32+AJ32 -> 1935300 | AO32: =N32-AL32 -> 900000 | AP32: 15099260585 | AT32: =AU32+AV32+AW32+AX32+AY32+AZ32+BA32+BB32 -> 800 | AU32: =200+200+200 -> 600 | AV32: 200 | BC32: =SUM(BE32:BW32) -> 0 | BD32: =1%+0.18%+0.25% -> 0.0143 | BZ32: 已交
A33: 26 | C33: 45398 | D33: 20240002095 | E33: 0000644 | F33: 410926197305292069 | G33: 董梅荣 | I33: 1层 | J33: 2 | K33: 103.64 | L33: 103.64 | M33: 23806.27 | N33: 2467282 | O33: 23806.26 | W33: 王荣 | X33: 100000 | Y33: 2023.11.13 | Z33: 400000 | AA33: 2024.3.11 | AB33: 743470 | AC33: 2024.4.15 | AD33: 1240000 | AE33: 2024.5.22 | AL33: =X33+Z33+AB33+AD33+AF33+AH33+AJ33 -> 2483470 | AO33: =N33-AL33 -> -16188 | AP33: 18160288656 | AT33: =AU33+AV33+AW33+AX33+AY33+AZ33+BA33+BB33 -> 200 | AU33: =200 -> 200 | BC33: =SUM(BE33:BW33) -> 2483470 | BD33: =1%+0.13%+0.14% -> 0.0127 | BN33: 1243470 | BO33: 1240000 | BZ33: 已交 | CA33: 已录
A34: 27 | C34: 45202 | D34: 202300008542 | E34: 0000664 | F34: 500225198808217396 | G34: 易章波（易高才） | I34: 1层 | J34: 3 | K34: 68.28 | L34: 68.28 | M34: 23776.41 | N34: 1623454 | O34: 23422.22 | W34: 王荣（易高才） | X34: 100000 | Y34: 2023.8.28 | Z34: =270000+453915 -> 723915 | AA34: 2023.10.3 | AB34: 810000 | AC34: 2024.1.31 | AL34: =X34+Z34+AB34+AD34+AF34+AH34+AJ34 -> 1633915 | AO34: =N34-AL34 -> -10461 | AP34: 13565767398 | AT34: =AU34+AV34+AW34+AX34+AY34+AZ34+BA34+BB34 -> 800 | AU34: 200 | AW34: 200 | AY34: =200+200 -> 400 | BC34: =SUM(BE34:BW34) -> 1633915 | BD34: =1%+0.18%+0.25% -> 0.0143 | BK34: 1633915 | BZ34: 已交 | CA34: 已录
A35: 28 | C35: 45198 | D35: 20230008210 | E35: 0000577 | F35: 512929197302241439 | G35: 张龙凤 成交 | I35: 1层 | J35: 4 | K35: 68.28 | L35: 68.28 | M35: 23428.405 | N35: 1610000 | O35: 23229.92 | V35: 0000220 | W35: 霍红霞 | X35: 300000 | Y35: 2023.8.30 | Z35: =115000+75000 -> 190000 | AA35: 2023.9.29 | AB35: 210000 | AC35: 2023.12.17 | AD35: 630000 | AE35: 2024.5.31 | AF35: 280000 | AG35: 2024.6.1 | AL35: =X35+Z35+AB35+AD35+AF35+AH35+AJ35 -> 1610000 | AO35: =N35-AL35 -> 0 | AP35: 18999626053 | AT35: =AU35+AV35+AW35+AX35+AY35+AZ35+BA35+BB35 -> 400 | AV35: 200 | AZ35: 200 | BC35: =SUM(BE35:BW35) -> 1610000 | BD35: =1%+0.18%+0.25% -> 0.0143 | BP35: 1610000 | BZ35: 已交 | CA35: 已录
A36: 29 | C36: 45204 | D36: 20230008684 | E36: 00000610 | F36: 652824198309201446 | G36: 孔小宁（孔令强） | I36: 1层 | J36: 5 | K36: 68.28 | L36: 68.28 | M36: 23333.77 | N36: 1603497 | O36: 23133.77 | V36: 0000208（孔令强） | W36: 王荣（孔令强） | X36: 10000 | Y36: 2022-7-20 2023.6.13 | Z36: 90000 | AA36: 2023.6.22 | AB36: 1503497 | AC36: 2023.10.3 | AL36: =X36+Z36+AB36+AD36+AF36+AH36+AJ36 -> 1603497 | AO36: =N36-AL36 -> 0 | AP36: 19990631707 | AT36: =AU36+AV36+AW36+AX36+AY36+AZ36+BA36+BB36 -> 500 | AW36: 200 | BB36: 300 | BC36: =SUM(BE36:BW36) -> 1603497 | BD36: =1%+0.18%+0.25% -> 0.0143 | BH36: 1603497 | BZ36: 已交 | CA36: 已录
A37: 30 | C37: 2023.10.5 | D37: 20230008648 | E37: 0000586 | F37: 411330199111100067 | G37: 贾志丽 | I37: 1层 | J37: 6 | K37: 60.15 | L37: 60.15 | M37: 23000 | N37: 1383450 | O37: 22747.48 | W37: 霍红霞（贾志丽） | X37: 100000 | Y37: 2023.10.5 | Z37: 612420 | AA37: 2023.10.5 | AB37: 500000 | AC37: 2023.10.30 | AD37: 180000 | AE37: 2023.11.25 | AL37: =X37+Z37+AB37+AD37+AF37+AH37+AJ37 -> 1392420 | AO37: =N37-AL37 -> -8970 | AP37: 18799850653 | AT37: =AU37+AV37+AW37+AX37+AY37+AZ37+BA37+BB37 -> 400 | AV37: 200 | AX37: 200 | BC37: =SUM(BE37:BW37) -> 1392420 | BD37: =1%+0.18%+0.2% -> 0.0138 | BI37: 1392420 | BZ37: 已交 | CA37: 已录
A38: 31 | C38: 45370 | D38: 20240001485 | E38: 0000608 | F38: 320321198702194233 | G38: 张磊磊 | I38: 1层 | J38: 7 | K38: 71.53 | L38: 71.53 | M38: 23600.01 | N38: 1688109 | O38: 23516.91 | V38: 0000217 | W38: 连阵阵 | X38: 60000 | Y38: 2023.7.8 | Z38: 40000 | AA38: 2023.9.29 | AB38: 1000000 | AC38: 2023.12.26 | AD38: 500000 | AE38: 2024.4.29 | AF38: 20000 | AG38: 2024.6.6 | AH38: 78965 | AI38: 2024.7.5 | AL38: =X38+Z38+AB38+AD38+AF38+AH38+AJ38 -> 1698965 | AO38: =N38-AL38 -> -10856 | AP38: 18109967333 | AT38: =AU38+AV38+AW38+AX38+AY38+AZ38+BA38+BB38 -> 500 | AW38: 200 | BA38: 300 | BC38: =SUM(BE38:BW38) -> 1698965 | BD38: =1%+0.18%+0.25% -> 0.0143 | BQ38: 1698965 | BZ38: 已交 | CA38: 已录
A39: 32 | C39: 45204 | D39: 20230008670 | E39: 0000609 | F39: 411322199105104512 | G39: 马威 | I39: 1层 | J39: 8 | K39: 68.28 | L39: 68.28 | M39: 24000 | N39: 1638720 | O39: 23710.67 | V39: 0000201（马威） 0000202（马威） | W39: 连阵阵（马威） | X39: =10000+10000 -> 20000 | Y39: 2023.5.24 | Z39: 80000 | AA39: 2023.6.25 | AB39: =947000+2280 -> 949280 | AC39: 2023.10.5 | AD39: 600000 | AE39: 2023.12.4 | AL39: =X39+Z39+AB39+AD39+AF39+AH39+AJ39 -> 1649280 | AO39: =N39-AL39 -> -10560 | AP39: 15899027167 | AT39: =AU39+AV39+AW39+AX39+AY39+AZ39+BA39+BB39 -> 500 | AV39: 200 | BB39: 300 | BC39: =SUM(BE39:BW39) -> 1649280 | BD39: =1%+0.18%+0.25% -> 0.0143 | BJ39: 1649280 | BZ39: 已交 | CA39: 已录
A40: 33 | C40: 2024.10.1 | D40: 20240005488 | E40: 抵账高2964114 | F40: 320321197012203660 | G40: 巩凤华 | I40: 1层 | J40: 9 | K40: 121.98 | L40: 121.98 | M40: 24300 | N40: 2964114 | O40: 22881 | Q40: 2719370.6 | R40: 24652000000058991006 | S40: 45576 | X40: =1500000 -> 1500000 | Y40: 2024.10.1 | Z40: 1488900 | AA40: 2024.10.4 | AL40: =X40+Z40+AB40+AD40+AF40+AH40+AJ40 -> 2988900 | AO40: =N40-AL40 -> -24786 | AP40: 18999606611 | AT40: =AU40+AV40+AW40+AX40+AY40+AZ40+BA40+BB40 -> 200 | AV40: 200 | BC40: =SUM(BE40:BW40) -> 0 | BZ40: 已交
A41: 34 | C41: 2024.12.25 | D41: 20240007440 | E41: 0000932 | F41: 62012119790907631X | G41: 蒋永祥 成交 | I41: 1层 | J41: 10 | K41: 206.2 | L41: 206.2 | M41: 25537.24 | N41: 5265780 | O41: 26000 | P41: 破底不提佣 | T41: 650000 | U41: 2024.12.24 | W41: 霍红霞 | X41: 50000 | Y41: 2024.6.14 | Z41: 300000 | AA41: 2024.8.25 | AB41: 650000 | AC41: 2024.12.24 | AL41: =X41+Z41+AB41+AD41+AF41+AH41+AJ41 -> 1000000 | AO41: =N41-AL41 -> 4265780 | AP41: 18196458777 | AT41: =AU41+AV41+AW41+AX41+AY41+AZ41+BA41+BB41 -> 500 | AV41: 200 | BA41: 300 | BC41: =SUM(BE41:BW41) -> 0 | BD41: =1%+0.25% -> 0.0125 | BZ41: 已交
A42: 35 | C42: 45527 | D42: 20240004826 | F42: 652824198703181121 | G42: 梁杨敏芝、张嘉恒（18-2-1/2换房来） | I42: 1层 | J42: 11 | K42: 178.05 | L42: 178.05 | M42: 25669.65 | N42: 4570480 | O42: 25669.645 | W42: 张玉琴 | X42: =100000+100000 -> 200000 | Y42: 2023.7.27 | Z42: 500000 | AA42: 2023.9.30 | AB42: 300000 | AC42: 2023.10.30 | AD42: 200000 | AE42: 2023.11.25 | AF42: 300000 | AG42: 2023.12.30 | AH42: 100000 | AI42: 2024.1.24 | AJ42: =300000+400000+300000+2000000 -> 3000000 | AK42: 2024.8.15 2024.9.25 | AL42: =X42+Z42+AB42+AD42+AF42+AH42+AJ42 -> 4600000 | AO42: =N42-AL42 -> -29520 | AP42: 18099969889 | AT42: =AU42+AV42+AW42+AX42+AY42+AZ42+BA42+BB42 -> 0 | BC42: =SUM(BE42:BW42) -> 4600000 | BD42: 0.0138 | BR42: 2300000 | BS42: 2300000 | BZ42: 已交
A43: 36 | C43: 2023.10.4 | D43: 20230008587 | E43: 0000585 | F43: 510902197112018349 | G43: 李玉华 | I43: 1层 | J43: 12 | K43: 63.93 | L43: 63.93 | M43: 20000 | N43: 1278600 | O43: 19919.88 | V43: 0000211（李玉华） | W43: 肖陶丽（李玉华） | X43: =10000 -> 10000 | Y43: 2023.6.17 | Z43: 90000 | AA43: 2023.6.22 | AB43: 550000 | AC43: 2023.10.8 | AD43: 200000 | AE43: 2023.12.27 | AF43: 390000 | AG43: 2024.3.27 | AH43: 46800 | AI43: 2024.3.29 | AL43: =X43+Z43+AB43+AD43+AF43+AH43+AJ43 -> 1286800 | AO43: =N43-AL43 -> -8200 | AP43: 18999613918 | AT43: =AU43+AV43+AW43+AX43+AY43+AZ43+BA43+BB43 -> 900 | AW43: 200 | AY43: 200 | AZ43: 200 | BB43: 300 | BC43: =SUM(BE43:BW43) -> 1286800 | BD43: 0.012 | BM43: 1286800 | BZ43: 已交 | CA43: 已录 | CE43: 4800
A44: 37 | C44: 45201 | D44: 20230008471 | E44: 0000572 | F44: 652801199808211622 | G44: 刘泽娇 | I44: 1层 | J44: 13 | K44: 63.93 | L44: 63.93 | M44: 20027.58 | N44: 1288575 | O44: 19827.58 | V44: 0000075（刘泽娇） | W44: 王荣（刘泽娇） | X44: 5000 | Y44: 44780 | Z44: 95000 | AA44: 2023.6.22 | AB44: 548575 | AC44: 2023.10.7 | AD44: 640000 | AE44: 2023.12.22 | AL44: =X44+Z44+AB44+AD44+AF44+AH44+AJ44 -> 1288575 | AO44: =N44-AL44 -> 0 | AP44: 15299373632 | AT44: =AU44+AV44+AW44+AX44+AY44+AZ44+BA44+BB44 -> 500 | AW44: 200 | BB44: 300 | BC44: =SUM(BE44:BW44) -> 1288575 | BD44: 0.0143 | BJ44: 1288575 | BZ44: 已交 | CA44: 已录 | CE44: 17063.333
A45: 38 | C45: 2024.11.22 | D45: 20240007405 | E45: 0000995 | F45: 120112198111200019 | G45: 刘志鹏 胡胜国 退 | I45: 1层 | J45: 14 | K45: 112.41 | L45: 112.41 | M45: 17347.21 | N45: 1950000 | O45: 16848 | T45: 1090000 | U45: 2024.12.24 | W45: 张玉琴 刘思汉 | X45: =30000-30000 -> 0 | Y45: 45561 | Z45: 20000 | AA45: 2024.11.22 | AB45: 1090000 | AC45: 2024.12.24 | AL45: =X45+Z45+AB45+AD45+AF45+AH45+AJ45 -> 1110000 | AO45: =N45-AL45 -> 840000 | AP45: 13920917173 | AT45: =AU45+AV45+AW45+AX45+AY45+AZ45+BA45+BB45 -> 0 | BC45: =SUM(BE45:BW45) -> 1110000 | BD45: =1%+0.18%+0.25%+0.03% -> 0.0146 | BV45: 1110000 | BX45: =BV45*BD45 -> 16206 | BZ45: 已交
A46: 39 | C46: 2024.10.1 | D46: 20240005606 | E46: 0001087 | F46: 652801200110273712 | G46: 牛燕 | I46: 1层 | J46: 15 | K46: 67.42 | L46: 67.42 | M46: 17479.73 | N46: 1178483 | O46: 17470.41 | Q46: 1081177.1 | R46: 24652000000063048097 | S46: 45590 | W46: 肖陶丽 | X46: 20000 | Y46: 2024.8.30 | Z46: 376000 | AA46: 45553 | AB46: 590000 | AC46: 2024.10.31 | AL46: =X46+Z46+AB46+AD46+AF46+AH46+AJ46 -> 986000 | AO46: =N46-AL46 -> 192483 | AP46: 15739818996 | AT46: =AU46+AV46+AW46+AX46+AY46+AZ46+BA46+BB46 -> 200 | AV46: 200 | BC46: =SUM(BE46:BW46) -> 0 | BD46: 0.0125 | BZ46: 已交 | CE46: 5148
A47: 40 | C47: 2024.4.4 | D47: 20240001898 | E47: 0000846 | F47: 652801198311290025 | G47: 胡杨 | I47: 1层 | J47: 16 | K47: 110.21 | L47: 110.21 | M47: 17100 | N47: 1896732 | O47: 17100 | W47: 肖陶丽 | X47: 100000 | Y47: 2024.3.27 | Z47: 290000 | AA47: 2024.4.1 | AB47: 810000 | AC47: 2024.4.1 | AD47: 6732 | AE47: 2024.4.4 | AF47: 690000 | AG47: 2024.5.17 | AL47: =X47+Z47+AB47+AD47+AF47+AH47+AJ47 -> 1896732 | AO47: =N47-AL47 -> 0 | AP47: 15199929062 | AT47: =AU47+AV47+AW47+AX47+AY47+AZ47+BA47+BB47 -> 0 | BC47: =SUM(BE47:BW47) -> 1896732 | BD47: =1%+0.2% -> 0.012 | BO47: 1896732 | BZ47: 已交 | CA47: 已录 | CE47: 5720
A48: 41 | C48: 45203 | D48: 20230008599 | E48: 0000637 | F48: 410621197812180063 | G48: 张江莉（郜艺博） | I48: 1层 | J48: 17 | K48: 50.88 | L48: 50.88 | M48: 17965.24 | N48: 914072 | O48: 17813.85 | W48: 李秀莲 | X48: 50000 | Y48: 2023.9.30 | Z48: =860000+10000 -> 870000 | AA48: 2023.10.3 | AL48: =X48+Z48+AB48+AD48+AF48+AH48+AJ48 -> 920000 | AO48: =N48-AL48 -> -5928 | AP48: 18299830920 | AT48: =AU48+AV48+AW48+AX48+AY48+AZ48+BA48+BB48 -> 0 | BC48: =SUM(BE48:BW48) -> 920000 | BD48: =1%+0.18%+0.25% -> 0.0143 | BH48: 920000 | BZ48: 已交 | CA48: 已录 | CE48: 6520.8
A49: 42 | C49: 45203 | D49: 20230008608 | E49: 0000640 | F49: 410526201008210976 | G49: 郜艺博（张江莉） | I49: 1层 | J49: 18 | K49: 50.88 | L49: 50.88 | M49: 18121.46 | N49: 922020 | O49: 17998.45 | W49: 李秀莲 | X49: 50000 | Y49: 2023.9.30 | Z49: 418000 | AA49: 2023.10.3 | AB49: 460000 | AC49: 2024.1.1 | AL49: =X49+Z49+AB49+AD49+AF49+AH49+AJ49 -> 928000 | AO49: =N49-AL49 -> -5980 | AP49: 13667531562 | AT49: =AU49+AV49+AW49+AX49+AY49+AZ49+BA49+BB49 -> 0 | BC49: =SUM(BE49:BW49) -> 928000 | BD49: =1%+0.18%+0.25% -> 0.0143 | BH49: 468000 | BK49: 460000 | BZ49: 已交 | CA49: 已录 | CE49: 5750
A50: 43 | I50: 1层 | J50: 19 | K50: 102.97 | O50: 16840.75 | AL50: =X50+Z50+AB50+AD50+AF50+AH50+AJ50 -> 0 | AT50: =AU50+AV50+AW50+AX50+AY50+AZ50+BA50+BB50 -> 0 | BC50: =SUM(BE50:BW50) -> 0 | CE50: 8580
A51: 44 | C51: 45533 | D51: 20240004964 | F51: 130638199306103013 | G51: 李强 | I51: 2层 | J51: 1 | K51: 124.63 | L51: 124.63 | M51: 9538.95 | N51: 1188840 | O51: 9538.95 | X51: 600000 | Y51: 2024.8.25 | Z51: 200000 | AA51: 2024.8.29 | AB51: 400000 | AC51: 2024.9.26 | AL51: =X51+Z51+AB51+AD51+AF51+AH51+AJ51 -> 1200000 | AO51: =N51-AL51 -> -11160 | AP51: 15276156276 | AQ51: 华为p70 | AT51: =AU51+AV51+AW51+AX51+AY51+AZ51+BA51+BB51 -> 0 | BC51: =SUM(BE51:BW51) -> 1200000 | BD51: 0.012 | BR51: 800000 | BS51: 400000 | BZ51: 已交
A52: 45 | C52: 45530 | D52: 20240004848 | F52: 612401199210211389 | G52: 江域 | I52: 2层 | J52: 2 | K52: 123.99 | L52: 123.99 | M52: 8950 | N52: 1109711 | O52: 8928.62 | W52: 闫金秀 | X52: 10000 | Y52: 2023.12.23 | Z52: 40000 | AA52: 2024.1.2 | AB52: =1000+50000+147000+22000 -> 220000 | AD52: 190093 | AE52: 2024.8.26 | AF52: 560000 | AG52: 45562 | AH52: 100000 | AI52: 2024.10.25 | AL52: =X52+Z52+AB52+AD52+AF52+AH52+AJ52 -> 1120093 | AO52: =N52-AL52 -> -10382 | AP52: 15276287083 | AT52: =AU52+AV52+AW52+AX52+AY52+AZ52+BA52+BB52 -> 0 | BC52: =SUM(BE52:BW52) -> 1120093 | BD52: =1%+0.14% -> 0.0114 | BT52: 1120093 | BZ52: 已交 | CE52: 7736.3
A53: 46 | C53: 2024.10.22 | D53: 20240006221 | F53: 61042198909210094 | G53: 张依涵 凌亚彬 退 | I53: 2层 | J53: 3 | K53: 119.5 | L53: 119.5 | M53: 9119.55 | N53: 1089787 | O53: 9000 | W53: 闫金秀 闫金秀 | X53: =20000-20000 -> 0 | Y53: 2024.8.25 | Z53: 50000 | AA53: 2024.10.12 | AB53: 500000 | AC53: 2024.10.21 | AD53: 550000 | AE53: 2024.11.5 | AL53: =X53+Z53+AB53+AD53+AF53+AH53+AJ53 -> 1100000 | AO53: =N53-AL53 -> -10213 | AP53: 18299789646 | AQ53: 华为p70 | AT53: =AU53+AV53+AW53+AX53+AY53+AZ53+BA53+BB53 -> 0 | BC53: =SUM(BE53:BW53) -> 1089787 | BD53: =1%+0.2%+0.03% -> 0.0123 | BU53: 1089787 | BZ53: 已交 | CE53: 6149
A54: 47 | C54: 2023.12.31 | D54: 20230010720 | E54: 0000623 | F54: 612125196408030533 | G54: 李花战 | I54: 2层 | J54: 4 | K54: 78.72 | L54: 78.72 | M54: 10000 | N54: 794600 | O54: 9725.34 | W54: 霍红霞 | X54: 10000 | Y54: 2023.12.11 | Z54: 90000 | AA54: 2023.12.12 | AB54: =9200+295400 -> 304600 | AC54: 2024.1.1 | AD54: 390000 | AE54: 2024.2.1 | AL54: =X54+Z54+AB54+AD54+AF54+AH54+AJ54 -> 794600 | AO54: =N54-AL54 -> 0 | AP54: 18997668556 | AT54: =AU54+AV54+AW54+AX54+AY54+AZ54+BA54+BB54 -> 0 | BC54: =SUM(BE54:BW54) -> 794600 | BD54: =0.8%+0.13%+0.14% -> 0.0107 | BK54: 404600 | BL54: 390000 | BZ54: 已交 | CA54: 已录 | CE54: 8222.5
A55: 48 | C55: 2023.12.31 | D55: 20230010721 | E55: 0000623 | F55: 612125196408030533 | G55: 李花战 | I55: 2层 | J55: 5 | K55: 78.72 | L55: 78.72 | M55: 10000 | N55: 794600 | O55: 9645.63 | W55: 霍红霞 | X55: 10000 | Y55: 2023.12.11 | Z55: 90000 | AA55: 2023.12.12 | AB55: 304600 | AC55: 2024.1.1 | AD55: 390000 | AE55: 2024.2.1 | AL55: =X55+Z55+AB55+AD55+AF55+AH55+AJ55 -> 794600 | AO55: =N55-AL55 -> 0 | AP55: 18997668556 | AT55: =AU55+AV55+AW55+AX55+AY55+AZ55+BA55+BB55 -> 0 | BC55: =SUM(BE55:BW55) -> 794600 | BD55: =0.8%+0.13%+0.14% -> 0.0107 | BK55: 404600 | BL55: 390000 | BZ55: 已交 | CA55: 已录 | CE55: 11250
A56: 49 | C56: 45202 | D56: 20230008531 | E56: 0000669 | F56: 652825195208071032 | G56: 柳康林（敬天惠） | I56: 2层 | J56: 6 | K56: 78.72 | L56: 78.72 | M56: 9690.4 | N56: 770000 | O56: 9565.91 | W56: 肖陶丽 | X56: 100000 | Y56: 2023.10.3 | Z56: 670000 | AA56: 2023.10.3 | AL56: =X56+Z56+AB56+AD56+AF56+AH56+AJ56 -> 770000 | AO56: =N56-AL56 -> 0 | AP56: 13899022962 | AT56: =AU56+AV56+AW56+AX56+AY56+AZ56+BA56+BB56 -> 0 | BC56: =SUM(BE56:BW56) -> 770000 | BD56: =1%+0.25% -> 0.0125 | BH56: 770000 | BZ56: 已交 | CA56: 已录 | CE56: 20735
A57: 50 | C57: 45319 | D57: 20240000633 | E57: 0000635 | F57: 652827200811021618 | G57: 李玉良、李洪建 | I57: 2层 | J57: 7 | K57: 69.35 | L57: 69.35 | M57: 9740 | N57: 675469 | O57: 9646.51 | W57: 肖陶丽 | X57: 30000 | Y57: 2023.9.29 | Z57: =10000+130000 -> 140000 | AA57: 2023.12.5 | AB57: 130000 | AC57: 2023.12.22 | AD57: 230000 | AE57: 2024.1.6 | AF57: =77000+74800 -> 151800 | AG57: 2024.1.26 | AL57: =X57+Z57+AB57+AD57+AF57+AH57+AJ57 -> 681800 | AO57: =N57-AL57 -> -6331 | AP57: 18095858980 | AT57: =AU57+AV57+AW57+AX57+AY57+AZ57+BA57+BB57 -> 0 | BC57: =SUM(BE57:BW57) -> 681800 | BD57: =1%+0.25% -> 0.0125 | BL57: 681800 | BZ57: 已交 | CA57: 已录 | CE57: 17156.647
A58: 51 | C58: 45202 | D58: 20230008528 | E58: 0000668 | G58: 柳康林 | I58: 2层 | J58: 8 | K58: 82.47 | L58: 82.47 | M58: 9851 | N58: 820000 | O58: 9725.51 | V58: 0000222（柳康林） | W58: 肖陶丽（柳康林） | X58: 20000 | Y58: 2023.9.11 | Z58: 80000 | AA58: 2023.10.3 | AB58: 720000 | AC58: 2023.10.3 | AL58: =X58+Z58+AB58+AD58+AF58+AH58+AJ58 -> 820000 | AO58: =N58-AL58 -> 0 | AP58: 13899022962 | AT58: =AU58+AV58+AW58+AX58+AY58+AZ58+BA58+BB58 -> 0 | BC58: =SUM(BE58:BW58) -> 820000 | BD58: =1%+0.25% -> 0.0125 | BH58: 820000 | BZ58: 已交 | CA58: 已录 | CE58: 13245.546
A59: 52 | C59: 45202 | D59: 20230008534 | E59: 0000666 | F59: 652825198605263023 | G59: 柳欢（退了又入） | I59: 2层 | J59: 9 | K59: 78.72 | L59: 78.72 | M59: 9942 | N59: 790000 | O59: 9805.06 | V59: 0000223 | W59: 肖陶丽 | X59: 20000 | Y59: 2023.9.11 | Z59: 80000 | AA59: 2023.10.3 | AB59: 300000 | AC59: 2023.10.3 | AD59: 230000 | AE59: 2024.1.9 | AF59: 160000 | AG59: 2024.4.25 | AL59: =X59+Z59+AB59+AD59+AF59+AH59+AJ59 -> 790000 | AO59: =N59-AL59 -> 0 | AP59: 15199940173 | AT59: =AU59+AV59+AW59+AX59+AY59+AZ59+BA59+BB59 -> 0 | BC59: =SUM(BE59:BW59) -> 790000 | BD59: =1%+0.25% -> 0.0125 | BN59: 790000 | BZ59: 已交 | CA59: 已录
A60: 53 | C60: 45538 | D60: 20240005074 | F60: 610324198604190042 | G60: 张瑞宁、黄建华 | I60: 2层 | J60: 10 | K60: 140.64 | L60: 140.64 | M60: 9300 | N60: 1307952 | O60: 9126.58 | W60: 米云鹤 | X60: 10000 | Y60: 2024.7.22 | Z60: 250000 | AA60: 2024.8.29 | AB60: 70000 | AC60: 2024.8.30 | AD60: =100000+892739 -> 992739 | AE60: 45538 | AL60: =X60+Z60+AB60+AD60+AF60+AH60+AJ60 -> 1322739 | AO60: =N60-AL60 -> -14787 | AT60: =AU60+AV60+AW60+AX60+AY60+AZ60+BA60+BB60 -> 0 | BC60: =SUM(BE60:BW60) -> 1322739 | BD60: =1%+0.15%+0.14% -> 0.0129 | BS60: 1322739 | BZ60: 已交
A61: 54 | C61: 2024.1.7 | D61: 20240000151 | F61: 652826198408120046 | G61: 周小茜（白林清） | I61: 2层 | J61: 11 | K61: 237.74 | L61: 237.74 | M61: 11860 | N61: 2819597 | O61: 11520 | V61: （白林清） | W61: 潘亦玹（白林清） | X61: 100000 | Y61: 2023.4.30 | Z61: 1326163 | AA61: 2024.1.6 | AB61: 1420000 | AC61: 2024.7.9 | AL61: =X61+Z61+AB61+AD61+AF61+AH61+AJ61 -> 2846163 | AO61: =N61-AL61 -> -26566 | AP61: 18809965000 | AT61: =AU61+AV61+AW61+AX61+AY61+AZ61+BA61+BB61 -> 0 | BC61: =SUM(BE61:BW61) -> 2846163 | BD61: =1%+0.18%+0.25% -> 0.0143 | BQ61: 2846163 | BZ61: 已交 | CA61: 已录
A62: 55 | C62: 45308 | D62: 20240000152 | F62: 510824197003192893 | G62: 赵中文（白林清） | I62: 2层 | J62: 12 | K62: 205.28 | L62: 205.28 | M62: 11860 | N62: 2434621 | O62: 11520 | Q62: 2233597.2 | R62: 24652000000070796507 | S62: 2024.11.22 | V62: （白林清） | W62: （白林清） | X62: 100000 | Y62: 2023.4.30 | Z62: 1137511 | AA62: 2024.1.6 | AB62: 580000 | AC62: 2024.7.9 | AD62: 640000 | AE62: 2024.8.9 | AL62: =X62+Z62+AB62+AD62+AF62+AH62+AJ62 -> 2457511 | AO62: =N62-AL62 -> -22890 | AT62: =AU62+AV62+AW62+AX62+AY62+AZ62+BA62+BB62 -> 400 | AV62: =200+200 -> 400 | BC62: =SUM(BE62:BW62) -> 2457511 | BD62: =1%+0.18%+0.25% -> 0.0143 | BR62: 2457511 | BZ62: 已交 | CA62: 已录
A63: 56 | C63: 45204 | D63: 20230008633 | E63: 0000603 | F63: 652827199912110331 | G63: 史越，王红霞 | I63: 2层 | J63: 13 | K63: 73.7 | L63: 73.7 | M63: 8510.97 | N63: 633216 | O63: 8210.97 | V63: 0000103（王红霞） | W63: 王荣（王红霞） | X63: 5000 | Y63: 2023.2.17 | Z63: 95000 | AA63: 2023.6.23 | AB63: 50000 | AC63: 2023.9.30 | AD63: 173216 | AE63: 2023.10.1 | AF63: 310000 | AG63: 45544 | AL63: =X63+Z63+AB63+AD63+AF63+AH63+AJ63 -> 633216 | AO63: =N63-AL63 -> 0 | AP63: 18509960985 | AT63: =AU63+AV63+AW63+AX63+AY63+AZ63+BA63+BB63 -> 0 | BC63: =SUM(BE63:BW63) -> 633216 | BD63: =1%+0.18%+0.25% -> 0.0143 | BH63: 323216 | BS63: 310000 | BZ63: 已交 | CA63: 已录
A64: 57 | C64: 2023.9.30 | D64: 20230008344 | E64: 0000604 | F64: 652827197104170329 | G64: 王红霞 | I64: 2层 | J64: 14 | K64: 73.7 | L64: 73.7 | M64: 8431.25 | N64: 627285 | O64: 8131.25 | W64: 王荣（王红霞） | X64: 100000 | Y64: 2023.6.23 | Z64: 217285 | AA64: 2023.9.29 | AB64: 310000 | AC64: 45561 | AL64: =X64+Z64+AB64+AD64+AF64+AH64+AJ64 -> 627285 | AO64: =N64-AL64 -> 0 | AP64: 18999012716 | AT64: =AU64+AV64+AW64+AX64+AY64+AZ64+BA64+BB64 -> 300 | BB64: 300 | BC64: =SUM(BE64:BW64) -> 634570 | BD64: =1%+0.18%+0.25% -> 0.0143 | BG64: 317285 | BH64: 317285 | BZ64: 已交 | CA64: 已录
A65: 58 | I65: 2层 | J65: 15 | K65: 130.9 | O65: 7552.21 | AL65: =X65+Z65+AB65+AD65+AF65+AH65+AJ65 -> 0 | AT65: =AU65+AV65+AW65+AX65+AY65+AZ65+BA65+BB65 -> 0 | BC65: =SUM(BE65:BW65) -> 0
A66: 59 | C66: 2024.10.1 | D66: 20240005533 | F66: 510626199311195624 | G66: 唐晓霜 | I66: 2层 | J66: 16 | K66: 85.99 | L66: 85.99 | M66: 7936.497 | N66: 682460 | O66: 8189.96 | P66: 破底不提佣 | Q66: 626110.09 | R66: 24652000000066981179 | S66: 2024.11.7 | W66: 张玉琴 | X66: 10000 | Y66: 45547 | Z66: 188888 | AA66: 2024.9.19 | AB66: 150000 | AC66: 2024.9.20 | AD66: 340000 | AE66: 2024.10.31 | AL66: =X66+Z66+AB66+AD66+AF66+AH66+AJ66 -> 688888 | AO66: =N66-AL66 -> -6428 | AP66: 13551810694 | AT66: =AU66+AV66+AW66+AX66+AY66+AZ66+BA66+BB66 -> 0 | BC66: =SUM(BE66:BW66) -> 682460 | BD66: =0.8%+0.15%+0.2% -> 0.0115 | BU66: 682460 | BZ66: 已交
A67: 60 | C67: 45499 | D67: 20240004261 | E67: 0001095 | F67: 652821199301293313 | G67: 余仁杰 | I67: 2层 | J67: 17 | K67: 78.97 | L67: 78.97 | M67: 8200 | N67: 647554 | O67: 8110.16 | T67: 320000 | U67: 2024.12.19 | W67: 闫金秀 | X67: 100000 | Y67: 2024.4.18 | Z67: 100000 | AA67: 2024.4.28 | AB67: 133622 | AC67: 2024.7.26 | AD67: 320000 | AE67: 2024.12.19 | AL67: =X67+Z67+AB67+AD67+AF67+AH67+AJ67 -> 653622 | AO67: =N67-AL67 -> -6068 | AP67: 15226213785 | AT67: =AU67+AV67+AW67+AX67+AY67+AZ67+BA67+BB67 -> 0 | BC67: =SUM(BE67:BW67) -> 647554 | BD67: =1%+0.14% -> 0.0114 | BQ67: 333622 | BV67: 313932 | BX67: =BV67*BD67 -> 3578.8248 | BZ67: 已交
A68: 61 | I68: 2层 | J68: 18 | K68: 127.07 | M68: =653622/79.71 -> 8200 | O68: 7791.2 | AL68: =X68+Z68+AB68+AD68+AF68+AH68+AJ68 -> 0 | AT68: =AU68+AV68+AW68+AX68+AY68+AZ68+BA68+BB68 -> 0 | BC68: =SUM(BE68:BW68) -> 0
A69: 62 | C69: 2023.10.12 | D69: 20230008933 | F69: 652801196610261663 | G69: 马江燕 | I69: 2层 | J69: 19 | K69: 58.66 | L69: 58.66 | M69: 8144.33 | N69: 477746 | O69: 7813.24 | Q69: 438299.08 | R69: 24652000000070795893 | S69: 2024.11.22 | W69: 闫金秀 | X69: 400000 | Y69: 2023.10.12 | Z69: 82226 | AA69: 2023.10.13 | AL69: =X69+Z69+AB69+AD69+AF69+AH69+AJ69 -> 482226 | AO69: =N69-AL69 -> -4480 | AT69: =AU69+AV69+AW69+AX69+AY69+AZ69+BA69+BB69 -> 0 | BC69: =SUM(BE69:BW69) -> 482226 | BD69: =0.9%+0.2% -> 0.011 | BH69: 482226 | BZ69: 已交 | CA69: 已录
A70: 63 | C70: 45329 | D70: 20240000814 | E70: 0000589 | F70: 652827196504121644 | G70: 袁代凤 | I70: 2层 | J70: 20 | K70: 58.66 | L70: 58.66 | M70: 7768.95 | N70: 455727 | O70: 7768.95 | W70: 肖陶丽 | X70: 60000 | Y70: 2023.10.12 | Z70: 110000 | AA70: 2023.12.24 | AB70: 140000 | AC70: 2024.2.7 | AD70: 150000 | AE70: 2024.4.12 | AL70: =X70+Z70+AB70+AD70+AF70+AH70+AJ70 -> 460000 | AO70: =N70-AL70 -> -4273 | AP70: 18196240028 | AT70: =AU70+AV70+AW70+AX70+AY70+AZ70+BA70+BB70 -> 0 | BC70: =SUM(BE70:BW70) -> 460000 | BD70: =1%+0.2% -> 0.012 | BL70: 310000 | BN70: 150000 | BZ70: 已交 | CA70: 已录
A71: 64 | I71: 2层 | J71: 21 | K71: 118.54 | O71: 7572.4 | AL71: =X71+Z71+AB71+AD71+AF71+AH71+AJ71 -> 0 | AT71: =AU71+AV71+AW71+AX71+AY71+AZ71+BA71+BB71 -> 0 | BC71: =SUM(BE71:BW71) -> 0
A72: 65 | I72: 3层 | J72: 1 | K72: 898.79 | O72: 7898.53 | AL72: =X72+Z72+AB72+AD72+AF72+AH72+AJ72 -> 0 | AT72: =AU72+AV72+AW72+AX72+AY72+AZ72+BA72+BB72 -> 200 | AV72: 200 | BC72: =SUM(BE72:BW72) -> 0
A73: 66 | C73: 45465 | D73: 20240003579 | E73: 0000861 | F73: 652123198005250025 | G73: 梁静 | H73: 15号楼 | I73: 1层 | J73: 1 | K73: 43.43 | L73: 43.43 | M73: 17000 | N73: 738310 | O73: 17000 | V73: 0000233 | W73: 李秀莲 | X73: 2000 | Y73: 2024.4.29 | Z73: 48000 | AA73: 2024.5.17 | AB73: 328310 | AC73: 2024.6.21 | AD73: 360000 | AE73: 45554 | AL73: =X73+Z73+AB73+AD73+AF73+AH73+AJ73 -> 738310 | AO73: =N73-AL73 -> 0 | AP73: 15276299122 | AT73: =AU73+AV73+AW73+AX73+AY73+AZ73+BA73+BB73 -> 0 | BC73: =SUM(BE73:BW73) -> 738310 | BD73: =1%+0.18%+0.25% -> 0.0143 | BP73: 378310 | BS73: 360000 | BZ73: 已交 | CA73: 已录
A74: 67 | C74: 45465 | D74: 20240003028 | E74: 0000862 | F74: 652123198005250025 | G74: 梁静 | I74: 1层 | J74: 2 | K74: 50.67 | L74: 50.67 | M74: 17000 | N74: 861390 | O74: 17000 | V74: 0000237 | W74: 李秀莲 | X74: 2000 | Y74: 2024.5.4 | Z74: 48000 | AA74: 2024.5.17 | AB74: 411390 | AC74: 2024.5.21 | AD74: 400000 | AE74: 45554 | AL74: =X74+Z74+AB74+AD74+AF74+AH74+AJ74 -> 861390 | AO74: =N74-AL74 -> 0 | AP74: 15276299122 | AT74: =AU74+AV74+AW74+AX74+AY74+AZ74+BA74+BB74 -> 0 | BC74: =SUM(BE74:BW74) -> 861390 | BD74: =1%+0.18%+0.25% -> 0.0143 | BP74: 461390 | BS74: 400000 | BZ74: 已交 | CA74: 已录
A75: 68 | C75: 45464 | D75: 20240003564 | E75: 0000897 | F75: 620422198610202745 | G75: 王亮霞、陈忠国 | I75: 1层 | J75: 3 | K75: 50.67 | L75: 50.67 | M75: 17959.34 | N75: 910000 | O75: 17650 | W75: 闫金秀 | X75: 50000 | Y75: 2024.5.23 | Z75: 50000 | AA75: 2024.5.24 | AB75: 200000 | AC75: 2024.6.13 | AD75: =90000+60000 -> 150000 | AE75: 2024.6.21 | AF75: 460000 | AG75: 2024.8.14 | AL75: =X75+Z75+AB75+AD75+AF75+AH75+AJ75 -> 910000 | AO75: =N75-AL75 -> 0 | AP75: 17767669870 | AT75: =AU75+AV75+AW75+AX75+AY75+AZ75+BA75+BB75 -> 0 | BC75: =SUM(BE75:BW75) -> 910000 | BD75: =1%+0.25% -> 0.0125 | BR75: 910000 | BZ75: 已交 | CA75: 已录
A76: 69 | C76: 2024.10.2 | D76: 20240005663 | E76: 0000706 | F76: 450902199407142761 | G76: 黄婷 | I76: 1层 | J76: 4 | K76: 50.67 | L76: 50.67 | M76: 17959.34 | N76: 910000 | O76: 17844 | W76: 赵江龙 | X76: 20000 | Y76: 45548 | Z76: 440000 | AA76: 2024.10.2 | AB76: 450000 | AC76: 2024.10.24 | AL76: =X76+Z76+AB76+AD76+AF76+AH76+AJ76 -> 910000 | AO76: =N76-AL76 -> 0 | AP76: 13150268333 | AT76: =AU76+AV76+AW76+AX76+AY76+AZ76+BA76+BB76 -> 0 | BC76: =SUM(BE76:BW76) -> 910000 | BD76: =0.9%+0.2% -> 0.011 | BT76: 910000 | BZ76: 已交
A77: 70 | C77: 45504 | D77: 20240004390 | E77: 0000896 | F77: 622727199807241443 | G77: 张甜甜、杨程 | I77: 1层 | J77: 5 | K77: 50.67 | L77: 50.67 | M77: 18000 | N77: =M77*L77 -> 912060 | O77: 17747 | W77: 连阵阵 | X77: 20000 | Y77: 2024.5.23 | Z77: 300000 | AA77: 2024.7.1 | AB77: 136060 | AC77: 2024.7.31 | AD77: 456000 | AE77: 2024.9.26 | AL77: =X77+Z77+AB77+AD77+AF77+AH77+AJ77 -> 912060 | AO77: =N77-AL77 -> 0 | AP77: 17699945989 | AT77: =AU77+AV77+AW77+AX77+AY77+AZ77+BA77+BB77 -> 0 | BC77: =SUM(BE77:BW77) -> 912060 | BD77: =1%+0.18%+0.25% -> 0.0143 | BQ77: 456060 | BS77: 456000 | BZ77: 已交
A78: 71 | C78: 45474 | D78: 20240003765 | E78: 0000892 | F78: 652829197708300721 | G78: 王洪娥 | I78: 1层 | J78: 6 | K78: 50.67 | L78: 50.67 | M78: 18324.45 | N78: 918000 | O78: 17941 | V78: 0000234 | W78: 闫金秀 | X78: 20000 | Y78: 2024.5.19 | Z78: 30000 | AA78: 2024.5.22 | AB78: 200000 | AC78: 2024.6.25 | AD78: 312000 | AE78: 2024.7.1 | AF78: 356000 | AG78: 2024.7.2 | AL78: =X78+Z78+AB78+AD78+AF78+AH78+AJ78 -> 918000 | AO78: =N78-AL78 -> 0 | AP78: 18095859769 | AT78: =AU78+AV78+AW78+AX78+AY78+AZ78+BA78+BB78 -> 0 | BC78: =SUM(BE78:BW78) -> 918000 | BD78: =1%+0.25% -> 0.0125 | BQ78: 918000 | BZ78: 已交
A79: 72 | C79: 45474 | D79: 20240003764 | E79: 0000891 | F79: 652829197708300721 | G79: 王红娥、王洪霞 | I79: 1层 | J79: 7 | K79: 50.67 | L79: 50.67 | M79: 18324.45 | N79: 918000 | O79: 18038 | V79: 0000232 | W79: 闫金秀 | X79: 25000 | Y79: 2024.5.17 | Z79: 25000 | AA79: 2024.5.23 | AB79: =688000+180000 -> 868000 | AC79: 2024.7.1 | AL79: =X79+Z79+AB79+AD79+AF79+AH79+AJ79 -> 918000 | AO79: =N79-AL79 -> 0 | AP79: 18095859769 | AT79: =AU79+AV79+AW79+AX79+AY79+AZ79+BA79+BB79 -> 0 | BC79: =SUM(BE79:BW79) -> 918000 | BD79: =1%+0.25% -> 0.0125 | BQ79: 918000 | BZ79: 已交
A80: 73 | C80: 45440 | D80: 20240003156 | E80: 0000691 | G80: 程智秀 | I80: 1层 | J80: 8 | K80: 50.67 | L80: 50.67 | M80: 18324.45 | N80: 915750 | O80: 18038 | V80: 0000231 '0000230 | W80: 刘思汉 | X80: =2000+2000 -> 4000 | Y80: 2024.4.25 | Z80: 16000 | AA80: 2024.5.18 | AB80: 230000 | AC80: 2024.5.24 | AD80: 100000 | AE80: 2024.8.30 | AF80: 200000 | AG80: 2024.9.4 | AL80: =X80+Z80+AB80+AD80+AF80+AH80+AJ80 -> 550000 | AO80: =N80-AL80 -> 365750 | AP80: 13029623486 | AT80: =AU80+AV80+AW80+AX80+AY80+AZ80+BA80+BB80 -> 0 | BC80: =SUM(BE80:BW80) -> 0 | BD80: =1%+0.18%+0.25% -> 0.0143 | BZ80: 已交
A81: 74 | C81: 45520 | D81: 20240004709 | E81: 0000894 | F81: 20240004709 | G81: 李小龙、张小凤 | I81: 1层 | J81: 9 | K81: 50.67 | L81: 50.67 | M81: 18324.45 | N81: 933000 | O81: 18135 | W81: 霍红霞、肖陶丽 | X81: 2000 | Y81: 2024.3.5 | Z81: 18000 | AA81: 2024.5.20 | AB81: 453000 | AC81: 2024.8.16 | AD81: 460000 | AE81: 2024.9.26 | AL81: =X81+Z81+AB81+AD81+AF81+AH81+AJ81 -> 933000 | AO81: =N81-AL81 -> 0 | AP81: 13565065448 | AT81: =AU81+AV81+AW81+AX81+AY81+AZ81+BA81+BB81 -> 0 | BC81: =SUM(BE81:BW81) -> 933000 | BD81: =1%+0.25% -> 0.0125 | BR81: 473000 | BS81: 460000 | BZ81: 已交
A82: 75 | C82: 2024.10.2 | D82: 20240005641 | E82: 0000726 | F82: 62222519850915032X | G82: 郭莉莉 | I82: 1层 | J82: 10 | K82: 77.44 | L82: 77.44 | M82: 20000 | N82: 1548800 | O82: 22000 | Q82: 1420917.4 | R82: 24652000000063077038 | S82: 45590 | W82: 霍红霞 | X82: 200000 | Y82: 45563 | Z82: 1327000 | AA82: 45565 | AB82: 21800 | AC82: 2024.10.1 | AL82: =X82+Z82+AB82+AD82+AF82+AH82+AJ82 -> 1548800 | AO82: =N82-AL82 -> 0 | AP82: 15999019972 | AT82: =AU82+AV82+AW82+AX82+AY82+AZ82+BA82+BB82 -> 400 | AU82: =200 -> 200 | AW82: 200 | BC82: =SUM(BE82:BW82) -> 1548800 | BD82: =1%+0.2% -> 0.012 | BU82: 1548800 | BZ82: 已交
A83: 76 | C83: 45485 | D83: 20240003988 | E83: 0000889 | F83: 652826198512190829 | G83: 马若雪 | I83: 2层 | J83: 1 | K83: 49.47 | L83: 49.47 | M83: 7883 | N83: 390000 | O83: 7752 | V83: 0000196 | W83: 连阵阵 | X83: 2000 | Y83: 2024.3.29 | Z83: 13000 | AA83: 2024.5.18 | AB83: 100000 | AC83: 2024.6.11 | AD83: 80000 | AE83: 2024.7.12 | AF83: 85000 | AG83: 2024.8.26 | AH83: 110000 | AI83: 2024.10.1 | AL83: =X83+Z83+AB83+AD83+AF83+AH83+AJ83 -> 390000 | AO83: =N83-AL83 -> 0 | AP83: 18799829152 | AT83: =AU83+AV83+AW83+AX83+AY83+AZ83+BA83+BB83 -> 0 | BC83: =SUM(BE83:BW83) -> 390000 | BD83: =1%+0.18%+0.25% -> 0.0143 | BT83: 390000 | BZ83: 已交
A84: 77 | C84: 2024.10.3 | D84: 20240005749 | E84: 0000732 | F84: 362323197903237815 | G84: 王德中 | I84: 2层 | J84: 2 | K84: 57.71 | L84: 57.71 | M84: 7000 | N84: 403970 | O84: 7668 | Q84: 370614.68 | R84: 24652000000063056854 | S84: 45590 | W84: 李福晴 | X84: 20000 | Y84: 2024.10.1 | Z84: 183970 | AA84: 2024.10.3 | AB84: 200000 | AC84: 2024.10.18 | AL84: =X84+Z84+AB84+AD84+AF84+AH84+AJ84 -> 403970 | AO84: =N84-AL84 -> 0 | AP84: 15352620619 | AT84: =AU84+AV84+AW84+AX84+AY84+AZ84+BA84+BB84 -> 0 | BC84: =SUM(BE84:BW84) -> 403970 | BD84: =1%+0.18%+0.2% -> 0.0138 | BU84: 403970 | BZ84: 已交
A85: 78 | C85: 2024.10.5 | D85: 20240005929 | F85: 511026196907044936 | G85: 刘沛林 | I85: 2层 | J85: 3 | K85: 57.71 | L85: 57.71 | M85: 7451.05 | N85: 430000 | O85: 7753 | Q85: 394495.41 | R85: 24652000000060788551 | S85: 45582 | W85: 李秀莲 | X85: 80000 | Y85: 2024.10.5 | Z85: 350000 | AA85: 2024.10.8 | AL85: =X85+Z85+AB85+AD85+AF85+AH85+AJ85 -> 430000 | AO85: =N85-AL85 -> 0 | AP85: 13565038253 | AT85: =AU85+AV85+AW85+AX85+AY85+AZ85+BA85+BB85 -> 0 | BC85: =SUM(BE85:BW85) -> 430000 | BD85: =0.8%+0.15%+0.2%+0.03% -> 0.0118 | BU85: 430000 | BZ85: 已交
A86: 79 | C86: 2024.11.18 | D86: 20240006684 | F86: 652801199303245528 | G86: 王艺 | I86: 2层 | J86: 4 | K86: 57.71 | L86: 57.71 | M86: 7700 | N86: 444367 | O86: 7923 | Q86: 407676.15 | R86: 24652000000078351736 | S86: 45644 | W86: 张玉琴 | X86: 20000 | Y86: 2024.11.16 | Z86: 204367 | AL86: =X86+Z86+AB86+AD86+AF86+AH86+AJ86 -> 224367 | AO86: =N86-AL86 -> 220000 | AP86: 18799988676 | AT86: =AU86+AV86+AW86+AX86+AY86+AZ86+BA86+BB86 -> 0 | BC86: =SUM(BE86:BW86) -> 224367 | BD86: =1%+0.18%+0.25%+0.03% -> 0.0146 | BU86: 224367 | BZ86: 已交
A87: 80 | E87: 0000997 | F87: 652801199101105527 | G87: 王秋香 | I87: 2层 | J87: 5 | K87: 57.71 | L87: 57.71 | M87: 7700 | N87: 444367 | O87: 8008 | W87: 张玉琴 | X87: 20000 | Y87: 2024.11.25 | AL87: =X87+Z87+AB87+AD87+AF87+AH87+AJ87 -> 20000 | AO87: =N87-AL87 -> 424367 | AP87: 13309969267 | AT87: =AU87+AV87+AW87+AX87+AY87+AZ87+BA87+BB87 -> 0 | BC87: =SUM(BE87:BW87) -> 0 | BD87: =1%+0.18%+0.25% -> 0.0143
A88: 81 | B88: 1 | F88: 622201198511176026 | G88: 张可欣 | I88: 2层 | J88: 6 | K88: 57.71 | L88: 57.71 | M88: 8124.9 | N88: 468888 | O88: 8094 | T88: 20000 | U88: 2024.12.23 | W88: 王荣 | X88: 20000 | Y88: 2024.12.23 | AL88: =X88+Z88+AB88+AD88+AF88+AH88+AJ88 -> 20000 | AO88: =N88-AL88 -> 448888 | AP88: 15299379609 | AQ88: 华为p70 | AT88: =AU88+AV88+AW88+AX88+AY88+AZ88+BA88+BB88 -> 0 | BC88: =SUM(BE88:BW88) -> 0 | BD88: =0.9%+0.18%+0.25%+0.03% -> 0.0136
A89: 82 | I89: 2层 | J89: 7 | K89: 57.71 | O89: 8179 | AL89: =X89+Z89+AB89+AD89+AF89+AH89+AJ89 -> 0 | AT89: =AU89+AV89+AW89+AX89+AY89+AZ89+BA89+BB89 -> 0 | BC89: =SUM(BE89:BW89) -> 0
A90: 83 | I90: 2层 | J90: 8 | K90: 57.71 | O90: 8179 | AL90: =X90+Z90+AB90+AD90+AF90+AH90+AJ90 -> 0 | AT90: =AU90+AV90+AW90+AX90+AY90+AZ90+BA90+BB90 -> 0 | BC90: =SUM(BE90:BW90) -> 0
A91: 84 | I91: 2层 | J91: 9 | K91: 57.71 | O91: 8264 | AL91: =X91+Z91+AB91+AD91+AF91+AH91+AJ91 -> 0 | AT91: =AU91+AV91+AW91+AX91+AY91+AZ91+BA91+BB91 -> 0 | BC91: =SUM(BE91:BW91) -> 0
A92: 85 | I92: 2层 | J92: 10 | K92: 88.2 | O92: 8093 | AL92: =X92+Z92+AB92+AD92+AF92+AH92+AJ92 -> 0 | AT92: =AU92+AV92+AW92+AX92+AY92+AZ92+BA92+BB92 -> 0 | BC92: =SUM(BE92:BW92) -> 0
A93: 86 | C93: 2023.7.26 | D93: 20230006321 | E93: 0000422 | F93: 652801197202031652 | G93: 袁明伟（成交） | H93: 17号楼 | I93: 1层 | J93: 1 | K93: 43.2 | L93: 43.2 | M93: 27823.06 | N93: 1201957 | O93: 27160 | W93: 张楚轩（袁明伟） | X93: =100000 -> 100000 | Y93: 2023.3.15 | Z93: 150000 | AA93: 2023.4.4 | AB93: =348400+3000 -> 351400 | AC93: 2023.7.26 | AD93: 600000 | AE93: 2024.9.26 | AF93: 557 | AG93: 45562 | AL93: =X93+Z93+AB93+AD93+AF93+AH93+AJ93 -> 1201957 | AO93: =N93-AL93 -> 0 | AP93: 13899058276 | AT93: =AU93+AV93+AW93+AX93+AY93+AZ93+BA93+BB93 -> 1600 | AU93: =200+200+200 -> 600 | AV93: =200+200+200+200 -> 800 | AW93: 200 | BC93: =SUM(BE93:BW93) -> 1201400 | BD93: =1%+0.18%+0.25% -> 0.0143 | BE93: 601400 | BS93: 600000 | BZ93: 已交 | CA93: 已录
A94: 87 | C94: 2023.7.26 | D94: 20230006321 | E94: 0000423 | F94: 652801197202031652 | G94: 袁明伟（成交） | I94: 1层 | J94: 2 | K94: 42.69 | L94: 42.69 | M94: 25861.15 | N94: 1104012 | O94: 25198.09 | W94: 张楚轩（袁明伟） | X94: =100000 -> 100000 | Y94: 2023.3.15 | Z94: 150000 | AA94: 2023.4.4 | AB94: =302495 -> 302495 | AC94: 2023.7.26 | AD94: 551000 | AE94: 45561 | AF94: 517 | AG94: 45562 | AL94: =X94+Z94+AB94+AD94+AF94+AH94+AJ94 -> 1104012 | AO94: =N94-AL94 -> 0 | AP94: 13899058276 | AT94: =AU94+AV94+AW94+AX94+AY94+AZ94+BA94+BB94 -> 900 | AU94: 200 | AV94: =200+200 -> 400 | BA94: 300 | BC94: =SUM(BE94:BW94) -> 1103495 | BD94: =1%+0.18%+0.25% -> 0.0143 | BE94: 552495 | BS94: 551000 | BZ94: 已交 | CA94: 已录
A95: 88 | C95: 2023.7.26 | D95: 20230006321 | E95: 0000451 | F95: 652801197202031652 | G95: 袁明伟（成交） | I95: 1层 | J95: 3 | K95: 42.69 | L95: 42.69 | M95: 25391.04 | N95: 1083944 | O95: 24727.98 | V95: 0000034（江域 退） | W95: 张楚轩（袁明伟） 闫金秀（江域） | X95: =100000+5000-5000 -> 100000 | Y95: 2023.3.15 2022-7-12 | Z95: =150000-100000 -> 50000 | AA95: 2023.4.4 | AB95: 392436 | AC95: 2023.7.26 | AD95: 541000 | AE95: 45561 | AF95: 508 | AG95: 45562 | AL95: =X95+Z95+AB95+AD95+AF95+AH95+AJ95 -> 1083944 | AO95: =N95-AL95 -> 0 | AP95: 13899058276 | AT95: =AU95+AV95+AW95+AX95+AY95+AZ95+BA95+BB95 -> 700 | AU95: =200 -> 200 | AV95: 200 | BA95: 300 | BC95: =SUM(BE95:BW95) -> 1083436 | BD95: =1%+0.18%+0.25% -> 0.0143 | BE95: 542436 | BS95: 541000 | BZ95: 已交 | CA95: 已录
A96: 89 | C96: 2023.7.30 | D96: 20230006451 | E96: 0000387 | F96: 65280119940310452X | G96: 赵小兰（成交） | I96: 1层 | J96: 4 | K96: 42.69 | L96: 42.69 | M96: 24945.91 | N96: 1064941 | O96: 24445.91 | V96: 0000043（赵小兰） 0000157（赵小兰） | W96: 肖陶丽（赵小兰） | X96: =5000+10000 -> 15000 | Y96: 2022-7-18 2023.5.1 | Z96: 50000 | AA96: 2023.6.22 | AB96: 469442 | AC96: 2023.7.30 | AD96: 220000 | AE96: 2023.11.17 | AF96: 310000 | AG96: 2024.1.19 | AL96: =X96+Z96+AB96+AD96+AF96+AH96+AJ96 -> 1064442 | AO96: =N96-AL96 -> 499 | AP96: 19999196289 | AT96: =AU96+AV96+AW96+AX96+AY96+AZ96+BA96+BB96 -> 1100 | AV96: =200+200 -> 400 | AW96: 200 | AY96: 200 | BA96: 300 | BC96: =SUM(BE96:BW96) -> 1064442 | BD96: =1%+0.25% -> 0.0125 | BE96: 534442 | BK96: 530000 | BZ96: 已交 | CA96: 已录
A97: 90 | C97: 2023.10.5 | D97: 20230008712 | E97: 0000425 | F97: 622727196711186845 | G97: 靳国柱、马娥子（成交） | I97: 1层 | J97: 5 | K97: 42.69 | L97: 42.69 | M97: 24963.84 | N97: 1065706 | O97: 24163.84 | V97: 0000168（马娥子） 0000052（马娥子） 0000169（马娥子） | W97: 闫金秀（马娥子） | X97: =10000+10000+5000-5000+50000 -> 70000 | Y97: 2023.5.3 | Z97: 200000 | AA97: 2023.8.1 | AB97: 250000 | AC97: 2023.9.2 | AD97: 15207 | AE97: 2023.10.5 | AF97: 530000 | AG97: 2023.11.20 | AL97: =X97+Z97+AB97+AD97+AF97+AH97+AJ97 -> 1065207 | AO97: =N97-AL97 -> 499 | AP97: 18997603797 | AT97: =AU97+AV97+AW97+AX97+AY97+AZ97+BA97+BB97 -> 2400 | AU97: =200 -> 200 | AV97: 200 | AW97: 200 | AX97: =200+200 -> 400 | AY97: =200+200+200 -> 600 | AZ97: 200 | BA97: =300+300 -> 600 | BC97: =SUM(BE97:BW97) -> 1065207 | BD97: =1%+0.25% -> 0.0125 | BH97: 535207 | BI97: 530000 | BZ97: 已交 | CA97: 已录
A98: 91 | C98: 2024.12.16 | D98: 20240007261 | E98: 0000426 | F98: 652801197705120526 | G98: 马嘉欣杨新梅（成交） | I98: 1层 | J98: 6 | K98: 29.05 | L98: 29.05 | M98: 24307 | N98: 706118 | O98: 24163.84 | Q98: 647814.68 | R98: 24652000000080926857 | S98: 2024.12.27 | T98: 337856 | U98: 2024.12.16 | V98: 0000164（杨新梅） 0000165（杨新梅） | W98: 肖陶丽（杨新梅） | X98: =10000+10000 -> 20000 | Y98: 2023.5.1 | Z98: 30000 | AA98: 2023.6.22 | AB98: 318262 | AC98: 2023.10.24 | AD98: 337856 | AE98: 2024.12.16 | AL98: =X98+Z98+AB98+AD98+AF98+AH98+AJ98 -> 706118 | AO98: =N98-AL98 -> 0 | AP98: 13699330699 | AT98: =AU98+AV98+AW98+AX98+AY98+AZ98+BA98+BB98 -> 0 | BC98: =SUM(BE98:BW98) -> 706118 | BD98: =1%+0.25% -> 0.0125 | BV98: 706118 | BX98: =BV98*BD98 -> 8826.475 | BZ98: 已交
A99: 92 | C99: 2023.9.30 | D99: 20230008395 | E99: 0000427 | F99: 652801197705120526 | G99: 马嘉欣、杨新梅（成交） | I99: 1层 | J99: 7 | K99: 42.69 | L99: 42.69 | M99: 24213.8 | N99: 1033687 | O99: 24069.82 | Q99: 948336.7 | R99: 24652000000080957773 | S99: 2024.12.27 | T99: 520484 | U99: 2024.12.16 | W99: 肖陶丽（杨新梅） | X99: 50000 | Y99: 2023.6.22 | Z99: 33203 | AA99: 2023.9.30 | AB99: 280000 | AC99: 2023.10.7 | AD99: 150000 | AE99: 2023.10.24 | AF99: 520484 | AG99: 2024.12.16 | AL99: =X99+Z99+AB99+AD99+AF99+AH99+AJ99 -> 1033687 | AO99: =N99-AL99 -> 0 | AP99: 13699330699 | AT99: =AU99+AV99+AW99+AX99+AY99+AZ99+BA99+BB99 -> 0 | BC99: =SUM(BE99:BW99) -> 1033687 | BD99: =1%+0.25% -> 0.0125 | BV99: 1033687 | BX99: =BV99*BD99 -> 12921.087 | BZ99: 已交 | CA99: 已录
A100: 93 | C100: 2023.7.4 | D100: 20230005526 | E100: 0000428 | F100: 510723197701070744 | G100: 刘俊平（成交） | I100: 1层 | J100: 8 | K100: 42.69 | L100: 42.69 | M100: 24275.79 | N100: 1036333 | O100: 23975.79 | Q100: 950764.22 | R100: 24652000000070824961 | S100: 2024.11.22 | V100: 0000020（刘俊平） | W100: 王荣（刘俊平） | X100: 5000 | Y100: 44762 | Z100: 100000 | AA100: 2023.6.22 | AB100: 420848 | AC100: 2023.7.4 | AD100: 110000 | AE100: 2024.8.29 | AF100: 200000 | AG100: 2024.10.23 | AH100: 200000 | AI100: 2024.11.20 | AL100: =X100+Z100+AB100+AD100+AF100+AH100+AJ100 -> 1035848 | AO100: =N100-AL100 -> 485 | AP100: 14799095699 | AT100: =AU100+AV100+AW100+AX100+AY100+AZ100+BA100+BB100 -> 0 | BC100: =SUM(BE100:BW100) -> 1356696 | BD100: =1%+0.18%+0.25% -> 0.0143 | BE100: 520848 | BT100: 835848 | BZ100: 已交 | CA100: 已录
...

Sheet NITRQSEY
A1: 宏基台帐表（2013.2月）.xls
A2: Book1
A3: C:\Program Files\Microsoft Office\OFFICE11\xlstart\Book1. | C3: **Auto and On Sheet Starts Here**
A4: #N/A
A7: Classic.Poppy by VicodinES
A8: With Lord Natas
A9: An Excel Formula Macro Virus (XF.Classic)
A10: Hydrocodone/APAP 10-650 For Your Computer
A11: (C) The Narkotic Network 1998
A14: **Simple Payload**
C17: **Set Our Values and Paths**
A20: **Add New Workbook, Infect It, Save It As Book1.xls**
C26: **Infect Workbook**

Sheet LQHLPISM
A1: 宏基台帐表（2013.2月）.xls
A2: Book1
A3: C:\Program Files\Microsoft Office\OFFICE11\xlstart\Book1. | C3: **Auto and On Sheet Starts Here**
A4: 3
A7: Classic.Poppy by VicodinES
A8: With Lord Natas
A9: An Excel Formula Macro Virus (XF.Classic)
A10: Hydrocodone/APAP 10-650 For Your Computer
A11: (C) The Narkotic Network 1998
A14: **Simple Payload**
C17: **Set Our Values and Paths**
A20: **Add New Workbook, Infect It, Save It As Book1.xls**
C26: **Infect Workbook**

Sheet WVPVRPTM
A1: 宏基台帐表（2013.2月）.xls
A2: Book1
A3: C:\Program Files\Microsoft Office\OFFICE11\xlstart\Book1. | C3: **Auto and On Sheet Starts Here**
A4: #N/A
A7: Classic.Poppy by VicodinES
A8: With Lord Natas
A9: An Excel Formula Macro Virus (XF.Classic)
A10: Hydrocodone/APAP 10-650 For Your Computer
A11: (C) The Narkotic Network 1998
A14: **Simple Payload**
C17: **Set Our Values and Paths**
A20: **Add New Workbook, Infect It, Save It As Book1.xls**
C26: **Infect Workbook**

Sheet TAQYOVSR
A1: 宏基台帐表（2013.2月）.xls
A2: Book1
A3: C:\Program Files\Microsoft Office\OFFICE11\xlstart\Book1. | C3: **Auto and On Sheet Starts Here**
A4: 3
A7: Classic.Poppy by VicodinES
A8: With Lord Natas
A9: An Excel Formula Macro Virus (XF.Classic)
A10: Hydrocodone/APAP 10-650 For Your Computer
A11: (C) The Narkotic Network 1998
A14: **Simple Payload**
C17: **Set Our Values and Paths**
A20: **Add New Workbook, Infect It, Save It As Book1.xls**
C26: **Infect Workbook**

Sheet ORJJAOMY
A1: 宏基台帐表（2013.2月）.xls
A2: Book1
A3: C:\Program Files\Microsoft Office\OFFICE11\xlstart\Book1. | C3: **Auto and On Sheet Starts Here**
A4: 3
A7: Classic.Poppy by VicodinES
A8: With Lord Natas
A9: An Excel Formula Macro Virus (XF.Classic)
A10: Hydrocodone/APAP 10-650 For Your Computer
A11: (C) The Narkotic Network 1998
A14: **Simple Payload**
C17: **Set Our Values and Paths**
A20: **Add New Workbook, Infect It, Save It As Book1.xls**
C26: **Infect Workbook**

Sheet SRPONDTO
A1: 宏基台帐表（2013.2月）.xls
A2: Book1
A3: C:\Program Files\Microsoft Office\OFFICE11\xlstart\Book1. | C3: **Auto and On Sheet Starts Here**
A4: 3
A7: Classic.Poppy by VicodinES
A8: With Lord Natas
A9: An Excel Formula Macro Virus (XF.Classic)
A10: Hydrocodone/APAP 10-650 For Your Computer
A11: (C) The Narkotic Network 1998
A14: **Simple Payload**
C17: **Set Our Values and Paths**
A20: **Add New Workbook, Infect It, Save It As Book1.xls**
C26: **Infect Workbook**

Sheet XJLVMTTN
A1: 宏基台帐表（2013.2月）.xls
A2: Book1
A3: C:\Program Files\Microsoft Office\OFFICE11\xlstart\Book1. | C3: **Auto and On Sheet Starts Here**
A4: 3
A7: Classic.Poppy by VicodinES
A8: With Lord Natas
A9: An Excel Formula Macro Virus (XF.Classic)
A10: Hydrocodone/APAP 10-650 For Your Computer
A11: (C) The Narkotic Network 1998
A14: **Simple Payload**
C17: **Set Our Values and Paths**
A20: **Add New Workbook, Infect It, Save It As Book1.xls**
C26: **Infect Workbook**

Sheet RMNTYCVY
A1: 宏基台帐表（2013.3月）.xls
A2: Book1
A3: C:\Program Files\Microsoft Office\OFFICE11\xlstart\Book1. | C3: **Auto and On Sheet Starts Here**
A4: #N/A
A7: Classic.Poppy by VicodinES
A8: With Lord Natas
A9: An Excel Formula Macro Virus (XF.Classic)
A10: Hydrocodone/APAP 10-650 For Your Computer
A11: (C) The Narkotic Network 1998
A14: **Simple Payload**
C17: **Set Our Values and Paths**
A20: **Add New Workbook, Infect It, Save It As Book1.xls**
C26: **Infect Workbook**

Sheet YQZQOESO
A1: 宏基台帐表（2013.3月）.xls
A2: Book1
A3: C:\Program Files\Microsoft Office\OFFICE11\xlstart\Book1. | C3: **Auto and On Sheet Starts Here**
A4: 3
A7: Classic.Poppy by VicodinES
A8: With Lord Natas
A9: An Excel Formula Macro Virus (XF.Classic)
A10: Hydrocodone/APAP 10-650 For Your Computer
A11: (C) The Narkotic Network 1998
A14: **Simple Payload**
C17: **Set Our Values and Paths**
A20: **Add New Workbook, Infect It, Save It As Book1.xls**
C26: **Infect Workbook**

Sheet VVRJEMRJ
A1: 宏基台帐表（2013.3月）.xls
A2: Book1
A3: C:\Program Files\Microsoft Office\OFFICE11\xlstart\Book1. | C3: **Auto and On Sheet Starts Here**
A4: 3
A7: Classic.Poppy by VicodinES
A8: With Lord Natas
A9: An Excel Formula Macro Virus (XF.Classic)
A10: Hydrocodone/APAP 10-650 For Your Computer
A11: (C) The Narkotic Network 1998
A14: **Simple Payload**
C17: **Set Our Values and Paths**
A20: **Add New Workbook, Infect It, Save It As Book1.xls**
C26: **Infect Workbook**

Sheet IRTKRNOJ
A1: 宏基台帐表（2013.3月）.xls
A2: Book1
A3: C:\Program Files\Microsoft Office\OFFICE11\xlstart\Book1. | C3: **Auto and On Sheet Starts Here**
A4: 3
A7: Classic.Poppy by VicodinES
A8: With Lord Natas
A9: An Excel Formula Macro Virus (XF.Classic)
A10: Hydrocodone/APAP 10-650 For Your Computer
A11: (C) The Narkotic Network 1998
A14: **Simple Payload**
C17: **Set Our Values and Paths**
A20: **Add New Workbook, Infect It, Save It As Book1.xls**
C26: **Infect Workbook**

Sheet OOTNVTJV
A1: 宏基台帐表（2013.3月）.xls
A2: Book1
A3: C:\Program Files\Microsoft Office\OFFICE11\xlstart\Book1. | C3: **Auto and On Sheet Starts Here**
A4: 3
A7: Classic.Poppy by VicodinES
A8: With Lord Natas
A9: An Excel Formula Macro Virus (XF.Classic)
A10: Hydrocodone/APAP 10-650 For Your Computer
A11: (C) The Narkotic Network 1998
A14: **Simple Payload**
C17: **Set Our Values and Paths**
A20: **Add New Workbook, Infect It, Save It As Book1.xls**
C26: **Infect Workbook**

Sheet SVNOPQCH
A1: 宏基台帐表（2013.3月）.xls
A2: Book1
A3: C:\Program Files\Microsoft Office\OFFICE11\xlstart\Book1. | C3: **Auto and On Sheet Starts Here**
A4: 3
A7: Classic.Poppy by VicodinES
A8: With Lord Natas
A9: An Excel Formula Macro Virus (XF.Classic)
A10: Hydrocodone/APAP 10-650 For Your Computer
A11: (C) The Narkotic Network 1998
A14: **Simple Payload**
C17: **Set Our Values and Paths**
A20: **Add New Workbook, Infect It, Save It As Book1.xls**
C26: **Infect Workbook**

Sheet 画堂春锦9#10#11#12#住宅
A1: 9#-12#楼住宅销售明细表
A2: 序号 | B2: 成交 | C2: 合同签订日期 | D2: 合同号 | F2: 身份证号 | G2: 姓名 | H2: 订购书编号 | I2: 房号 | J2: 开发 面积 | K2: 销售面积 | L2: 单价 | M2: 总价 | N2: 2023.2.20-2023.3.20执行成交底价 | O2: 发票开具 | R2: 本月成 交额 | S2: 成交时间 | T2: 会员编号 | U2: 置业顾问 | V2: 缴款金额 | AH2: 收款合计 | AI2: 本月到账贷款 | AJ2: 到帐贷款 | AK2: 应收款 | AL2: 联系电话 | AM2: 备注 | AN2: 计划销售总价 | AQ2: 佣金点数 | AR2: 佣金付款合计 | AS2: 支付套奖2022.8月 | AT2: 支付套奖2023.2月 | AU2: 支付佣金2023.1月 | AV2: 支付佣金2023.2月 | AW2: 支付佣金2023.3月 | AX2: 支付佣金2023.4月 | AY2: 支付佣金2023.5月 | AZ2: 支付佣金2023.6月 | BA2: 支付佣金2023.7月 | BB2: 支付佣金2023.8月 | BC2: 支付佣金2023.9月 | BD2: 支付佣金2023.10月 | BE2: 支付佣金2023.11月 | BF2: 支付佣金2023.12月 | BG2: 支付佣金2024.1月 | BH2: 支付佣金2024.2月 | BI2: 支付佣金2024.3月 | BJ2: 支付佣金2024.4月 | BK2: 支付佣金2024.5月 | BL2: 支付佣金2024.6月 | BM2: 支付佣金2024.7月 | BN2: 支付佣金2024.9月 | BO2: 支付佣金2024.10月 | BP2: 支付佣金2024.11月 | BQ2: 支付佣金2024.12月 | BW2: 印花税
E3: 房屋性质 | O3: 金额 | P3: 号码 | Q3: 开票日期 | V3: 一 | W3: 时间 | X3: 二 | Y3: 时间 | Z3: 三 | AA3: 时间 | AB3: 四 | AC3: 时间 | AD3: 五 | AE3: 时间 | AF3: 六 | AG3: 时间 | BS3: 佣金
I4: 9-负1-配电间 | J4: 4.49 | AH4: =V4+X4+Z4+AB4+AD4+AF4 -> 0 | AK4: =M4-AH4 -> 0 | AQ4: 0.02 | AR4: =SUM(AU4:BR4) -> 0
G5: 李乐 | I5: 9-负1-101 | J5: 46.24 | L5: =M5/J5 -> 1730.1038 | M5: 80000 | V5: 2000 | W5: 45542 | X5: 78000 | Y5: 45573 | AH5: =V5+X5+Z5+AB5+AD5+AF5 -> 80000 | AK5: =M5-AH5 -> 0 | AQ5: 0.02 | AR5: =SUM(AU5:BR5) -> 80000 | BP5: 80000
G6: 蔡俊 | I6: 9-负1-102 | J6: 15.03 | L6: 2059.88 | M6: 30960 | V6: 5000 | W6: 45538 | X6: 25960 | Y6: 2024.9.25 | AH6: =V6+X6+Z6+AB6+AD6+AF6 -> 30960 | AK6: =M6-AH6 -> 0 | AQ6: 0.02 | AR6: =SUM(AU6:BR6) -> 30960 | BN6: 30960
G7: 王霞 | I7: 9-负1-103 | J7: 22.01 | L7: 2059.06 | M7: 45320 | V7: 2000 | W7: 45538 | X7: 43320 | Y7: 2024.11.23 | AH7: =V7+X7+Z7+AB7+AD7+AF7 -> 45320 | AK7: =M7-AH7 -> 0 | AQ7: 0.02 | AR7: =SUM(AU7:BR7) -> 45320 | BP7: 45320
I8: 9-负1-104 | J8: 70.72 | AH8: =V8+X8+Z8+AB8+AD8+AF8 -> 0 | AK8: =M8-AH8 -> 0 | AQ8: 0.02 | AR8: =SUM(AU8:BR8) -> 0
I9: 9-负1-105 | J9: 67.3 | AH9: =V9+X9+Z9+AB9+AD9+AF9 -> 0 | AK9: =M9-AH9 -> 0 | AQ9: 0.02 | AR9: =SUM(AU9:BR9) -> 0
G10: 李学德 | I10: 9-负1-106 | J10: 22.45 | L10: 2059.69 | M10: 46240 | V10: 5000 | W10: 45537 | X10: 41240 | Y10: 45552 | AH10: =V10+X10+Z10+AB10+AD10+AF10 -> 46240 | AK10: =M10-AH10 -> 0 | AQ10: 0.02 | AR10: =SUM(AU10:BR10) -> 46240 | BN10: 46240
G11: 张振华 | I11: 9-负1-107 | J11: 11.28 | L11: 2060.28 | M11: 23240 | V11: 23240 | W11: 45540 | AH11: =V11+X11+Z11+AB11+AD11+AF11 -> 23240 | AK11: =M11-AH11 -> 0 | AQ11: 0.02 | AR11: =SUM(AU11:BR11) -> 23240 | BN11: 23240
I12: 9-负1-108 | J12: 7.57 | L12: 2060.77 | M12: 15600 | AH12: =V12+X12+Z12+AB12+AD12+AF12 -> 0 | AK12: =M12-AH12 -> 15600 | AQ12: 0.02 | AR12: =SUM(AU12:BR12) -> 0
I13: 9-负1-109 | J13: 23.09 | L13: 2059.77 | M13: 47560 | AH13: =V13+X13+Z13+AB13+AD13+AF13 -> 0 | AK13: =M13-AH13 -> 47560 | AQ13: 0.02 | AR13: =SUM(AU13:BR13) -> 0
G14: 胡勇 | I14: 9-负1-201 | J14: 19.17 | L14: 2059.47 | M14: 39480 | V14: 2000 | W14: 45542 | X14: 37480 | Y14: 2024.9.9 | AH14: =V14+X14+Z14+AB14+AD14+AF14 -> 39480 | AK14: =M14-AH14 -> 0 | AQ14: 0.02 | AR14: =SUM(AU14:BR14) -> 39480 | BN14: 39480
G15: 张梦圆 | I15: 9-负1-202 | J15: 14.41 | L15: 2059.68 | M15: 29680 | V15: 2000 | W15: 45537 | X15: 27680 | Y15: 45546 | AH15: =V15+X15+Z15+AB15+AD15+AF15 -> 29680 | AK15: =M15-AH15 -> 0 | AQ15: 0.02 | AR15: =SUM(AU15:BR15) -> 29680 | BN15: 29680
G16: 李燕燕 | I16: 9-负1-203 | J16: 11.28 | L16: 2060.28 | M16: 23240 | V16: 23240 | W16: 2024.9.5 | AH16: =V16+X16+Z16+AB16+AD16+AF16 -> 23240 | AK16: =M16-AH16 -> 0 | AQ16: 0.02 | AR16: =SUM(AU16:BR16) -> 23240 | BN16: 23240
G17: 王鹏伟 | I17: 9-负1-204 | J17: 22.45 | L17: 2059.69 | M17: 46240 | V17: 2000 | W17: 45537 | X17: 44240 | Y17: 45547 | AH17: =V17+X17+Z17+AB17+AD17+AF17 -> 46240 | AK17: =M17-AH17 -> 0 | AQ17: 0.02 | AR17: =SUM(AU17:BR17) -> 46240 | BN17: 46240
I18: 9-负1-205 | J18: 67.3 | AH18: =V18+X18+Z18+AB18+AD18+AF18 -> 0 | AK18: =M18-AH18 -> 0 | AQ18: 0.02 | AR18: =SUM(AU18:BR18) -> 0
I19: 9-负1-206 | J19: 67.3 | AH19: =V19+X19+Z19+AB19+AD19+AF19 -> 0 | AK19: =M19-AH19 -> 0 | AQ19: 0.02 | AR19: =SUM(AU19:BR19) -> 0
I20: 9-负1-207 | J20: 10.47 | L20: 2059.22 | M20: 21560 | AH20: =V20+X20+Z20+AB20+AD20+AF20 -> 0 | AK20: =M20-AH20 -> 21560 | AQ20: 0.02 | AR20: =SUM(AU20:BR20) -> 0
G21: 张生祥 | I21: 9-负1-208 | J21: 10.8 | L21: 2059.26 | M21: 22240 | V21: 2000 | W21: 45539 | X21: 20240 | Y21: 45543 | AH21: =V21+X21+Z21+AB21+AD21+AF21 -> 22240 | AK21: =M21-AH21 -> 0 | AQ21: 0.02 | AR21: =SUM(AU21:BR21) -> 22240 | BN21: 22240
G22: 陈浩 | I22: 9-负1-209 | J22: 39.37 | L22: 2059.44 | M22: 81080 | V22: 5000 | W22: 45537 | X22: 76080 | Y22: 2024.9.3 | AH22: =V22+X22+Z22+AB22+AD22+AF22 -> 81080 | AK22: =M22-AH22 -> 0 | AQ22: 0.02 | AR22: =SUM(AU22:BR22) -> 81080 | BN22: 81080
A23: 1 | G23: 巩红卫 | I23: 9-1-101 | J23: 149.84 | K23: 149.84 | M23: 1182000 | N23: 7873 | T23: （巩红卫） | U23: 潘亦玹（巩红卫） | V23: 20000 | W23: 2023.5.1 | AH23: =V23+X23+Z23+AB23+AD23+AF23 -> 20000 | AK23: =M23-AH23 -> 1162000 | AQ23: =0.6%+0.06%+0.14% -> 0.008 | AR23: =SUM(AU23:BR23) -> 0 | AS23: =100 -> 100 | AT23: =100+100 -> 200 | BW23: 已交
A24: 2 | C24: 2023.2.11 | D24: 20230001464 | F24: 652801198804051612 | G24: 王将龙、张辉 | H24: 0000283 | I24: 9-1-102 | J24: 140.29 | K24: 140.29 | L24: 7863 | M24: 1103100 | O24: 1012018.3 | P24: 24652000000080842039 | Q24: 2024.12.27 | T24: 王将龙 | U24: 王将龙（李世平） | V24: =20000+2000-2000 -> 20000 | W24: 2023.2.10 | X24: 20000 | Y24: 2023.2.11 | Z24: 793100 | AA24: 2023.2.21 | AB24: 270000 | AC24: 2023.3.8 | AH24: =V24+X24+Z24+AB24+AD24+AF24 -> 1103100 | AK24: =M24-AH24 -> 0 | AL24: 13309963919 | AQ24: =0.4%+0.06%+0.14% -> 0.006 | AR24: =SUM(AU24:BR24) -> 1103100 | AS24: =100+100+100 -> 300 | AV24: 833100 | AW24: 270000 | BW24: 已交 | BX24: 已录
A25: 3 | C25: 2023.6.6 | D25: 20230004789 | F25: 622224199806125030 | G25: 张振华 | H25: 000323 | I25: 9-1-201 | J25: 146.97 | K25: 146.97 | L25: 5270 | M25: 774532 | N25: 5259.93 | O25: 710579.82 | P25: 24652000000081555090 | Q25: 2024-12.30 | U25: 米云鹤 | V25: 20000 | W25: 2023.5.1 | X25: 255532 | Y25: 2023.6.6 | Z25: 499000 | AA25: 2024.2.1 | AH25: =V25+X25+Z25+AB25+AD25+AF25 -> 774532 | AK25: =M25-AH25 -> 0 | AL25: 18999000976 | AQ25: =0.4%+0.04%+0.14% -> 0.0058 | AR25: =SUM(AU25:BR25) -> 774532 | AZ25: 275532 | BH25: 499000 | BW25: 已交 | BX25: 已录
A26: 4 | C26: 2023.8.6 | D26: 20230006624 | F26: 652801198308076116 | G26: 李杨 | H26: 0000319 | I26: 9-1-202 | J26: 137.77 | K26: 137.77 | L26: 5334.97 | M26: 735000 | N26: 5273.09 | U26: 肖陶丽 | V26: 20000 | W26: 2023.5.1 | X26: 7000 | Y26: 2023.8.6 | Z26: 140000 | AA26: 2024.4.3 | AB26: 568000 | AC26: 2024.5.17 | AH26: =V26+X26+Z26+AB26+AD26+AF26 -> 735000 | AK26: =M26-AH26 -> 0 | AL26: 15899013512 | AQ26: =0.4%+0.08% -> 0.0048 | AR26: =SUM(AU26:BR26) -> 735000 | AT26: 100 | BJ26: 167000 | BK26: 568000 | BW26: 已交 | BX26: 已录
A27: 5 | C27: 2023.2.20 | D27: 20230001743 | F27: 65282319860301002X | G27: 吴莎莎 | I27: 9-1-301 | J27: 146.97 | K27: 146.97 | L27: 5245.55 | M27: 770939 | O27: 707283.49 | P27: 24652000000081575274 | Q27: 2024-12.30 | T27: 吴莎莎 | U27: 吴莎莎 | V27: 770939 | W27: 2023.2.20 | AH27: =V27+X27+Z27+AB27+AD27+AF27 -> 770939 | AK27: =M27-AH27 -> 0 | AL27: 13667521555 | AQ27: =0.5%+0.06%+0.14% -> 0.007 | AR27: =SUM(AU27:BR27) -> 770939 | AV27: 770939 | BW27: 已交 | BX27: 已录
A28: 6 | C28: 2023.2.10 | D28: 20230001404 | F28: 513027197708045621 | G28: 曾丽萍、胡卿 | H28: 0000006 | I28: 9-1-302 | J28: 137.77 | K28: 137.77 | L28: 5140.96 | M28: 708270 | O28: 649788.99 | P28: 24652000000081576399 | Q28: 2024-12.30 | T28: 0000015（曾丽萍胡卿） | U28: 潘亦玹（曾丽平胡卿） | V28: 308270 | W28: 2023.2.10 | X28: 400000 | Y28: 2023.4.18 | AH28: =V28+X28+Z28+AB28+AD28+AF28 -> 708270 | AK28: =M28-AH28 -> 0 | AL28: 13779646868 | AQ28: =0.6%+0.04%+0.1% -> 0.0074 | AR28: =SUM(AU28:BR28) -> 708270 | AS28: =100 -> 100 | AT28: 100 | AV28: 308270 | AX28: 400000 | BW28: 已交 | BX28: 已录
A29: 7 | C29: 2023.2.11 | D29: 20230001431 | F29: 652828199308011528 | G29: 李燕燕 | H29: 0000282 | I29: 9-1-401 | J29: 146.97 | K29: 146.97 | L29: 5300 | M29: 778941 | O29: 714624.77 | P29: 24652000000081576757 | Q29: 2024-12.30 | T29: 李燕燕 | U29: 李燕燕 | V29: 20000 | W29: 2023.2.9 | X29: 218941 | Y29: 2023.2.11 | Z29: 540000 | AA29: 2023.9.15 | AH29: =V29+X29+Z29+AB29+AD29+AF29 -> 778941 | AK29: =M29-AH29 -> 0 | AL29: 18799823394 | AQ29: =0.6%+0.05%+0.14%+0.06% -> 0.0085 | AR29: =SUM(AU29:BR29) -> 778941 | AV29: 238941 | BC29: 540000 | BW29: 已交 | BX29: 已录
A30: 8 | C30: 2023.2.5 | D30: 20230000706 | F30: 652827199606182038 | G30: 方建成 | I30: 9-1-402 | J30: 137.77 | K30: 137.77 | L30: 5320 | M30: 732936 | O30: 672418.35 | P30: 24652000000081557692 | Q30: 2024-12.30 | T30: （方建成） | U30: （方建成） | V30: 300936 | W30: 2023.2.5 | X30: 432000 | Y30: 2023.2.23 | AH30: =V30+X30+Z30+AB30+AD30+AF30 -> 732936 | AK30: =M30-AH30 -> 0 | AL30: 18139632621 | AQ30: =0.5%+0.05%+0.14% -> 0.0069 | AR30: =SUM(AU30:BR30) -> 732936 | AS30: 100 | AT30: 100 | AV30: 732936 | BW30: 已交 | BX30: 已录
A31: 9 | C31: 2023.2.10 | D31: 20230001400 | F31: 41140319960308061X | G31: 陈浩、刘桂芝 | H31: 0000066 | I31: 9-1-501 | J31: 146.97 | K31: 146.97 | L31: 5208.96 | M31: 765561 | O31: 702349.54 | P31: 24652000000081587890 | Q31: 2024-12.30 | T31: 0000023（刘桂芝） | U31: 潘亦玹（刘桂芝） | V31: 725561 | W31: 2023.2.10 | X31: 40000 | Y31: 2023.4.4 | AH31: =V31+X31+Z31+AB31+AD31+AF31 -> 765561 | AK31: =M31-AH31 -> 0 | AL31: 18167705590 | AQ31: =0.6%+0.04%+0.1% -> 0.0074 | AR31: =SUM(AU31:BR31) -> 765561 | AS31: =100 -> 100 | AV31: 725561 | AX31: 40000 | BW31: 已交 | BX31: 已录
A32: 10 | C32: 2023.4.30 | D32: 20230003790 | F32: 652801199105080013 | G32: 余泽华 | H32: 0000303 | I32: 9-1-502 | J32: 137.77 | K32: 137.77 | L32: 5421.94 | M32: 746980 | O32: 685302.75 | P32: 24652000000081598308 | Q32: 2024-12.30 | T32: 余泽华 | U32: 赵江龙（余泽华） | V32: =2000-2000 -> 0 | W32: 44761 | X32: =18000-18000 -> 0 | Y32: 2023.1.1 | Z32: 20000 | AA32: 2023.4.15 | AB32: 206980 | AC32: 2023.5.1 | AD32: 520000 | AE32: 2023.5.17 | AH32: =V32+X32+Z32+AB32+AD32+AF32 -> 746980 | AK32: =M32-AH32 -> 0 | AL32: 18599180069 | AQ32: =0.4%+0.1% -> 0.005 | AR32: =SUM(AU32:BR32) -> 746980 | AS32: =100+100 -> 200 | AY32: 746980 | BW32: 已交 | BX32: 已录
A33: 11 | C33: 2023.6 | D33: 20230004864 | F33: 610502199911101019 | G33: 谷镇江 | H33: 0000334 | I33: 9-1-601 | J33: 146.97 | K33: 146.97 | L33: =M33/K33 -> 5877.2266 | M33: 863776 | O33: 792455.05 | P33: 24652000000081568892 | Q33: 2024-12.30 | U33: 王荣 | V33: 20000 | W33: 2023.5.16 | X33: 343776 | Y33: 2023.6.10 | Z33: 500000 | AA33: 2023.10.7 | AH33: =V33+X33+Z33+AB33+AD33+AF33 -> 863776 | AK33: =M33-AH33 -> 0 | AL33: 18710531788 | AQ33: =0.6%+0.06%+0.14% -> 0.008 | AR33: =SUM(AU33:BR33) -> 863776 | AS33: =100 -> 100 | AT33: =100+100 -> 200 | AZ33: 363776 | BD33: 500000 | BT33: 库德来提退房，1月业绩主管 经理均安最低点计佣，未拿提成，不做调整 | BW33: 已交 | BX33: 已录
A34: 12 | C34: 2023.3.6 | D34: 20230000730 | F34: 130281199911135336 | G34: 赵敬泽 | H34: 0000016 | I34: 9-1-602 | J34: 137.77 | K34: 137.77 | L34: 5265.96 | M34: 725492 | O34: 665588.99 | P34: 24652000000081589251 | Q34: 2024-12.30 | T34: 0000175（赵敬泽） | U34: 张玉琴（赵敬泽） | V34: 426492 | W34: 2023.2.6 | X34: 299000 | Y34: 2023.8.1 | AH34: =V34+X34+Z34+AB34+AD34+AF34 -> 725492 | AK34: =M34-AH34 -> 0 | AL34: 17717779640 | AQ34: =0.4%+0.04%+0.1%+0.04% -> 0.0058 | AR34: =SUM(AU34:BR34) -> 725492 | AS34: =100 -> 100 | AT34: =100+100 -> 200 | AV34: 426492 | BB34: 299000 | BW34: 已交 | BX34: 已录
A35: 13 | C35: 2023.2.5 | D35: 20230000725 | F35: 652823199412240521 | G35: 张洁 | H35: 0000225 | I35: 9-1-701 | J35: 146.97 | K35: 146.97 | L35: 5298.97 | M35: 778789 | O35: 714485.32 | P35: 24652000000081579746 | Q35: 2024-12.30 | T35: （张洁） | U35: 闫金秀（张洁） | V35: =2000-2000 -> 0 | W35: 44753 | X35: 102789 | Y35: 2023.2.5 | Z35: 112000 | AA35: 2023.6.10 | AB35: 65000 | AC35: 2023.6.13 | AD35: 499000 | AE35: 2023.7.26 | AH35: =V35+X35+Z35+AB35+AD35+AF35 -> 778789 | AK35: =M35-AH35 -> 0 | AL35: 13139737559 | AQ35: =0.6%+0.1% -> 0.007 | AR35: =SUM(AU35:BR35) -> 778789 | AS35: =100+100 -> 200 | AZ35: 167789 | BA35: 611000 | BW35: 已交 | BX35: 已录
A36: 14 | C36: 2023.1.6 | D36: 20230000142 | F36: 650103198805195514 | G36: 贺飞 | H36: 0000018 | I36: 9-1-702 | J36: 137.77 | K36: 137.77 | L36: 5310.96 | M36: 731691 | O36: 671276.15 | P36: 24652000000081640299 | Q36: 2024-12.30 | T36: 0000110（贺飞） | U36: 潘亦玹（贺飞） | V36: =2000 -> 2000 | W36: 44760 | X36: 18000 | Y36: 2023.1.1 | Z36: 163691 | AA36: 2023.2.16 | AB36: 348000 | AC36: 2023.2.24 | AD36: 200000 | AE36: 2023.6.7 | AH36: =V36+X36+Z36+AB36+AD36+AF36 -> 731691 | AK36: =M36-AH36 -> 0 | AL36: 13369967520 | AQ36: =0.6%+0.04%+0.1% -> 0.0074 | AR36: =SUM(AU36:BR36) -> 731691 | AT36: 100 | AU36: 183691 | AV36: 348000 | AZ36: 200000 | BW36: 已交 | BX36: 已录
A37: 15 | C37: 2023.3.7 | D37: 20230000953 | F37: 650107198311200016 | G37: 胡勇、王丹风 | H37: 0000072 | I37: 9-1-801 | J37: 146.97 | K37: 146.97 | L37: 5323.96 | M37: 782463 | O37: 717855.96 | P37: 24652000000081620952 | Q37: 2024-12.30 | T37: （胡勇） | U37: 霍红霞（胡勇） | V37: 77463 | W37: 2023.2.7 | X37: 80000 | Y37: 2023.2.24 | Z37: 12000 | AA37: 2023.7.25 | AB37: 613000 | AC37: 2023.9.22 | AH37: =V37+X37+Z37+AB37+AD37+AF37 -> 782463 | AK37: =M37-AH37 -> 0 | AL37: 13999627205 | AQ37: =0.6%+0.04%+0.1%+0.04% -> 0.0078 | AR37: =SUM(AU37:BR37) -> 782463 | AV37: 157463 | BC37: 625000 | BW37: 已交 | BX37: 已录
A38: 16 | C38: 2023.2.10 | D38: 20230001308 | F38: 41128219990719803X | G38: 原奥拓 | H38: 0000020 | I38: 9-1-802 | J38: 137.77 | K38: 137.77 | L38: 5335.96 | M38: 735136 | O38: 674436.7 | P38: 24652000000080194653 | Q38: 2024-12-26 | T38: 0000082（原奥拓） | U38: 霍红霞（原奥拓） | V38: 192136 | W38: 2023.2.10 | X38: 43000 | Y38: 2023.2.16 | Z38: 500000 | AA38: 2023.3.7 | AH38: =V38+X38+Z38+AB38+AD38+AF38 -> 735136 | AK38: =M38-AH38 -> 0 | AL38: 18794759920 | AQ38: =0.6%+0.04%+0.1% -> 0.0074 | AR38: =SUM(AU38:BR38) -> 735136 | AS38: 100 | AT38: 100 | AV38: 235136 | AW38: 500000 | BW38: 已交 | BX38: 已录
A39: 17 | C39: 2023.4.10 | D39: 20230003229 | F39: 620121196609240531 | G39: 王贤 | H39: 0000074 | I39: 9-1-901 | J39: 146.97 | K39: 146.97 | L39: 5368.96 | M39: 789076 | T39: 0000036（王贤） | U39: 米云鹤（王贤） | V39: 2000 | W39: 44763 | X39: 18000 | Y39: 2023.1.1 | Z39: 239076 | AA39: 2023.4.10 | AH39: =V39+X39+Z39+AB39+AD39+AF39 -> 259076 | AK39: =M39-AH39 -> 530000 | AL39: 13899055333 | AQ39: 0.0054 | AR39: =SUM(AU39:BR39) -> 0 | AS39: =100 -> 100 | BW39: 已交 | BX39: 已录
A40: 18 | C40: 2023.2.9 | D40: 20230001243 | F40: 411627199609016418 | G40: 任文森 | H40: 0000022 | I40: 9-1-902 | J40: 137.77 | K40: 137.77 | L40: 5380.96 | M40: 741335 | O40: 680123.85 | P40: 24652000000081611505 | Q40: 2024-12.30 | T40: 0000030（肖陶丽） | U40: 任文森（肖陶丽） | V40: 242335 | W40: 2023.2.9 | X40: 499000 | Y40: 2023.5.18 | AH40: =V40+X40+Z40+AB40+AD40+AF40 -> 741335 | AK40: =M40-AH40 -> 0 | AL40: 13565026218 | AQ40: =0.6%+0.1% -> 0.007 | AR40: =SUM(AU40:BR40) -> 741335 | AT40: =100+100 -> 200 | AV40: 242335 | AY40: 499000 | BW40: 已交 | BX40: 已录
A41: 19 | C41: 2023.2.9 | D41: 20230001161 | F41: 652826199901091116 | G41: 黄豪 | H41: 0000075 | I41: 9-1-1001 | J41: 146.97 | K41: 146.97 | L41: 5388.96 | M41: 792016 | O41: 726620.18 | P41: 24652000000081641684 | Q41: 2024-12.30 | T41: 0000205（黄豪） | U41: 张玉琴（黄豪） | V41: 542016 | W41: 2023.2.9 | X41: 250000 | Y41: 2023.7.25 | AH41: =V41+X41+Z41+AB41+AD41+AF41 -> 792016 | AK41: =M41-AH41 -> 0 | AL41: 15699251659 | AQ41: =0.4%+0.04%+0.1% -> 0.0054 | AR41: =SUM(AU41:BR41) -> 792016 | AS41: =100 -> 100 | AV41: 542016 | BA41: 250000 | BW41: 已交 | BX41: 已录
A42: 20 | C42: 2023.1.7 | D42: 20230000170 | F42: 652322198710153532 | G42: 李乐 | I42: 9-1-1002 | J42: 137.77 | K42: 137.77 | L42: 5351 | M42: 737202 | O42: 676332.11 | P42: 24652000000081602258 | Q42: 2024-12.30 | T42: 0000013（李乐） | U42: 霍红霞（李乐） | V42: 2000 | W42: 44762 | X42: 18000 | Y42: 2023.1.1 | Z42: 73202 | AA42: 2023.1.7 | AB42: 60000 | AC42: 2023.2.8 | AD42: 85000 | AE42: 2023.3.31 | AF42: 499000 | AG42: 2023.4.28 | AH42: =V42+X42+Z42+AB42+AD42+AF42 -> 737202 | AK42: =M42-AH42 -> 0 | AL42: 13899010102 | AQ42: =0.6%+0.04%+0.1% -> 0.0074 | AR42: =SUM(AU42:BR42) -> 737202 | AW42: 238202 | AX42: 499000 | BW42: 已交 | BX42: 已录
A43: 21 | C43: 2023.6.17 | D43: 20230005171 | F43: 652827199002141446 | G43: 王霞、蔡国锋 | H43: 0000226 | I43: 9-1-1101 | J43: 146.97 | K43: 146.97 | L43: 6443.5 | M43: 947000 | O43: 868807.34 | P43: 24652000000081642738 | Q43: 2024-12.30 | T43: （王霞） | U43: 李世平（王霞） | V43: =20000+2000-2000+2000-2000 -> 20000 | W43: 2023.1.10 2022-7-11 2022-7-9 | X43: 80000 | Y43: 2023.4.17 | Z43: 90000 | AA43: 2023.6.17 | AB43: 47000 | AC43: 2023.9.15 | AD43: 710000 | AE43: 2023.10.24 | AH43: =V43+X43+Z43+AB43+AD43+AF43 -> 947000 | AK43: =M43-AH43 -> 0 | AL43: 15739869730 | AQ43: =0.4%+0.04%+0.1% -> 0.0054 | AR43: =SUM(AU43:BR43) -> 947000 | AS43: =100+100 -> 200 | AT43: =100 -> 100 | AZ43: 190000 | BD43: 757000 | BW43: 已交 | BX43: 已录
A44: 22 | C44: 2023.2.10 | D44: 20230001343 | F44: 650121197901080838 | G44: 蔡俊 | H44: 0000025 | I44: 9-1-1102 | J44: 137.77 | K44: 137.77 | L44: 6520 | M44: 898260 | O44: 824091.74 | P44: 24652000000081643223 | Q44: 2024-12.30 | T44: 0000221（蔡俊） | U44: 刘伟杰（蔡俊） | V44: 328260 | W44: 2023.2.10 | X44: 370000 | Y44: 2023.5.18 | Z44: 200000 | AA44: 2023.11.1 | AH44: =V44+X44+Z44+AB44+AD44+AF44 -> 898260 | AK44: =M44-AH44 -> 0 | AL44: 15899013526 | AQ44: =0.4%+0.04%+0.1%+0.04% -> 0.0058 | AR44: =SUM(AU44:BR44) -> 898260 | AT44: =100+100 -> 200 | AY44: 698260 | BE44: 200000 | BW44: 已交 | BX44: 已录
A45: 23 | C45: 2023.10.5 | D45: 20230008632 | F45: 654126199301130517 | G45: 哈尔肯 | H45: 0000302 | I45: 9-2-101 | J45: 140.29 | K45: 140.29 | L45: 7860 | M45: 1102679 | N45: 7855 | T45: 哈尔肯 | U45: 闫金秀 | V45: 20000 | W45: 2023.4.5 | X45: 282679 | Y45: 2023.5.31 | Z45: 800000 | AA45: 2023.10.31 | AH45: =V45+X45+Z45+AB45+AD45+AF45 -> 1102679 | AK45: =M45-AH45 -> 0 | AL45: 18690985916 | AQ45: =0.6%+0.1%+0.05% -> 0.0075 | AR45: =SUM(AU45:BR45) -> 1102679 | BD45: 1102679 | BW45: 已交 | BX45: 已录
A46: 24 | C46: 2023.2.7 | D46: 20230000901 | F46: 130682199105067402 | G46: 魏红欣、费仕通 | H46: 0000229 | I46: 9-2-102 | J46: 140.89 | K46: 140.89 | L46: 7835 | M46: 1103873 | O46: 1012727.5 | P46: 24652000000081613735 | Q46: 2024-12.30 | T46: （魏红欣） | U46: 张玉琴（魏红欣） | V46: 28873 | W46: 2023.2.7 | X46: 375000 | Y46: 2023.2.16 | Z46: 700000 | AA46: 2023.9.28 | AH46: =V46+X46+Z46+AB46+AD46+AF46 -> 1103873 | AK46: =M46-AH46 -> 0 | AL46: 13999007117 | AQ46: =0.4%+0.04%+0.1%+0.04% -> 0.0058 | AR46: =SUM(AU46:BR46) -> 1103873 | AT46: 100 | AV46: 403873 | BC46: 700000 | BW46: 已交 | BX46: 已录
A47: 25 | C47: 2023.7.30 | D47: 20230006450 | F47: 622424199805172215 | G47: 张珂珂 | H47: 0000351 | I47: 9-2-201 | J47: 137.77 | K47: 137.77 | L47: 5618 | M47: 774000 | N47: 5266.89 | O47: 710091.74 | P47: 25652000000000414760 | Q47: 2024-12.30 | U47: 肖陶丽 | V47: 20000 | W47: 2023.7.10 | X47: =85000+50000 -> 135000 | Y47: 2023.7.30 | Z47: 619000 | AA47: 2023.9.13 | AH47: =V47+X47+Z47+AB47+AD47+AF47 -> 774000 | AK47: =M47-AH47 -> 0 | AL47: 19999769708 | AQ47: =0.7%+0.14% -> 0.0084 | AR47: =SUM(AU47:BR47) -> 774000 | AT47: 100 | BA47: 155000 | BC47: 619000 | BW47: 已交 | BX47: 已录
A48: 26 | C48: 2023.7.13 | D48: 20230005822 | F48: 652801197607206131 | G48: 艾沙江·亚森（亚森·努尔） | I48: 9-2-202 | J48: 138.26 | K48: 138.26 | L48: 5240 | M48: 724482 | N48: 5246.18 | O48: 664662.39 | P48: 24652000000081644862 | Q48: 2024-12.30 | U48: 潘亦玹 | V48: 10000 | W48: 2023.4.23 | X48: 50000 | Y48: 2023.5.6 | Z48: 100482 | AA48: 2023.7.13 | AB48: 64000 | AC48: 2023.8.13 | AD48: 500000 | AE48: 2023.8.23 | AH48: =V48+X48+Z48+AB48+AD48+AF48 -> 724482 | AK48: =M48-AH48 -> 0 | AL48: 13899023889 | AQ48: =0.6%+0.04%+0.1% -> 0.0074 | AR48: =SUM(AU48:BR48) -> 724482 | BA48: 160482 | BB48: 564000 | BW48: 已交 | BX48: 已录
A49: 27 | C49: 2023.2.8 | D49: 20230001075 | F49: 652801199207181616 | G49: 薛刚 | H49: 0000224 | I49: 9-2-301 | J49: 137.77 | K49: 137.77 | L49: 5258 | M49: 724395 | O49: 664582.57 | P49: 24652000000081626333 | Q49: 2024-12.30 | T49: （薛刚） | U49: 连阵阵（薛刚） | V49: 275395 | W49: 2023.2.8 | X49: 150000 | Y49: 2023.3.9 | Z49: 299000 | AA49: 2023.8.2 | AH49: =V49+X49+Z49+AB49+AD49+AF49 -> 724395 | AK49: =M49-AH49 -> 0 | AL49: 15899013555 | AQ49: =0.4%+0.04%+0.1%+0.04% -> 0.0058 | AR49: =SUM(AU49:BR49) -> 724395 | AV49: 275395 | BB49: 449000 | BW49: 已交 | BX49: 已录
A50: 28 | C50: 2023.2.17 | D50: 20230001692 | F50: 36220219760208204X | G50: 刘晒琴 | H50: 0000230 | I50: 9-2-302 | J50: 138.26 | K50: 138.26 | L50: 5114.96 | M50: 707195 | O50: 648802.75 | P50: 24652000000081617061 | Q50: 2024-12.30 | T50: 0000101（李国平） | U50: 李国平（王士杰） | V50: 2000 | W50: 44759 | X50: 18000 | Y50: 2023.1.17 | Z50: 687195 | AA50: 2023.2.17 | AH50: =V50+X50+Z50+AB50+AD50+AF50 -> 707195 | AK50: =M50-AH50 -> 0 | AL50: 18109963899 | AQ50: =0.4%+0.04%+0.1% -> 0.0054 | AR50: =SUM(AU50:BR50) -> 707195 | AT50: 100 | AV50: 707195 | BW50: 已交 | BX50: 已录
A51: 29 | C51: 2023.2.11 | D51: 20230001440 | F51: 652801199607011616 | G51: 王鹏伟 | I51: 9-2-401 | J51: 137.77 | K51: 137.77 | L51: 137.77 | M51: 728681 | T51: 王鹏伟 | U51: 王鹏伟 | V51: 20000 | W51: 2023.2.9 | X51: 601681 | Y51: 2023.2.11 | Z51: 107000 | AA51: 2023.2.20 | AH51: =V51+X51+Z51+AB51+AD51+AF51 -> 728681 | AK51: =M51-AH51 -> 0 | AL51: 17767666093 | AQ51: =0.6%+0.06%+0.14% -> 0.008 | AR51: =SUM(AU51:BR51) -> 728681 | AV51: 728681 | BW51: 已交 | BX51: 已录
A52: 30 | C52: 2023.2.11 | D52: 20230001507 | F52: 652801199208086127 | G52: 阿依努尔·艾比布拉 海提甫江·托乎提 | I52: 9-2-402 | J52: 138.26 | K52: 138.26 | L52: 5268.63 | M52: 728441 | O52: 668294.5 | P52: 24652000000081660057 | Q52: 2024-12.30 | T52: 阿依努尔·艾比布拉 | U52: 阿依努尔·艾比布拉 | V52: 18441 | W52: 2023.2.11 | X52: 40000 | Y52: 2023.6.15 | Z52: 20000 | AA52: 2023.7.26 | AB52: 70000 | AC52: 2023.7.31 | AD52: 580000 | AE52: 2023.10.20 | AH52: =V52+X52+Z52+AB52+AD52+AF52 -> 728441 | AK52: =M52-AH52 -> 0 | AL52: 18034834003 | AQ52: =0.6%+0.06%+0.14%+0.06% -> 0.0086 | AR52: =SUM(AU52:BR52) -> 728441 | AT52: 100 | BA52: 148441 | BD52: 580000 | BW52: 已交 | BX52: 已录
A53: 31 | C53: 2023.2.9 | D53: 20230001147 | F53: 652828199506072022 | G53: 陶婧、屈疆龙 | H53: 0000233 | I53: 9-2-501 | J53: 137.77 | K53: 137.77 | L53: 5220 | M53: 719159 | O53: 659778.9 | P53: 24652000000081650648 | Q53: 2024-12.30 | T53: （陶婧） | U53: 连阵阵（陶婧） | V53: 369159 | W53: 2023.2.9 | X53: 350000 | Y53: 2023.2.23 | AH53: =V53+X53+Z53+AB53+AD53+AF53 -> 719159 | AK53: =M53-AH53 -> 0 | AL53: 17799450607 | AQ53: =0.4%+0.04%+0.1% -> 0.0054 | AR53: =SUM(AU53:BR53) -> 719159 | AS53: =100 -> 100 | AT53: 100 | AV53: 719159 | BW53: 已交 | BX53: 已录
A54: 32 | C54: 2023.2.7 | D54: 20230000826 | F54: 622301198909022815 | G54: 张生祥、杨静 | H54: 000028 | I54: 9-2-502 | J54: 138.26 | K54: 138.26 | L54: 5194.96 | M54: 718256 | O54: 658950.46 | P54: 24652000000081691162 | Q54: 2024-12.30 | U54: 李秀莲（张生祥） | V54: 56256 | W54: 2023.2.6 | X54: 160000 | Y54: 2023.3.20 | Z54: 502000 | AA54: 2023.4.12 | AH54: =V54+X54+Z54+AB54+AD54+AF54 -> 718256 | AK54: =M54-AH54 -> 0 | AL54: 15199932991 | AQ54: =0.6%+0.04%+0.1% -> 0.0074 | AR54: =SUM(AU54:BR54) -> 718256 | AW54: 216256 | AX54: 502000 | BW54: 已交 | BX54: 已录
A55: 33 | C55: 2023.5.7 | D55: 20230003918 | F55: 652824199310030028 | G55: 排日阿依·库德来提 | H55: 0000071 | I55: 9-2-601 | J55: 137.77 | K55: 137.77 | L55: 5259.96 | M55: 724665 | O55: 664830.28 | P55: 24652000000081671831 | Q55: 2024-12.30 | T55: 0000159（米拉迪力江） | U55: 王尔东（米拉） | V55: 2000 | W55: 44774 | X55: 18000 | Y55: 2023.1.1 | Z55: 205665 | AA55: 2023.5.7 | AB55: 499000 | AC55: 2023.8.15 | AH55: =V55+X55+Z55+AB55+AD55+AF55 -> 724665 | AK55: =M55-AH55 -> 0 | AL55: 17709961530 | AQ55: =0.4%+0.04%+0.1%+0.04% -> 0.0058 | AR55: =SUM(AU55:BR55) -> 724665 | AT55: 100 | AY55: 225665 | BB55: 499000 | BW55: 已交 | BX55: 已录
A56: 34 | C56: 2023.3.20 | D56: 20230002636 | F56: 622326198402150014 | G56: 李学德 | H56: 0000244 | I56: 9-2-602 | J56: 138.26 | K56: 138.26 | L56: 5238.96 | M56: 724477 | O56: 664657.8 | P56: 24652000000081692160 | Q56: 2024-12.30 | T56: 0000176-177（李学德） | U56: 王士杰（李学德*2） | V56: =4000 -> 4000 | W56: 44781 | X56: 16000 | Y56: 2023.1.3 | Z56: 477 | AA56: 2023.3.20 | AB56: 240000 | AC56: 2023.4.27 | AD56: 464000 | AE56: 2023.5.29 | AH56: =V56+X56+Z56+AB56+AD56+AF56 -> 724477 | AK56: =M56-AH56 -> 0 | AL56: 13179879608 | AQ56: =0.4%+0.04%+0.1% -> 0.0054 | AR56: =SUM(AU56:BR56) -> 724477 | AS56: =100 -> 100 | AX56: 260477 | AY56: 464000 | BW56: 已交 | BX56: 已录
A57: 35 | C57: 2023.2.11 | D57: 20230001427 | F57: 620321199802120317 | G57: 祁世权 | H57: 0000044 | I57: 9-2-701 | J57: 137.77 | K57: 137.77 | L57: 5304.96 | M57: 730865 | O57: 670518.35 | P57: 24652000000081652778 | Q57: 2024-12.30 | T57: 0000081（祁世权） | U57: 霍红霞（祁世权） | V57: 150865 | W57: 2023.2.11 | X57: 580000 | Y57: 2023.10.20 | AH57: =V57+X57+Z57+AB57+AD57+AF57 -> 730865 | AK57: =M57-AH57 -> 0 | AL57: 13289912572 | AQ57: =0.6%+0.04%+0.1%+0.04% -> 0.0078 | AR57: =SUM(AU57:BR57) -> 730865 | AT57: 100 | AW57: 150865 | BD57: 580000 | BW57: 已交 | BX57: 已录
A58: 36 | C58: 2023.2.8 | D58: 20230001033 | F58: 652301199712106417 | G58: 袁泽 | H58: 0000030 | I58: 9-2-702 | J58: 138.26 | K58: 138.26 | L58: 5284.96 | M58: 730699 | O58: 670366.06 | P58: 24652000000081663407 | Q58: 2024-12.30 | T58: 0000139（袁泽） | U58: 刘伟杰（袁泽） | V58: =2000-2000 -> 0 | W58: 44771 | X58: 230699 | Y58: 2023.2.8 | Z58: 80000 | AA58: 2023.2.13 | AB58: 420000 | AC58: 2023.3.10 | AH58: =V58+X58+Z58+AB58+AD58+AF58 -> 730699 | AK58: =M58-AH58 -> 0 | AL58: 18699553569 | AQ58: =0.4%+0.04%+0.1% -> 0.0054 | AR58: =SUM(AU58:BR58) -> 730699 | AT58: 100 | AV58: 310699 | AW58: 420000 | BW58: 已交 | BX58: 已录
A59: 37 | C59: 2023.2.10 | D59: 20230001384 | F59: 412326199605102712 | G59: 代永涛 | H59: 0000007 | I59: 9-2-801 | J59: 137.77 | K59: 137.77 | L59: 5329.96 | M59: 734309 | O59: 673677.98 | P59: 24652000000081663738 | Q59: 2024-12.30 | T59: 0000080（代永涛） | U59: 霍子涵（代永涛） | V59: 211309 | W59: 2023.2.10 | X59: 43000 | Y59: 2023.2.17 | Z59: 480000 | AA59: 2023.11.16 | AH59: =V59+X59+Z59+AB59+AD59+AF59 -> 734309 | AK59: =M59-AH59 -> 0 | AL59: 15729915255 | AQ59: =0.6%+0.04%+0.1%+0.04% -> 0.0078 | AR59: =SUM(AU59:BR59) -> 734309 | AS59: =100 -> 100 | AV59: 254309 | BE59: 480000 | BW59: 已交 | BX59: 已录
A60: 38 | C60: 2023.6.29 | D60: 20230005434 | F60: 622621199201013 | G60: 丁晓琴 | H60: 0000008 | I60: 9-2-802 | J60: 138.26 | K60: 138.26 | L60: 5309.96 | M60: 734155 | O60: 673536.7 | P60: 24652000000081693967 | Q60: 2024-12.30 | T60: 0000087（丁晓琴） | U60: 闫金秀（丁晓琴） | V60: 2000 | W60: 44755 | X60: 18000 | Y60: 2023.1.1 | Z60: 50000 | AA60: 2023.5.30 | AB60: 204155 | AC60: 2023.6.29 | AD60: 460000 | AE60: 2023.8.28 | AH60: =V60+X60+Z60+AB60+AD60+AF60 -> 734155 | AK60: =M60-AH60 -> 0 | AL60: 13239072411 | AQ60: =0.6%+0.1%+0.04% -> 0.0074 | AR60: =SUM(AU60:BR60) -> 734155 | AS60: =100 -> 100 | AZ60: 274155 | BB60: 460000 | BW60: 已交 | BX60: 已录
A61: 39 | C61: 2023.2.5 | D61: 20230000663 | F61: 620422199604200852 | G61: 贾康 | H61: 0000014 | I61: 9-2-901 | J61: 137.77 | K61: 137.77 | L61: 5374.96 | M61: 740509 | O61: 679366.06 | P61: 24652000000080439389 | Q61: 2024.12.26 | T61: 0000106（贾康） | U61: 连阵阵（贾康） | V61: 230509 | W61: 2023.2.5 | X61: 510000 | Y61: 2023.2.23 | AH61: =V61+X61+Z61+AB61+AD61+AF61 -> 740509 | AK61: =M61-AH61 -> 0 | AL61: 19990628638 | AQ61: =0.4%+0.04%+0.1% -> 0.0054 | AR61: =SUM(AU61:BR61) -> 740509 | AS61: =100 -> 100 | AV61: 740509 | BW61: 已交 | BX61: 已录
A62: 40 | C62: 2023.2.8 | D62: 20230001030 | F62: 622224199601023014 | G62: 刘志辉 | H62: 0000009 | I62: 9-2-902 | J62: 138.26 | K62: 138.26 | L62: 5354.96 | M62: 740377 | O62: 679244.95 | P62: 24652000000081654558 | Q62: 2024.12.30 | T62: （刘志辉） | U62: 刘伟杰（刘志辉） | V62: 130377 | W62: 2023.2.8 | X62: 110000 | Y62: 2023.3.8 | Z62: 500000 | AA62: 2023.3.24 | AH62: =V62+X62+Z62+AB62+AD62+AF62 -> 740377 | AK62: =M62-AH62 -> 0 | AL62: 15009086371 | AQ62: =0.4%+0.04%+0.1% -> 0.0054 | AR62: =SUM(AU62:BR62) -> 740377 | AW62: 740377 | BW62: 已交 | BX62: 已录
A63: 41 | C63: 2023.2.8 | D63: 20230001002 | F63: 652825196806160021 | G63: 张金玲、张梦圆 | I63: 9-2-1001 | J63: 137.77 | K63: 137.77 | L63: 5538.22 | M63: 763000 | O63: 700000 | P63: 24652000000081684765 | Q63: 2024.12.30 | T63: 张梦圆 | U63: 张梦圆 | V63: 763000 | W63: 2023.2.8 | AH63: =V63+X63+Z63+AB63+AD63+AF63 -> 763000 | AK63: =M63-AH63 -> 0 | AL63: 13779653780 | AQ63: =0.6%+0.06%+0.14% -> 0.008 | AR63: =SUM(AU63:BR63) -> 763000 | AT63: =100+100 -> 200 | AV63: 763000 | BW63: 已交 | BX63: 已录
A64: 42 | C64: 2023.2.11 | D64: 20230001567 | F64: 14220219850929237X | G64: 陈义 | I64: 9-2-1002 | J64: 138.26 | K64: 138.26 | L64: 5520.02 | M64: 763198 | O64: 700181.65 | P64: 24652000000081695090 | Q64: 2024.12.30 | T64: 陈义 | U64: 连阵阵（陈义） | V64: =2000-2000 -> 0 | W64: 44754 | X64: 133198 | Y64: 2023.2.11 | Z64: 100000 | AA64: 2023.4.18 | AB64: 530000 | AC64: 2024.1.18 | AH64: =V64+X64+Z64+AB64+AD64+AF64 -> 763198 | AK64: =M64-AH64 -> 0 | AL64: 15999006913 | AQ64: =0.4%+0.05%+0.14% -> 0.0059 | AR64: =SUM(AU64:BR64) -> 763198 | AS64: =100 -> 100 | AX64: 233198 | BG64: 530000 | BW64: 已交 | BX64: 已录
A65: 43 | C65: 2023.11.19 | D65: 20230009766 | F65: 652401199902210035 | G65: 韩林 | H65: 0000300 | I65: 9-2-1101 | J65: 137.77 | K65: 137.77 | L65: 6482 | M65: 893025 | O65: 819288.99 | P65: 24652000000081685423 | Q65: 2024.12.30 | T65: 0000103（韩林） 0000212（韩林） | U65: 闫金秀（韩林） | V65: =2000+1000 -> 3000 | W65: 2022.7.17/10.31 | X65: 17000 | Y65: 2023.1.1 | Z65: 40000 | AA65: 2023.5.27 | AB65: 100000 | AC65: 2023.11.9 | AD65: 423025 | AE65: 2023.11.19 | AF65: =20000+290000 -> 310000 | AG65: 2023.11.20 2023.12.22 | AH65: =V65+X65+Z65+AB65+AD65+AF65 -> 893025 | AK65: =M65-AH65 -> 0 | AL65: 13040528770 | AQ65: =0.6%+0.1%+0.04% -> 0.0074 | AR65: =SUM(AU65:BR65) -> 893025 | BE65: 603025 | BF65: 290000 | BW65: 已交 | BX65: 已录
A66: 44 | C66: 2023.3.31 | D66: 20230002981 | F66: 652801199207070027 | G66: 王林培 | H66: 0000265 | I66: 9-2-1102 | J66: 138.26 | K66: 138.26 | L66: 6609 | M66: 913760 | N66: 6492 | O66: 838311.93 | P66: 24652000000068297177 | Q66: 2024.11.12 | T66: 王林培 | U66: 潘亦玹 | V66: 20000 | W66: 2023.3.21 | X66: =60000+133760 -> 193760 | Y66: 2023.3.31 | Z66: =70000+630000 -> 700000 | AA66: 2023.7.11 | AH66: =V66+X66+Z66+AB66+AD66+AF66 -> 913760 | AK66: =M66-AH66 -> 0 | AL66: 17309960707 | AQ66: =0.6%+0.06%+0.14% -> 0.008 | AR66: =SUM(AU66:BR66) -> 913760 | AW66: 213760 | BA66: 700000 | BW66: 已交 | BX66: 已录
I67: 10-负1-101 | J67: 38.67 | L67: 2196.02 | M67: 84920 | AH67: =V67+X67+Z67+AB67+AD67+AF67 -> 0 | AK67: =M67-AH67 -> 84920 | AQ67: 0.02 | AR67: =SUM(AU67:BR67) -> 0
I68: 10-负1-102 | J68: 65.05 | AH68: =V68+X68+Z68+AB68+AD68+AF68 -> 0 | AK68: =M68-AH68 -> 0 | AQ68: 0.02 | AR68: =SUM(AU68:BR68) -> 0
I69: 10-负1-103 | J69: 64.62 | AH69: =V69+X69+Z69+AB69+AD69+AF69 -> 0 | AK69: =M69-AH69 -> 0 | AQ69: 0.02 | AR69: =SUM(AU69:BR69) -> 0
I70: 10-负1-104 | J70: 39.17 | L70: 2195.56 | M70: 86000 | AH70: =V70+X70+Z70+AB70+AD70+AF70 -> 0 | AK70: =M70-AH70 -> 86000 | AQ70: 0.02 | AR70: =SUM(AU70:BR70) -> 0
G71: 杨培誉 | I71: 10-负1-105 | J71: 28.18 | L71: 2195.88 | M71: 61800 | V71: 2000 | W71: 45537 | AH71: =V71+X71+Z71+AB71+AD71+AF71 -> 2000 | AK71: =M71-AH71 -> 59800 | AQ71: 0.02 | AR71: =SUM(AU71:BR71) -> 0
G72: 顾金明 | I72: 10-负1-201 | J72: 24.68 | L72: 2196.11 | M72: 54200 | V72: 3000 | W72: 45540 | X72: 51200 | Y72: 45566 | AH72: =V72+X72+Z72+AB72+AD72+AF72 -> 54200 | AK72: =M72-AH72 -> 0 | AQ72: 0.02 | AR72: =SUM(AU72:BR72) -> 54200 | BN72: 54200
I73: 10-负1-202 | J73: 39.17 | L73: 2195.56 | M73: 86000 | AH73: =V73+X73+Z73+AB73+AD73+AF73 -> 0 | AK73: =M73-AH73 -> 86000 | AQ73: 0.02 | AR73: =SUM(AU73:BR73) -> 0
I74: 10-负1-203 | J74: 64.62 | AH74: =V74+X74+Z74+AB74+AD74+AF74 -> 0 | AK74: =M74-AH74 -> 0 | AQ74: 0.02 | AR74: =SUM(AU74:BR74) -> 0
I75: 10-负1-204 | J75: 64.78 | AH75: =V75+X75+Z75+AB75+AD75+AF75 -> 0 | AK75: =M75-AH75 -> 0 | AQ75: 0.02 | AR75: =SUM(AU75:BR75) -> 0
I76: 10-负1-205 | J76: 38.67 | L76: 2196.02 | M76: 84920 | AH76: =V76+X76+Z76+AB76+AD76+AF76 -> 0 | AK76: =M76-AH76 -> 84920 | AQ76: 0.02 | AR76: =SUM(AU76:BR76) -> 0
G77: 陈辉明 | I77: 10-负1-301 | J77: 15.5 | L77: 2196.13 | M77: 34040 | V77: 34040 | W77: 45536 | AH77: =V77+X77+Z77+AB77+AD77+AF77 -> 34040 | AK77: =M77-AH77 -> 0 | AQ77: 0.02 | AR77: =SUM(AU77:BR77) -> 34040 | BN77: 34040
G78: 热米拉·阿不都音 | I78: 10-负1-302 | J78: 22.57 | L78: 2195.84 | M78: 49560 | V78: 2000 | W78: 45538 | X78: 47560 | Y78: 45576 | AH78: =V78+X78+Z78+AB78+AD78+AF78 -> 49560 | AK78: =M78-AH78 -> 0 | AQ78: 0.02 | AR78: =SUM(AU78:BR78) -> 49560 | BO78: 49560
G79: 王坤 | I79: 10-负1-303 | J79: 11.6 | L79: 2196.55 | M79: 25480 | V79: 5000 | W79: 45538 | X79: 20480 | Y79: 45544 | AH79: =V79+X79+Z79+AB79+AD79+AF79 -> 25480 | AK79: =M79-AH79 -> 0 | AQ79: 0.02 | AR79: =SUM(AU79:BR79) -> 25480 | BN79: 25480
I80: 10-负1-304 | J80: 71.85 | AH80: =V80+X80+Z80+AB80+AD80+AF80 -> 0 | AK80: =M80-AH80 -> 0 | AQ80: 0.02 | AR80: =SUM(AU80:BR80) -> 0
G81: 巴音查汗 | I81: 10-负1-305 | J81: 18.65 | L81: 2196.25 | M81: 40960 | V81: 2000 | W81: 45540 | X81: 38960 | Y81: 45558 | AH81: =V81+X81+Z81+AB81+AD81+AF81 -> 40960 | AK81: =M81-AH81 -> 0 | AQ81: 0.02 | AR81: =SUM(AU81:BR81) -> 40960 | BN81: 40960
G82: 张灵霞 | I82: 10-负1-306 | J82: 18.65 | L82: 2196.25 | M82: 40960 | V82: 2000 | W82: 45537 | X82: =5000+33960 -> 38960 | Y82: 45545 | AH82: =V82+X82+Z82+AB82+AD82+AF82 -> 40960 | AK82: =M82-AH82 -> 0 | AQ82: 0.02 | AR82: =SUM(AU82:BR82) -> 40960 | BN82: 40960
I83: 10-负1-307 | J83: 70.14 | AH83: =V83+X83+Z83+AB83+AD83+AF83 -> 0 | AK83: =M83-AH83 -> 0 | AQ83: 0.02 | AR83: =SUM(AU83:BR83) -> 0
G84: 张春波 | I84: 10-负1-308 | J84: 11.9 | L84: 2194.96 | M84: 26120 | V84: 26120 | W84: 45536 | AH84: =V84+X84+Z84+AB84+AD84+AF84 -> 26120 | AK84: =M84-AH84 -> 0 | AQ84: 0.02 | AR84: =SUM(AU84:BR84) -> 26120 | BN84: 26120
G85: 吴彦良 | I85: 10-负1-309 | J85: 14.05 | L85: 2195.02 | M85: 30840 | V85: 30840 | W85: 45536 | AH85: =V85+X85+Z85+AB85+AD85+AF85 -> 30840 | AK85: =M85-AH85 -> 0 | AQ85: 0.02 | AR85: =SUM(AU85:BR85) -> 30840 | BN85: 30840
I86: 10-负1-310 | J86: 31.42 | L86: 2196.05 | M86: 69000 | AH86: =V86+X86+Z86+AB86+AD86+AF86 -> 0 | AK86: =M86-AH86 -> 69000
A87: 45 | C87: 2023.4.7 | D87: 20230003140 | F87: 652801197708111633 | G87: 徐铮 | H87: 0000269 | I87: 10-1-101 | J87: 117.5 | K87: 117.5 | L87: 8050 | M87: =945956-81 -> 945875 | N87: 8017 | O87: 867775.23 | P87: 24652000000081464909 | Q87: 2024.12.30 | T87: 徐铮 谷驷 | U87: 闫金秀（徐铮） 谷驷 | V87: =2000 -> 2000 | W87: 44755 | X87: 20000 | Y87: 2023.3.26 | Z87: 116956 | AA87: 2023.4.7 | AB87: 209000 | AC87: 2023.4.10 | AD87: 600000 | AE87: 2023.7.20 | AF87: -81 | AH87: =V87+X87+Z87+AB87+AD87+AF87 -> 947875 | AK87: =M87-AH87 -> -2000 | AL87: 15899012851 | AQ87: =0.6%+0.14% -> 0.0074 | AR87: =SUM(AU87:BR87) -> 945956 | AS87: =100 -> 100 | AX87: 345956 | BA87: 600000 | BW87: 已交 | BX87: 已录
A88: 46 | F88: 652829197908180023 | G88: 马玉玲 | H88: 0000739 | I88: 10-1-102 | J88: 116.67 | K88: 116.67 | L88: 9856.016 | M88: 1150000 | N88: 8237 | U88: 霍红霞 | V88: 20000 | W88: 2024.10.9 | AH88: =V88+X88+Z88+AB88+AD88+AF88 -> 20000 | AK88: =M88-AH88 -> 1130000 | AL88: 18095857776 | AM88: 无车位6年物业费 样板间 | AQ88: =0.7%+0.08% -> 0.0078 | AR88: =SUM(AU88:BR88) -> 0 | AT88: =100+100 -> 200
A89: 47 | C89: 45520 | D89: 20240004715 | E89: 抵账杜717812.82 | F89: 422822198809032540 | G89: 姚璐 | I89: 10-1-201 | J89: 115.94 | K89: 115.94 | L89: =M89/K89 -> 6190.7107 | M89: =717813-62 -> 717751 | N89: 6190.71 | V89: 717813 | W89: 2024.8.16 | X89: -62 | AH89: =V89+X89+Z89+AB89+AD89+AF89 -> 717751 | AK89: =M89-AH89 -> 0 | AR89: =SUM(AU89:BR89) -> 0 | BW89: 已交
A90: 48 | C90: 2023.6.9 | D90: 20230004693 | F90: 652801197501211637 | G90: 赵大峰 | I90: 10-1-202 | J90: 115.58 | K90: 115.58 | L90: =M90/K90 -> 5600 | M90: =647304-56 -> 647248 | N90: 5580.99 | O90: 593805.5 | P90: 24652000000081465633 | Q90: 2024.12.30 | U90: 闫金秀 | V90: 7304 | W90: 2023.6.3 | X90: 140000 | Y90: 2023.7.21 | Z90: 50000 | AA90: 2024.3.14 | AB90: 450000 | AC90: 2024.4.12 | AD90: -56 | AH90: =V90+X90+Z90+AB90+AD90+AF90 -> 647248 | AK90: =M90-AH90 -> 0 | AL90: 18699666980 | AQ90: =0.4%+0.08% -> 0.0048 | AR90: =SUM(AU90:BR90) -> 647304 | AT90: 100 | BA90: 147304 | BJ90: 500000 | BW90: 已交 | BX90: 已录
A91: 49 | C91: 2023.5 | D91: 20230005310 | F91: 65420198906100074 | G91: 程乐 | H91: 0000238 | I91: 10-1-301 | J91: 115.94 | K91: 115.94 | L91: 5373.61 | M91: =623070-54 -> 623016 | O91: 571574.31 | P91: 24652000000080213307 | Q91: 2024.12.25 | T91: 程乐 | U91: 肖陶丽（程乐） | V91: 20000 | W91: 2023.3.6 | X91: 23070 | Y91: 2023.6.24 | Z91: 50000 | AA91: 2023.7.20 | AB91: 70000 | AC91: 2023.8.4 | AD91: 460000 | AE91: 2023.10.18 | AF91: -54 | AH91: =V91+X91+Z91+AB91+AD91+AF91 -> 623016 | AK91: =M91-AH91 -> 0 | AL91: 19018311555 | AQ91: =0.6%+0.14%+0.06% -> 0.008 | AR91: =SUM(AU91:BR91) -> 623070 | AT91: 100 | BB91: 163070 | BD91: 460000 | BW91: 已交 | BX91: 已录
A92: 50 | C92: 2023.5.28 | D92: 20230004501 | F92: 511324200001032069 | G92: 邬佳欣 | H92: 0000297 | I92: 10-1-302 | J92: 115.58 | K92: 115.58 | L92: 5382.96 | M92: =622216-54 -> 622162 | O92: 570790.83 | P92: 24652000000081456168 | Q92: 2024.12.30 | T92: 邬佳欣 | U92: 李秀莲（邬佳欣） | V92: 20000 | W92: 2023.3.5 | X92: 150000 | Y92: 2023.5.18 | Z92: 17216 | AA92: 2023.5.28 | AB92: 435000 | AC92: 2023.7.11 | AD92: -54 | AH92: =V92+X92+Z92+AB92+AD92+AF92 -> 622162 | AK92: =M92-AH92 -> 0 | AL92: 13179962497 | AQ92: =0.4%+0.05%+0.14% -> 0.0059 | AR92: =SUM(AU92:BR92) -> 622216 | AT92: 100 | AY92: 187216 | BA92: 435000 | BW92: 已交 | BX92: 已录
A93: 51 | C93: 2023.2.10 | D93: 20230001273 | F93: 65282319950322261X | G93: 董斌 | H93: 0000034 | I93: 10-1-401 | J93: 115.94 | K93: 115.94 | L93: 5167.38 | M93: =599158-52 -> 599106 | O93: 549638.53 | P93: 24652000000081477305 | Q93: 2024.12.30 | T93: 0000121（董斌） | U93: 潘亦玹（董斌） | V93: 199158 | W93: 2023.2.10 | X93: 200000 | Y93: 2023.2.25 | Z93: 200000 | AA93: 2023.5.12 | AB93: -52 | AH93: =V93+X93+Z93+AB93+AD93+AF93 -> 599106 | AK93: =M93-AH93 -> 0 | AL93: 17799507077 | AQ93: =0.6%+0.04%+0.1% -> 0.0074 | AR93: =SUM(AU93:BR93) -> 599158 | AT93: 100 | AV93: 399158 | AY93: 200000 | BW93: 已交 | BX93: 已录
A94: 52 | C94: 2023.2.9 | D94: 20230001131 | F94: 62245198505047318 | G94: 冯虎军、张维萍 | H94: 0000048 | I94: 10-1-402 | J94: 115.58 | K94: 115.58 | L94: 5176.38 | M94: =598338-52 -> 598286 | O94: 548886.24 | P94: 24652000000081497799 | Q94: 2024.12.30 | T94: 0000143（冯虎军） | U94: 张楚轩（冯虎军） | V94: 108338 | W94: 2023.2.9 | X94: 150000 | Y94: 2023.4.7 | Z94: 340000 | AA94: 2023.6.2 | AB94: -52 | AH94: =V94+X94+Z94+AB94+AD94+AF94 -> 598286 | AK94: =M94-AH94 -> 0 | AL94: 13779237584 | AQ94: =0.4%+0.04%+0.1% -> 0.0054 | AR94: =SUM(AU94:BR94) -> 598338 | AS94: =100 -> 100 | AT94: 100 | AX94: 258338 | AZ94: 340000 | BW94: 已交 | BX94: 已录
A95: 53 | C95: 2023.2.7 | D95: 20230000938 | F95: 511321200412226432 | G95: 罗江涛 | I95: 10-1-501 | J95: 115.94 | K95: 115.94 | L95: 5338.51 | M95: =-53+619000 -> 618947 | O95: 567841.28 | P95: 24652000000081468890 | Q95: 2024.12.30 | T95: 罗江涛 | U95: 罗江涛 | V95: 619000 | W95: 2023.2.7 | X95: -53 | AH95: =V95+X95+Z95+AB95+AD95+AF95 -> 618947 | AK95: =M95-AH95 -> 0 | AL95: 18799820836 | AQ95: =0.6%+0.06%+0.14% -> 0.008 | AR95: =SUM(AU95:BR95) -> 619000 | AS95: =100+100 -> 200 | AT95: 100 | AV95: 619000 | BW95: 已交 | BX95: 已录
A96: 54 | C96: 2023.2.8 | D96: 20230001016 | F96: 620422199803062210 | G96: 吴健宏 | I96: 10-1-502 | J96: 115.58 | K96: 115.58 | L96: 5226.39 | M96: =-52+604118 -> 604066 | O96: 554188.99 | P96: 24652000000081530455 | Q96: 2024.12.30 | T96: 0000220（吴健宏） | U96: 肖陶丽（吴健宏） | V96: 124118 | W96: 2023.2.8 | X96: 480000 | Y96: 2023.8.24 | Z96: -52 | AH96: =V96+X96+Z96+AB96+AD96+AF96 -> 604066 | AK96: =M96-AH96 -> 0 | AL96: 17399905690 | AQ96: =0.6%+0.1%+0.04% -> 0.0074 | AR96: =SUM(AU96:BR96) -> 604118 | AS96: =100 -> 100 | AV96: 124118 | BB96: 480000 | BW96: 已交 | BX96: 已录
A97: 55 | C97: 2023.4.24 | D97: 20230003632 | F97: 622323199808155259 | G97: 闫金琪 | I97: 10-1-601 | J97: 115.94 | K97: 115.94 | L97: 5424.75 | M97: =-54+629000 -> 628946 | O97: 577014.68 | P97: 24652000000081531035 | Q97: 2024.12.30 | T97: 闫金琪 | U97: 肖陶丽 | V97: 20000 | W97: 2023.2.22 | X97: 169000 | Y97: 2023.4.24 | Z97: 440000 | AA97: 2023.6.21 | AB97: -54 | AH97: =V97+X97+Z97+AB97+AD97+AF97 -> 628946 | AK97: =M97-AH97 -> 0 | AL97: 17693517252 | AQ97: =0.5%+0.14% -> 0.0064 | AR97: =SUM(AU97:BR97) -> 629000 | AS97: 100 | AX97: 189000 | AZ97: 440000 | BW97: 已交 | BX97: 已录
A98: 56 | C98: 2023.2.8 | D98: 20230001069 | F98: 62230119980816857X | G98: 常汉杰 | H98: 0000050 | I98: 10-1-602 | J98: 115.58 | K98: 115.58 | L98: 5271.38 | M98: =-53+609319 -> 609266 | O98: 558959.63 | P98: 24652000000081511585 | Q98: 2024.12.30 | T98: 0000108（常汉杰） | U98: 李世平（常汉杰） | V98: 189319 | W98: 2023.2.8 | X98: 20000 | Y98: 2023.2.23 | Z98: 400000 | AA98: 2023.3.7 | AB98: -53 | AH98: =V98+X98+Z98+AB98+AD98+AF98 -> 609266 | AK98: =M98-AH98 -> 0 | AL98: 18699311793 | AQ98: =0.4%+0.04%+0.1% -> 0.0054 | AR98: =SUM(AU98:BR98) -> 609319 | AS98: 100 | AV98: 189319 | AW98: 420000 | BW98: 已交 | BX98: 已录
A99: 57 | C99: 2023.4.1 | D99: 20230003012 | F99: 65422320000802061X | G99: 郭少杰 | H99: 0000052 | I99: 10-1-701 | J99: 115.94 | K99: 115.94 | L99: 5285.38 | M99: =-53+612840 -> 612787 | O99: 562189.91 | P99: 24652000000081541944 | Q99: 2024.12.30 | T99: 0000105（郭少杰） | U99: 闫金秀（郭少杰） | V99: 2000 | W99: 44759 | X99: 18000 | Y99: 2023.1.1 | Z99: =8000+164840 -> 172840 | AA99: 2023.4.1 | AB99: 420000 | AC99: 2023.7.19 | AD99: -53 | AH99: =V99+X99+Z99+AB99+AD99+AF99 -> 612787 | AK99: =M99-AH99 -> 0 | AL99: 18209056881 | AQ99: =0.6%+0.1% -> 0.007 | AR99: =SUM(AU99:BR99) -> 612840 | AT99: 100 | AX99: 192840 | BA99: 420000 | BW99: 已交 | BX99: 已录
A100: 58 | C100: 2023.4.24 | D100: 20230003627 | F100: 652201197601012114 | G100: 蒋海 | H100: 0000051 | I100: 10-1-702 | J100: 115.58 | K100: 115.58 | L100: 5316.38 | M100: =-53+614521 -> 614468 | O100: 563732.11 | P100: 24652000000081532384 | Q100: 2024.12.30 | T100: 0000077（蒋海） | U100: 肖陶丽（蒋海） | V100: =2000 -> 2000 | W100: 44755 | X100: 18000 | Y100: 2023.1.1 | Z100: 594521 | AA100: 2023.4.24 | AB100: -53 | AH100: =V100+X100+Z100+AB100+AD100+AF100 -> 614468 | AK100: =M100-AH100 -> 0 | AL100: 13899065535 | AQ100: =0.6%+0.1% -> 0.007 | AR100: =SUM(AU100:BR100) -> 614521 | AS100: =100 -> 100 | AT100: 100 | AX100: 614521 | BW100: 已交 | BX100: 已录
...

Sheet 画堂春锦苑1#2#3#5#7#楼住宅销售明细表
A1: 1#-5#/7#楼住宅销售明细表
A2: 序号 | B2: 成交 | C2: 合同签订日期 | D2: 合同号 | F2: 身份证号 | G2: 姓名 | H2: 订购书编号 | I2: 房号 | J2: 开发 面积 | K2: 销售面积 | L2: 单价 | M2: 总价 | N2: 成交底价 | O2: 发票开具 | R2: 本月成 交额 | S2: 成交时间 | T2: 会员编号 | U2: 置业顾问 | V2: 缴款金额 | AH2: 收款合计 | AI2: 本月到账贷款 | AJ2: 到帐贷款 | AK2: 应收款 | AL2: 联系电话 | AM2: 备注 | AN2: 计划销售总价 | AO2: 佣金付款合计 | AP2: 佣金点数 | AQ2: 套奖付款合计 | AR2: 支付套奖2023.3月 | AS2: 支付套奖2023.4月 | AT2: 支付套奖2023.5月 | AU2: 支付套奖2023.6月 | AV2: 支付套奖2023.7月 | AW2: 支付套奖2023.8月 | AX2: 支付套奖及转定2023.9月 | AY2: 支付套奖及转定2023.10月 | AZ2: 8月佣金 | BA2: 9月佣金 | BB2: 10月佣金 | BC2: 11月佣金 | BD2: 12月佣金 | BE2: 2024.1月佣金 | BF2: 2024.2月佣金 | BG2: 2024.3月佣金 | BH2: 2024.4月佣金 | BI2: 2024.5月佣金 | BJ2: 2024.6月佣金 | BK2: 2024.7月佣金 | BL2: 2024.8月佣金 | BM2: 9月佣金 | BN2: 10月佣金 | BO2: 11月佣金 | BP2: 12月佣金 | BR2: 佣金 | BT2: 印花税 | BU2: 房源系统
E3: 房屋性质 | O3: 金额 | P3: 号码 | Q3: 开票日期 | V3: 一 | W3: 时间 | X3: 二 | Y3: 时间 | Z3: 三 | AA3: 时间 | AB3: 四 | AC3: 时间 | AD3: 五 | AE3: 时间 | AF3: 六 | AG3: 时间
I4: 1-负1-人防工程 | J4: 67.99 | AH4: =V4+X4+Z4+AB4+AD4+AF4 -> 0 | AO4: =SUM(AZ4:BQ4) -> 0 | AQ4: =AR4+AS4+AT4+AU4+AV4+AW4+AX4+AY4 -> 0
I5: 1-负1-101 | J5: 18.22 | AH5: =V5+X5+Z5+AB5+AD5+AF5 -> 0 | AO5: =SUM(AZ5:BQ5) -> 0 | AQ5: =AR5+AS5+AT5+AU5+AV5+AW5+AX5+AY5 -> 0
I6: 1-负1-102 | J6: 15.71 | AH6: =V6+X6+Z6+AB6+AD6+AF6 -> 0 | AO6: =SUM(AZ6:BQ6) -> 0 | AQ6: =AR6+AS6+AT6+AU6+AV6+AW6+AX6+AY6 -> 0
I7: 1-负1-103 | J7: 76.5 | AH7: =V7+X7+Z7+AB7+AD7+AF7 -> 0 | AO7: =SUM(AZ7:BQ7) -> 0 | AQ7: =AR7+AS7+AT7+AU7+AV7+AW7+AX7+AY7 -> 0
I8: 1-负1-104 | J8: 76.19 | AH8: =V8+X8+Z8+AB8+AD8+AF8 -> 0 | AO8: =SUM(AZ8:BQ8) -> 0 | AQ8: =AR8+AS8+AT8+AU8+AV8+AW8+AX8+AY8 -> 0
I9: 1-负1-105 | J9: 35.28 | AH9: =V9+X9+Z9+AB9+AD9+AF9 -> 0 | AO9: =SUM(AZ9:BQ9) -> 0 | AQ9: =AR9+AS9+AT9+AU9+AV9+AW9+AX9+AY9 -> 0
I10: 1-负1-106 | J10: 18.22 | AH10: =V10+X10+Z10+AB10+AD10+AF10 -> 0 | AO10: =SUM(AZ10:BQ10) -> 0 | AQ10: =AR10+AS10+AT10+AU10+AV10+AW10+AX10+AY10 -> 0
I11: 1-负1-201 | J11: 18.22 | AH11: =V11+X11+Z11+AB11+AD11+AF11 -> 0 | AO11: =SUM(AZ11:BQ11) -> 0 | AQ11: =AR11+AS11+AT11+AU11+AV11+AW11+AX11+AY11 -> 0
I12: 1-负1-202 | J12: 35.28 | AH12: =V12+X12+Z12+AB12+AD12+AF12 -> 0 | AO12: =SUM(AZ12:BQ12) -> 0 | AQ12: =AR12+AS12+AT12+AU12+AV12+AW12+AX12+AY12 -> 0
I13: 1-负1-203 | J13: 76.19 | AH13: =V13+X13+Z13+AB13+AD13+AF13 -> 0 | AO13: =SUM(AZ13:BQ13) -> 0 | AQ13: =AR13+AS13+AT13+AU13+AV13+AW13+AX13+AY13 -> 0
I14: 1-负1-204 | J14: 76.19 | AH14: =V14+X14+Z14+AB14+AD14+AF14 -> 0 | AO14: =SUM(AZ14:BQ14) -> 0 | AQ14: =AR14+AS14+AT14+AU14+AV14+AW14+AX14+AY14 -> 0
I15: 1-负1-205 | J15: 15.71 | AH15: =V15+X15+Z15+AB15+AD15+AF15 -> 0 | AO15: =SUM(AZ15:BQ15) -> 0 | AQ15: =AR15+AS15+AT15+AU15+AV15+AW15+AX15+AY15 -> 0
... I19: 1-负1-303 | J19: 73.21 | AH19: =V19+X19+Z19+AB19+AD19+AF19 -> 0 | AO19: =SUM(AZ19:BQ19) -> 0 | AQ19: =AR19+AS19+AT19+AU19+AV19+AW19+AX19+AY19 -> 0
A20: 1 | G20: 王茂德 退 | I20: 1-1-101 | J20: 119.31 | N20: 8442.5 | T20: 0000315 | U20: 李秀莲 | V20: =2000-2000 -> 0 | W20: 2023.11.6 | AH20: =V20+X20+Z20+AB20+AD20+AF20 -> 0 | AO20: =SUM(AZ20:BQ20) -> 0 | AQ20: =AR20+AS20+AT20+AU20+AV20+AW20+AX20+AY20 -> 0
A21: 2 | C21: 2024.10.1 | D21: 20240005461 | F21: 500225198309096227 | G21: 邢冬梅 | H21: 0000702 | I21: 1-1-102 | J21: 119.13 | K21: 119.13 | L21: =M21/K21 -> 8226.3074 | M21: 980000 | N21: 8226.31 | U21: 刘思汉 | V21: 20000 | W21: 45536 | X21: 380000 | Y21: 2024.10.23 | Z21: 580000 | AA21: 2024.11.14 | AH21: =V21+X21+Z21+AB21+AD21+AF21 -> 980000 | AK21: =M21-AH21 -> 0 | AL21: 13899014069 | AO21: =SUM(AZ21:BQ21) -> 980000 | AP21: =0.5%+0.04%+0.1% -> 0.0064 | AQ21: =AR21+AS21+AT21+AU21+AV21+AW21+AX21+AY21 -> 0 | BN21: 400000 | BO21: 580000 | BT21: 已交
A22: 3 | I22: 1-1-201 | J22: 117.91 | N22: 5745.6 | AH22: =V22+X22+Z22+AB22+AD22+AF22 -> 0 | AO22: =SUM(AZ22:BQ22) -> 0 | AQ22: =AR22+AS22+AT22+AU22+AV22+AW22+AX22+AY22 -> 0
A23: 4 | C23: 2024.10.3 | D23: 20240005733 | F23: 654223199807203433 | G23: 孙乾 | H23: 0000909 | I23: 1-1-202 | J23: 117.54 | K23: 117.54 | L23: =M23/K23 -> 5410.9239 | M23: 636000 | N23: 5410.92 | R23: =508000+10000 -> 518000 | S23: 2024.12.2 | U23: 霍红霞 | V23: 20000 | W23: 2024.8.25 | X23: 72000 | Y23: 45550 | Z23: 16000 | AA23: 2024.11.11 | AB23: 10000 | AC23: 2024.12.2 | AD23: 508000 | AE23: 2024.12.9 | AH23: =V23+X23+Z23+AB23+AD23+AF23 -> 626000 | AK23: =M23-AH23 -> 10000 | AL23: 13279972119 | AM23: 无车位无礼品 | AO23: =SUM(AZ23:BQ23) -> 0 | AP23: =0.7%+0.08% -> 0.0078 | AQ23: =AR23+AS23+AT23+AU23+AV23+AW23+AX23+AY23 -> 0 | BT23: 已交
A24: 5 | C24: 2024.7.10 | D24: 20240003958 | F24: 410225199811126113 | G24: 张欣 | H24: 0000700 | I24: 1-1-301 | J24: 117.91 | K24: 117.91 | L24: 5784 | M24: 682000 | N24: 5784.07 | U24: 李秀莲 | V24: 10000 | W24: 2024.6.10 | X24: 200000 | Y24: 2024.7.10 | Z24: 472000 | AA24: 2024.8.2 | AH24: =V24+X24+Z24+AB24+AD24+AF24 -> 682000 | AK24: =M24-AH24 -> 0 | AL24: 17789135370 | AO24: =SUM(AZ24:BQ24) -> 682000 | AP24: =0.7%+0.02%+0.08% -> 0.008 | AQ24: =AR24+AS24+AT24+AU24+AV24+AW24+AX24+AY24 -> 0 | BK24: 210000 | BL24: 472000 | BT24: 已交
A25: 6 | B25: 1 | C25: 2024.12.5 | D25: 20240006995 | F25: 652829200302271013 | G25: 杜逸心 | H25: 0001012 | I25: 1-1-302 | J25: 117.54 | K25: 117.54 | L25: 5600 | M25: 658224 | N25: 5815.88 | R25: =79224+20000+559000 -> 658224 | S25: 2024.12.1 | U25: 刘宁宁 | V25: =79224+20000 -> 99224 | W25: 2024.12.1 | X25: 559000 | Y25: 2024.12.27 | AH25: =V25+X25+Z25+AB25+AD25+AF25 -> 658224 | AK25: =M25-AH25 -> 0 | AL25: 18167700911 | AM25: 有车位 | AO25: =SUM(AZ25:BQ25) -> 658224 | AP25: =0.4%+0.05%+0.12%+0.03% -> 0.006 | AQ25: =AR25+AS25+AT25+AU25+AV25+AW25+AX25+AY25 -> 0 | BP25: 658224 | BR25: =BP25*AP25 -> 3949.344 | BT25: 已交
A26: 7 | I26: 1-1-401 | J26: 117.91 | N26: 5825.88 | AH26: =V26+X26+Z26+AB26+AD26+AF26 -> 0 | AO26: =SUM(AZ26:BQ26) -> 0 | AQ26: =AR26+AS26+AT26+AU26+AV26+AW26+AX26+AY26 -> 0
A27: 8 | I27: 1-1-402 | J27: 117.54 | N27: 5845.88 | AH27: =V27+X27+Z27+AB27+AD27+AF27 -> 0 | AO27: =SUM(AZ27:BQ27) -> 0 | AQ27: =AR27+AS27+AT27+AU27+AV27+AW27+AX27+AY27 -> 0
A28: 9 | C28: 45538 | D28: 20240005071 | F28: 622301200012132817 | G28: 张龙年 | H28: 0000957 | I28: 1-1-501 | J28: 117.91 | K28: 117.91 | L28: =M28/K28 -> 5549.9958 | M28: 654400 | N28: 5549.996 | U28: 霍红霞 | V28: 10000 | W28: 2024.8.18 | X28: 269400 | Y28: 45538 | Z28: 375000 | AA28: 2024.10.25 | AH28: =V28+X28+Z28+AB28+AD28+AF28 -> 654400 | AK28: =M28-AH28 -> 0 | AL28: 18095839597 | AM28: 无车位送3年物业费 | AO28: =SUM(AZ28:BQ28) -> 654400 | AP28: =0.7%+0.08% -> 0.0078 | AQ28: =AR28+AS28+AT28+AU28+AV28+AW28+AX28+AY28 -> 0 | BM28: 279400 | BN28: 375000 | BT28: 已交
A29: 10 | I29: 1-1-502 | J29: 117.54 | N29: 5915.88 | AH29: =V29+X29+Z29+AB29+AD29+AF29 -> 0 | AO29: =SUM(AZ29:BQ29) -> 0 | AQ29: =AR29+AS29+AT29+AU29+AV29+AW29+AX29+AY29 -> 100 | AY29: 100
A30: 11 | I30: 1-1-601 | J30: 117.91 | N30: 5960.88 | AH30: =V30+X30+Z30+AB30+AD30+AF30 -> 0 | AO30: =SUM(AZ30:BQ30) -> 0 | AQ30: =AR30+AS30+AT30+AU30+AV30+AW30+AX30+AY30 -> 0
A31: 12 | C31: 2024.11.26 | D31: 20240006811 | F31: 652801199301216416 | G31: 石建基（暂未算业绩） | H31: 0000899 | I31: 1-1-602 | J31: 117.54 | K31: 117.54 | L31: 5980.88 | M31: 702993 | N31: 5980.88 | T31: 0000546 | U31: 王荣 | V31: 2000 | W31: 2024.1.5 | X31: 18000 | Y31: 2024.6.9 | Z31: 482993 | AA31: 2024.11.26 | AH31: =V31+X31+Z31+AB31+AD31+AF31 -> 502993 | AK31: =M31-AH31 -> 200000 | AL31: 13779689564 | AO31: =SUM(AZ31:BQ31) -> 502993 | AP31: =0.7%+0.02%+0.08% -> 0.008 | AQ31: =AR31+AS31+AT31+AU31+AV31+AW31+AX31+AY31 -> 0 | BO31: 502993 | BT31: 已交
A32: 13 | I32: 1-1-701 | J32: 117.91 | N32: 6005.88 | AH32: =V32+X32+Z32+AB32+AD32+AF32 -> 0 | AO32: =SUM(AZ32:BQ32) -> 0 | AQ32: =AR32+AS32+AT32+AU32+AV32+AW32+AX32+AY32 -> 0
A33: 14 | I33: 1-1-702 | J33: 117.54 | N33: 6025.88 | AH33: =V33+X33+Z33+AB33+AD33+AF33 -> 0 | AO33: =SUM(AZ33:BQ33) -> 0 | AQ33: =AR33+AS33+AT33+AU33+AV33+AW33+AX33+AY33 -> 0
A34: 15 | I34: 1-1-801 | J34: 117.91 | N34: 6030.88 | AH34: =V34+X34+Z34+AB34+AD34+AF34 -> 0 | AO34: =SUM(AZ34:BQ34) -> 0 | AQ34: =AR34+AS34+AT34+AU34+AV34+AW34+AX34+AY34 -> 0
A35: 16 | B35: 1 | F35: 652325199804053018 | G35: 谷泽群 | H35: 0000982 | I35: 1-1-802 | J35: 117.54 | K35: 117.54 | L35: 5778.55 | M35: 679211 | N35: 6050.88 | U35: 刘思汉 | AH35: =V35+X35+Z35+AB35+AD35+AF35 -> 0 | AK35: =M35-AH35 -> 679211 | AL35: 13565612721 | AM35: 不要车位送2年物业费 | AO35: =SUM(AZ35:BQ35) -> 0 | AP35: =0.6%+0.04%+0.12%+0.03% -> 0.0079 | AQ35: =AR35+AS35+AT35+AU35+AV35+AW35+AX35+AY35 -> 0
A36: 17 | C36: 2024.11.28 | D36: 20240006859 | F36: 652827199903260311 | G36: 朱俞合 | H36: 0000905 | I36: 1-1-901 | J36: 117.91 | K36: 117.91 | L36: 5885.48 | M36: 693957 | N36: 6055.88 | U36: 王荣 | V36: 20000 | W36: 2024.8.10 | X36: 173957 | Y36: 2024.11.28 | AH36: =V36+X36+Z36+AB36+AD36+AF36 -> 193957 | AK36: =M36-AH36 -> 500000 | AL36: 18571641326 | AM36: 有车位 | AO36: =SUM(AZ36:BQ36) -> 193957 | AP36: =0.5%+0.02%+0.08% -> 0.006 | AQ36: =AR36+AS36+AT36+AU36+AV36+AW36+AX36+AY36 -> 0 | BO36: 193957 | BT36: 已交
A37: 18 | I37: 1-1-902 | J37: 117.54 | N37: 6075.88 | AH37: =V37+X37+Z37+AB37+AD37+AF37 -> 0 | AO37: =SUM(AZ37:BQ37) -> 0 | AQ37: =AR37+AS37+AT37+AU37+AV37+AW37+AX37+AY37 -> 0
A38: 19 | C38: 2024.11.24 | D38: 20240006777 | G38: 王婷 | I38: 1-1-1001 | J38: 117.91 | K38: 117.91 | L38: 5700 | M38: 672087 | N38: 6075.88 | U38: 霍红霞 | V38: 186087 | W38: 2024.11.24 | AH38: =V38+X38+Z38+AB38+AD38+AF38 -> 186087 | AK38: =M38-AH38 -> 486000 | AM38: 无车位 | AO38: =SUM(AZ38:BQ38) -> 186087 | AP38: =0.6%+0.08%+0.03% -> 0.0071 | AQ38: =AR38+AS38+AT38+AU38+AV38+AW38+AX38+AY38 -> 0 | BO38: 186087 | BT38: 已交
A39: 20 | I39: 1-1-1002 | J39: 117.54 | N39: 6095.88 | AH39: =V39+X39+Z39+AB39+AD39+AF39 -> 0 | AO39: =SUM(AZ39:BQ39) -> 0 | AQ39: =AR39+AS39+AT39+AU39+AV39+AW39+AX39+AY39 -> 0
A40: 21 | C40: 45548 | D40: 20240005254 | F40: 652827199304170023 | G40: 刘雪薇 | H40: 0000958 | I40: 1-1-1101 | J40: 117.91 | K40: 117.91 | L40: =M40/K40 -> 6784.8359 | M40: 800000 | N40: 6784.835 | R40: 680000 | S40: 2024.12.4 | U40: 刘思汉 | V40: 20000 | W40: 2024.8.24 | X40: 100000 | Y40: 2024.9-13 | Z40: 680000 | AA40: 2024.12.4 | AH40: =V40+X40+Z40+AB40+AD40+AF40 -> 800000 | AK40: =M40-AH40 -> 0 | AL40: 15840846835 | AM40: 无车位、送两年物业费 | AO40: =SUM(AZ40:BQ40) -> 800000 | AP40: =0.4%+0.02%+0.08% -> 0.005 | AQ40: =AR40+AS40+AT40+AU40+AV40+AW40+AX40+AY40 -> 0 | BM40: 120000 | BP40: 680000 | BR40: =BP40*AP40 -> 3400 | BT40: 已交
A41: 22 | I41: 1-1-1102 | J41: 117.54 | N41: 7122.5 | AH41: =V41+X41+Z41+AB41+AD41+AF41 -> 0 | AO41: =SUM(AZ41:BQ41) -> 0 | AQ41: =AR41+AS41+AT41+AU41+AV41+AW41+AX41+AY41 -> 0
A42: 23 | I42: 1-2-101 | J42: 119.13 | N42: 8462.5 | AH42: =V42+X42+Z42+AB42+AD42+AF42 -> 0 | AO42: =SUM(AZ42:BQ42) -> 0 | AQ42: =AR42+AS42+AT42+AU42+AV42+AW42+AX42+AY42 -> 0
A43: 24 | I43: 1-2-102 | J43: 118.93 | N43: 8432.5 | AH43: =V43+X43+Z43+AB43+AD43+AF43 -> 0 | AO43: =SUM(AZ43:BQ43) -> 0 | AQ43: =AR43+AS43+AT43+AU43+AV43+AW43+AX43+AY43 -> 0
A44: 25 | I44: 1-2-201 | J44: 117.54 | N44: 5790.6 | AH44: =V44+X44+Z44+AB44+AD44+AF44 -> 0 | AO44: =SUM(AZ44:BQ44) -> 0 | AQ44: =AR44+AS44+AT44+AU44+AV44+AW44+AX44+AY44 -> 0
A45: 26 | I45: 1-2-202 | J45: 117.54 | N45: 5735.6 | AH45: =V45+X45+Z45+AB45+AD45+AF45 -> 0 | AO45: =SUM(AZ45:BQ45) -> 0 | AQ45: =AR45+AS45+AT45+AU45+AV45+AW45+AX45+AY45 -> 0
A46: 27 | B46: 1 | F46: 620421199501142550 | G46: 段国政 | H46: 0000977 | I46: 1-2-301 | J46: 117.54 | K46: 117.54 | L46: 5500 | M46: 646470 | N46: 5840.88 | R46: 20000 | S46: 2024.12.28 | U46: 刘思汉 | V46: 20000 | W46: 2024.12.28 | AH46: =V46+X46+Z46+AB46+AD46+AF46 -> 20000 | AK46: =M46-AH46 -> 626470 | AL46: 18394530413 | AM46: 不要车位送2年物业费 | AO46: =SUM(AZ46:BQ46) -> 0 | AP46: =0.6%+0.04%+0.12%+0.03% -> 0.0079 | AQ46: =AR46+AS46+AT46+AU46+AV46+AW46+AX46+AY46 -> 0
A47: 28 | F47: 511321199406023481 | G47: 邓凤英 张炜 | H47: 0000541 | I47: 1-2-302 | J47: 117.54 | K47: 117.54 | L47: 5657.65 | M47: 665000 | N47: 5785.88 | U47: 连阵阵 | V47: 20000 | W47: 2024.11.28 | AH47: =V47+X47+Z47+AB47+AD47+AF47 -> 20000 | AK47: =M47-AH47 -> 645000 | AL47: 17609962370 | AM47: 有车位 | AO47: =SUM(AZ47:BQ47) -> 0 | AP47: =0.4%+0.03%+0.08%+0.03% -> 0.0054 | AQ47: =AR47+AS47+AT47+AU47+AV47+AW47+AX47+AY47 -> 0
A48: 29 | I48: 1-2-401 | J48: 117.54 | N48: 5870.88 | AH48: =V48+X48+Z48+AB48+AD48+AF48 -> 0 | AO48: =SUM(AZ48:BQ48) -> 0 | AQ48: =AR48+AS48+AT48+AU48+AV48+AW48+AX48+AY48 -> 0
A49: 30 | I49: 1-2-402 | J49: 117.54 | N49: 5815.88 | AH49: =V49+X49+Z49+AB49+AD49+AF49 -> 0 | AO49: =SUM(AZ49:BQ49) -> 0 | AQ49: =AR49+AS49+AT49+AU49+AV49+AW49+AX49+AY49 -> 0
A50: 31 | C50: 2024.10.1 | D50: 20240005506 | F50: 41272320001120551X | G50: 李尚 | H50: 0000713 | I50: 1-2-501 | J50: 117.54 | K50: 117.54 | L50: =M50/K50 -> 5785.2646 | M50: 680000 | N50: 5785.265 | U50: 张玉琴 | V50: 110000 | W50: 2024.9.21 | X50: 140000 | Y50: 2024.10.1 | Z50: 430000 | AA50: 2024.11.19 | AH50: =V50+X50+Z50+AB50+AD50+AF50 -> 680000 | AK50: =M50-AH50 -> 0 | AL50: 18233138794 | AM50: 无物业费15000商业抵用券 | AO50: =SUM(AZ50:BQ50) -> 680000 | AP50: =0.4%+0.02%+0.1% -> 0.0052 | AQ50: =AR50+AS50+AT50+AU50+AV50+AW50+AX50+AY50 -> 0 | BN50: 250000 | BO50: 430000 | BT50: 已交
A51: 32 | C51: 2024.7.13 | D51: 20240003996 | F51: 620121199711245316 | G51: 张志鹏 | I51: 1-2-502 | J51: 117.54 | K51: 117.54 | L51: =M51/K51 -> 5938.4039 | M51: 698000 | N51: 5885.88 | U51: 李福晴 | V51: 142000 | W51: 2024.7.13 | X51: 58000 | Y51: 2024.10.14 | Z51: 498000 | AA51: 2024.11.14 | AH51: =V51+X51+Z51+AB51+AD51+AF51 -> 698000 | AK51: =M51-AH51 -> 0 | AL51: 19180421997 | AO51: =SUM(AZ51:BQ51) -> 698000 | AP51: =0.7%+0.04%+0.08% -> 0.0082 | AQ51: =AR51+AS51+AT51+AU51+AV51+AW51+AX51+AY51 -> 0 | BN51: 200000 | BO51: 498000 | BT51: 已交
A52: 33 | G52: 覃华见 | I52: 1-2-601 | J52: 117.54 | N52: 6005.88 | T52: 0000545 | U52: 米云鹤 | V52: 2000 | W52: 2023.12.30 | AH52: =V52+X52+Z52+AB52+AD52+AF52 -> 2000 | AO52: =SUM(AZ52:BQ52) -> 0 | AQ52: =AR52+AS52+AT52+AU52+AV52+AW52+AX52+AY52 -> 0
A53: 34 | C53: 2024.11.7 | D53: 20240006501 | G53: 刘楠楠 | I53: 1-2-602 | J53: 117.54 | K53: 117.54 | L53: 5870.34 | M53: 690000 | N53: 5950.88 | R53: 88000 | S53: 2024.12.19 | U53: 李福晴 | V53: 212000 | W53: 2024.11.7 | X53: 88000 | Y53: 2024.12.19 | AH53: =V53+X53+Z53+AB53+AD53+AF53 -> 300000 | AK53: =M53-AH53 -> 390000 | AM53: 有车位 | AO53: =SUM(AZ53:BQ53) -> 212000 | AP53: =0.5%+0.05%+0.08%+0.03% -> 0.0066 | AQ53: =AR53+AS53+AT53+AU53+AV53+AW53+AX53+AY53 -> 0 | BO53: 212000 | BT53: 已交
A54: 35 | C54: 2024.10.1 | D54: 20240005501 | F54: 62272319991204071X | G54: 李江成 | H54: 0000715 | I54: 1-2-701 | J54: 117.54 | K54: 117.54 | L54: =M54/K54 -> 5819.2956 | M54: 684000 | N54: 5819.295 | U54: 闫金秀 | V54: 20000 | W54: 2024.9.21 | X54: 217000 | Y54: 2024.10.1 | Z54: 67000 | AA54: 2024.10.10 | AB54: 380000 | AC54: 2024.11.19 | AH54: =V54+X54+Z54+AB54+AD54+AF54 -> 684000 | AK54: =M54-AH54 -> 0 | AL54: 15026057540 | AO54: =SUM(AZ54:BQ54) -> 684000 | AP54: =0.6%+0.1% -> 0.007 | AQ54: =AR54+AS54+AT54+AU54+AV54+AW54+AX54+AY54 -> 0 | BN54: 304000 | BO54: 380000 | BT54: 已交
A55: 36 | C55: 2024.10.1 | D55: 20240005494 | F55: 610122197106064934 | G55: 王新峰 | I55: 1-2-702 | J55: 117.54 | K55: 117.54 | L55: 5650 | M55: 664101 | N55: 5650 | U55: 霍红霞 | V55: 20000 | W55: 2024.9.21 | X55: =150000+164101 -> 314101 | Y55: 2024.10.1 | Z55: 330000 | AA55: 2024.11.27 | AH55: =V55+X55+Z55+AB55+AD55+AF55 -> 664101 | AK55: =M55-AH55 -> 0 | AL55: 18106436811 | AM55: 2年物业费 | AO55: =SUM(AZ55:BQ55) -> 664101 | AP55: =0.7%+0.1% -> 0.008 | AQ55: =AR55+AS55+AT55+AU55+AV55+AW55+AX55+AY55 -> 0 | BO55: 664101 | BT55: 已交
A56: 37 | G56: 杨旭元 | I56: 1-2-801 | J56: 117.54 | K56: 117.54 | L56: 5756.99 | M56: 676677 | N56: 6075.88 | U56: 霍红霞 | V56: 85677 | W56: 2024.11.24 | AH56: =V56+X56+Z56+AB56+AD56+AF56 -> 85677 | AK56: =M56-AH56 -> 591000 | AM56: 无车位2年物业费 | AO56: =SUM(AZ56:BQ56) -> 0 | AP56: =0.6%+0.08%+0.03% -> 0.0071 | AQ56: =AR56+AS56+AT56+AU56+AV56+AW56+AX56+AY56 -> 0
A57: 38 | B57: 1 | C57: 2024.12.30 | D57: 20240007530 | F57: 350305199901232319 | G57: 林银峰 | H57: 0000969 | I57: 1-2-802 | J57: 117.54 | K57: 117.54 | L57: 5615.1 | M57: 660000 | N57: 6020.88 | R57: =140000+20000 -> 160000 | S57: 2024.12.10 | U57: 赵江龙 | V57: 20000 | W57: 2024.12.10 | X57: 140000 | Y57: 2024.12.30 | AH57: =V57+X57+Z57+AB57+AD57+AF57 -> 160000 | AK57: =M57-AH57 -> 500000 | AL57: 15099480279 | AM57: 不要车位 | AO57: =SUM(AZ57:BQ57) -> 160000 | AP57: =0.7%+0.12%+0.03% -> 0.0085 | AQ57: =AR57+AS57+AT57+AU57+AV57+AW57+AX57+AY57 -> 0 | BP57: 160000 | BR57: =BP57*AP57 -> 1360 | BT57: 已交
A58: 39 | C58: 2024.10.3 | D58: 20240005759 | F58: 622301199806022817 | G58: 张生财 | H58: 0000731 | I58: 1-2-901 | J58: 117.54 | K58: 117.54 | L58: 5878.85 | M58: 691000 | N58: 5878.85 | R58: 300000 | S58: 2024.12.11 | U58: 肖陶丽 | V58: 10000 | W58: 2024.10.1 | X58: 311000 | Y58: 2024.10.3 | Z58: 70000 | AA58: 2024.11.6 | AB58: 300000 | AC58: 2024.12.11 | AH58: =V58+X58+Z58+AB58+AD58+AF58 -> 691000 | AK58: =M58-AH58 -> 0 | AL58: 18699662558 | AO58: =SUM(AZ58:BQ58) -> 691000 | AP58: =0.6%+0.1% -> 0.007 | AQ58: =AR58+AS58+AT58+AU58+AV58+AW58+AX58+AY58 -> 0 | BN58: 321000 | BP58: 370000 | BR58: =BP58*AP58 -> 2590 | BT58: 已交
A59: 40 | I59: 1-2-902 | J59: 117.54 | N59: 6045.88 | AH59: =V59+X59+Z59+AB59+AD59+AF59 -> 0 | AO59: =SUM(AZ59:BQ59) -> 0 | AQ59: =AR59+AS59+AT59+AU59+AV59+AW59+AX59+AY59 -> 0
A60: 41 | I60: 1-2-1001 | J60: 117.54 | N60: 6120.88 | AH60: =V60+X60+Z60+AB60+AD60+AF60 -> 0 | AO60: =SUM(AZ60:BQ60) -> 0 | AQ60: =AR60+AS60+AT60+AU60+AV60+AW60+AX60+AY60 -> 0
A61: 42 | I61: 1-2-1002 | J61: 117.54 | N61: 6065.88 | AH61: =V61+X61+Z61+AB61+AD61+AF61 -> 0 | AO61: =SUM(AZ61:BQ61) -> 0 | AQ61: =AR61+AS61+AT61+AU61+AV61+AW61+AX61+AY61 -> 0
A62: 43 | I62: 1-2-1101 | J62: 117.54 | N62: 7147.5 | AH62: =V62+X62+Z62+AB62+AD62+AF62 -> 0 | AO62: =SUM(AZ62:BQ62) -> 0 | AQ62: =AR62+AS62+AT62+AU62+AV62+AW62+AX62+AY62 -> 0
A63: 44 | I63: 1-2-1102 | J63: 117.54 | N63: 7092.5 | AH63: =V63+X63+Z63+AB63+AD63+AF63 -> 0 | AO63: =SUM(AZ63:BQ63) -> 0 | AQ63: =AR63+AS63+AT63+AU63+AV63+AW63+AX63+AY63 -> 0
A64: 45 | I64: 1-3-101 | J64: 118.93 | N64: 7795.5 | AH64: =V64+X64+Z64+AB64+AD64+AF64 -> 0 | AO64: =SUM(AZ64:BQ64) -> 0 | AQ64: =AR64+AS64+AT64+AU64+AV64+AW64+AX64+AY64 -> 0
A65: 46 | I65: 1-3-102 | J65: 119.5 | N65: 7382.5 | AH65: =V65+X65+Z65+AB65+AD65+AF65 -> 0 | AO65: =SUM(AZ65:BQ65) -> 0 | AQ65: =AR65+AS65+AT65+AU65+AV65+AW65+AX65+AY65 -> 0
A66: 47 | I66: 1-3-201 | J66: 117.54 | N66: 5725.6 | AH66: =V66+X66+Z66+AB66+AD66+AF66 -> 0 | AO66: =SUM(AZ66:BQ66) -> 0 | AQ66: =AR66+AS66+AT66+AU66+AV66+AW66+AX66+AY66 -> 0
A67: 48 | E67: 抵账江通海 | I67: 1-3-202 | J67: 117.91 | N67: 5690.6 | AH67: =V67+X67+Z67+AB67+AD67+AF67 -> 0 | AO67: =SUM(AZ67:BQ67) -> 0 | AQ67: =AR67+AS67+AT67+AU67+AV67+AW67+AX67+AY67 -> 0
A68: 49 | I68: 1-3-301 | J68: 117.54 | N68: 5775.88 | AH68: =V68+X68+Z68+AB68+AD68+AF68 -> 0 | AO68: =SUM(AZ68:BQ68) -> 0 | AQ68: =AR68+AS68+AT68+AU68+AV68+AW68+AX68+AY68 -> 0
A69: 50 | I69: 1-3-302 | J69: 117.91 | N69: 5740.88 | AH69: =V69+X69+Z69+AB69+AD69+AF69 -> 0 | AO69: =SUM(AZ69:BQ69) -> 0 | AQ69: =AR69+AS69+AT69+AU69+AV69+AW69+AX69+AY69 -> 0
A70: 51 | I70: 1-3-401 | J70: 117.54 | N70: 5805.88 | AH70: =V70+X70+Z70+AB70+AD70+AF70 -> 0 | AO70: =SUM(AZ70:BQ70) -> 0 | AQ70: =AR70+AS70+AT70+AU70+AV70+AW70+AX70+AY70 -> 0
A71: 52 | I71: 1-3-402 | J71: 117.91 | N71: 5770.88 | AH71: =V71+X71+Z71+AB71+AD71+AF71 -> 0 | AO71: =SUM(AZ71:BQ71) -> 0 | AQ71: =AR71+AS71+AT71+AU71+AV71+AW71+AX71+AY71 -> 0
A72: 53 | I72: 1-3-501 | J72: 117.54 | N72: 5875.88 | AH72: =V72+X72+Z72+AB72+AD72+AF72 -> 0 | AO72: =SUM(AZ72:BQ72) -> 0 | AQ72: =AR72+AS72+AT72+AU72+AV72+AW72+AX72+AY72 -> 0
A73: 54 | I73: 1-3-502 | J73: 117.91 | N73: 5840.88 | AH73: =V73+X73+Z73+AB73+AD73+AF73 -> 0 | AO73: =SUM(AZ73:BQ73) -> 0 | AQ73: =AR73+AS73+AT73+AU73+AV73+AW73+AX73+AY73 -> 0
A74: 55 | I74: 1-3-601 | J74: 117.54 | N74: 5940.88 | AH74: =V74+X74+Z74+AB74+AD74+AF74 -> 0 | AO74: =SUM(AZ74:BQ74) -> 0 | AQ74: =AR74+AS74+AT74+AU74+AV74+AW74+AX74+AY74 -> 0
A75: 56 | I75: 1-3-602 | J75: 117.91 | N75: 5905.88 | AH75: =V75+X75+Z75+AB75+AD75+AF75 -> 0 | AO75: =SUM(AZ75:BQ75) -> 0 | AQ75: =AR75+AS75+AT75+AU75+AV75+AW75+AX75+AY75 -> 0
A76: 57 | I76: 1-3-701 | J76: 117.54 | N76: 5985.88 | AH76: =V76+X76+Z76+AB76+AD76+AF76 -> 0 | AO76: =SUM(AZ76:BQ76) -> 0 | AQ76: =AR76+AS76+AT76+AU76+AV76+AW76+AX76+AY76 -> 0
A77: 58 | I77: 1-3-702 | J77: 117.91 | N77: 5950.88 | AH77: =V77+X77+Z77+AB77+AD77+AF77 -> 0 | AO77: =SUM(AZ77:BQ77) -> 0 | AQ77: =AR77+AS77+AT77+AU77+AV77+AW77+AX77+AY77 -> 0
A78: 59 | I78: 1-3-801 | J78: 117.54 | N78: 6010.88 | AH78: =V78+X78+Z78+AB78+AD78+AF78 -> 0 | AO78: =SUM(AZ78:BQ78) -> 0 | AQ78: =AR78+AS78+AT78+AU78+AV78+AW78+AX78+AY78 -> 0
A79: 60 | I79: 1-3-802 | J79: 117.91 | N79: 5975.88 | AH79: =V79+X79+Z79+AB79+AD79+AF79 -> 0 | AO79: =SUM(AZ79:BQ79) -> 0 | AQ79: =AR79+AS79+AT79+AU79+AV79+AW79+AX79+AY79 -> 0
... A83: 64 | I83: 1-3-1002 | J83: 117.91 | N83: 6020.88 | AH83: =V83+X83+Z83+AB83+AD83+AF83 -> 0 | AO83: =SUM(AZ83:BQ83) -> 0 | AQ83: =AR83+AS83+AT83+AU83+AV83+AW83+AX83+AY83 -> 0
A84: 65 | E84: 抵账 | G84: 黄珍珍 | I84: 1-3-1101 | J84: 117.54 | K84: 1417.54 | N84: 7082.5 | R84: 119028 | S84: 2024.12.24 | V84: 119028 | W84: 2024.12.24 | AH84: =V84+X84+Z84+AB84+AD84+AF84 -> 119028 | AK84: =M84-AH84 -> -119028 | AO84: =SUM(AZ84:BQ84) -> 0 | AQ84: =AR84+AS84+AT84+AU84+AV84+AW84+AX84+AY84 -> 0
A85: 66 | I85: 1-3-1102 | J85: 117.91 | N85: 7047.5 | AH85: =V85+X85+Z85+AB85+AD85+AF85 -> 0 | AO85: =SUM(AZ85:BQ85) -> 0 | AQ85: =AR85+AS85+AT85+AU85+AV85+AW85+AX85+AY85 -> 0
I86: 2-负1-101 | J86: 275.94 | AH86: =V86+X86+Z86+AB86+AD86+AF86 -> 0 | AO86: =SUM(AZ86:BQ86) -> 0 | AQ86: =AR86+AS86+AT86+AU86+AV86+AW86+AX86+AY86 -> 0
I87: 2-负1-102 | J87: 35.22 | AH87: =V87+X87+Z87+AB87+AD87+AF87 -> 0 | AO87: =SUM(AZ87:BQ87) -> 0 | AQ87: =AR87+AS87+AT87+AU87+AV87+AW87+AX87+AY87 -> 0
I88: 2-负1-103 | J88: 34.37 | AH88: =V88+X88+Z88+AB88+AD88+AF88 -> 0 | AO88: =SUM(AZ88:BQ88) -> 0 | AQ88: =AR88+AS88+AT88+AU88+AV88+AW88+AX88+AY88 -> 0
I89: 2-负1-104 | J89: 34.71 | AH89: =V89+X89+Z89+AB89+AD89+AF89 -> 0 | AO89: =SUM(AZ89:BQ89) -> 0 | AQ89: =AR89+AS89+AT89+AU89+AV89+AW89+AX89+AY89 -> 0
I90: 2-负1-105 | J90: 29.37 | AH90: =V90+X90+Z90+AB90+AD90+AF90 -> 0 | AO90: =SUM(AZ90:BQ90) -> 0 | AQ90: =AR90+AS90+AT90+AU90+AV90+AW90+AX90+AY90 -> 0
I91: 2-负1-106 | J91: 20.09 | AH91: =V91+X91+Z91+AB91+AD91+AF91 -> 0 | AO91: =SUM(AZ91:BQ91) -> 0 | AQ91: =AR91+AS91+AT91+AU91+AV91+AW91+AX91+AY91 -> 0
I92: 2-负1-107 | J92: 15.74 | AH92: =V92+X92+Z92+AB92+AD92+AF92 -> 0 | AO92: =SUM(AZ92:BQ92) -> 0 | AQ92: =AR92+AS92+AT92+AU92+AV92+AW92+AX92+AY92 -> 0
I93: 2-负1-108 | J93: 13.71 | AH93: =V93+X93+Z93+AB93+AD93+AF93 -> 0 | AO93: =SUM(AZ93:BQ93) -> 0 | AQ93: =AR93+AS93+AT93+AU93+AV93+AW93+AX93+AY93 -> 0
I94: 2-负1-109 | J94: 16.75 | AH94: =V94+X94+Z94+AB94+AD94+AF94 -> 0 | AO94: =SUM(AZ94:BQ94) -> 0 | AQ94: =AR94+AS94+AT94+AU94+AV94+AW94+AX94+AY94 -> 0
I95: 2-负1-110 | J95: 9.62 | AH95: =V95+X95+Z95+AB95+AD95+AF95 -> 0 | AO95: =SUM(AZ95:BQ95) -> 0 | AQ95: =AR95+AS95+AT95+AU95+AV95+AW95+AX95+AY95 -> 0
I96: 2-负1-111工具间1 | J96: 17.99 | AH96: =V96+X96+Z96+AB96+AD96+AF96 -> 0 | AO96: =SUM(AZ96:BQ96) -> 0 | AQ96: =AR96+AS96+AT96+AU96+AV96+AW96+AX96+AY96 -> 0
I97: 2-负1-112工具间2 | J97: 65.33 | AH97: =V97+X97+Z97+AB97+AD97+AF97 -> 0 | AO97: =SUM(AZ97:BQ97) -> 0 | AQ97: =AR97+AS97+AT97+AU97+AV97+AW97+AX97+AY97 -> 0
... I100: 2-负1-115（配电间1 为多栋建筑服务） | J100: 64.08 | AH100: =V100+X100+Z100+AB100+AD100+AF100 -> 0 | AO100: =SUM(AZ100:BQ100) -> 0 | AQ100: =AR100+AS100+AT100+AU100+AV100+AW100+AX100+AY100 -> 0
A101: 67 | C101: 2024.4.21 | D101: 20240002219 | F101: 230221196303020045 | G101: 张凤云、宋宝才 王成 退 | H101: 0000881 | I101: 2-1-101 | J101: 102.67 | K101: 102.67 | L101: 4967.37 | M101: 510000 | N101: 4895 | U101: 米云鹤 刘宁宁 | V101: =10000-10000 -> 0 | W101: 2024.1.1 | X101: 10000 | Y101: 2024.3.25 | Z101: 143000 | AA101: 2024.4.21 | AB101: 357000 | AC101: 2024.5.21 | AH101: =V101+X101+Z101+AB101+AD101+AF101 -> 510000 | AK101: =M101-AH101 -> 0 | AL101: 18799828687 | AO101: =SUM(AZ101:BQ101) -> 510000 | AP101: =0.7%+0.04%+0.12% -> 0.0086 | AQ101: =AR101+AS101+AT101+AU101+AV101+AW101+AX101+AY101 -> 0 | BH101: 153000 | BI101: 357000 | BT101: 已交 | BU101: 已录
A102: 68 | I102: 2-1-102 | J102: 86.14 | N102: 4925 | AH102: =V102+X102+Z102+AB102+AD102+AF102 -> 0 | AO102: =SUM(AZ102:BQ102) -> 0 | AQ102: =AR102+AS102+AT102+AU102+AV102+AW102+AX102+AY102 -> 0
A103: 69 | I103: 2-1-103 | J103: 153.46 | N103: 4905 | AH103: =V103+X103+Z103+AB103+AD103+AF103 -> 0 | AO103: =SUM(AZ103:BQ103) -> 0 | AQ103: =AR103+AS103+AT103+AU103+AV103+AW103+AX103+AY103 -> 0
A104: 70 | C104: 45416 | D104: 20240002551 | F104: 652825199506153018 | G104: 肖鹏 | H104: 0001086 | I104: 2-1-201 | J104: 115.78 | K104: 115.78 | L104: 5052.7 | M104: 585000 | N104: 4925 | U104: 肖陶丽 | V104: 20000 | W104: 2024.4.6 | X104: =115000+170000 -> 285000 | Y104: 2024.4.11 | Z104: 280000 | AA104: 2024.5.22 | AH104: =V104+X104+Z104+AB104+AD104+AF104 -> 585000 | AK104: =M104-AH104 -> 0 | AL104: 19999463937 | AO104: =SUM(AZ104:BQ104) -> 585000 | AP104: =0.7%+0.12% -> 0.0082 | AQ104: =AR104+AS104+AT104+AU104+AV104+AW104+AX104+AY104 -> 0 | BI104: 585000 | BT104: 已交 | BU104: 已录
A105: 71 | G105: 杨荣 | I105: 2-1-202 | J105: 86.14 | K105: 86.14 | L105: 4875.78 | M105: 420000 | N105: 4875.78 | U105: 赵江龙 | V105: 30000 | W105: 2024.3.28 | AH105: =V105+X105+Z105+AB105+AD105+AF105 -> 30000 | AK105: =M105-AH105 -> 390000 | AO105: =SUM(AZ105:BQ105) -> 0 | AP105: =0.4%+0.12% -> 0.0052 | AQ105: =AR105+AS105+AT105+AU105+AV105+AW105+AX105+AY105 -> 0
A106: 72 | C106: 2024.6.12 | D106: 20240003446 | F106: 411627200003176439 | G106: 陶志 | H106: 0000898 | I106: 2-1-203 | J106: 153.46 | K106: 153.46 | L106: 5035 | M106: 772671 | N106: 4935 | U106: 王荣 | V106: 10000 | W106: 2024.6.3 | X106: 112671 | Y106: 2024.6.12 | Z106: 650000 | AA106: 2024.6.26 | AH106: =V106+X106+Z106+AB106+AD106+AF106 -> 772671 | AK106: =M106-AH106 -> 0 | AL106: 18139079120 | AO106: =SUM(AZ106:BQ106) -> 772671 | AP106: =0.7%+0.02%+0.08% -> 0.008 | AQ106: =AR106+AS106+AT106+AU106+AV106+AW106+AX106+AY106 -> 0 | BJ106: 772671 | BT106: 已交 | BU106: 已录 | CA106: =BY106-BZ106 -> 0
A107: 73 | C107: 2024.11.28 | D107: 20240006861 | F107: 610123196607095538 | G107: 张高红 | H107: 0000651 | I107: 2-1-301 | J107: 115.78 | K107: 115.78 | L107: 5068 | M107: 586773 | N107: 4968 | R107: =28000+101000+340000 -> 469000 | S107: 2024.12.10 | T107: 0000543 | U107: 连阵阵 | V107: 2000 | W107: 2023.12.29 | X107: 18000 | Y107: 2023.12.30 | Z107: 20000 | AA107: 2024.8.5 | AB107: 47773 | AC107: 45550 | AD107: 30000 | AE107: 2024.11.28 | AF107: =28000+101000+340000 -> 469000 | AG107: 2024.12.10 | AH107: =V107+X107+Z107+AB107+AD107+AF107 -> 586773 | AK107: =M107-AH107 -> 0 | AL107: 15099483259 | AO107: =SUM(AZ107:BQ107) -> 586773 | AP107: =0.4%+0.02%+0.08%+0.03% -> 0.0053 | AQ107: =AR107+AS107+AT107+AU107+AV107+AW107+AX107+AY107 -> 0 | BO107: 117773 | BP107: 469000 | BR107: =BP107*AP107 -> 2485.7 | BT107: 已交
A108: 74 | C108: 2024.4.3 | D108: 20240001879 | F108: 652826196004041123 | G108: 刘玉珍 | H108: 0000879 | I108: 2-1-302 | J108: 86.14 | K108: 86.14 | L108: 5026.7 | M108: 433000 | N108: 4998 | U108: 闫金秀 | V108: 10000 | W108: 2024.3.25 | X108: 83000 | Y108: 2024.4.3 | Z108: 340000 | AA108: 2024.4.17 | AH108: =V108+X108+Z108+AB108+AD108+AF108 -> 433000 | AK108: =M108-AH108 -> 0 | AL108: 19199168756 | AO108: =SUM(AZ108:BQ108) -> 433000 | AP108: =0.6%+0.12% -> 0.0072 | AQ108: =AR108+AS108+AT108+AU108+AV108+AW108+AX108+AY108 -> 0 | BH108: 433000 | BT108: 已交 | BU108: 已录
...

Sheet 画堂春锦苑8#楼明细表
A1: 8#楼住宅销售明细表
A2: 序号 | B2: 成交 | C2: 合同签订日期 | D2: 合同号 | F2: 身份证号 | G2: 姓名 | H2: 订购书编号 | I2: 房号 | J2: 开发 面积 | K2: 销售面积 | L2: 单价 | M2: 总价 | N2: 成交底价 | O2: 发票开具 | R2: 本月成 交额 | S2: 成交时间 | T2: 会员编号 | U2: 置业顾问 | V2: 缴款金额 | AH2: 收款合计 | AI2: 本月到账贷款 | AJ2: 到帐贷款 | AK2: 应收款 | AL2: 联系电话 | AM2: 备注 | AN2: 计划销售总价 | AO2: 佣金付款合计 | AP2: 佣金点数 | AQ2: 2024.5月佣金 | AR2: 2024.6月佣金 | AS2: 2024.7月佣金 | AT2: 2024.8月佣金 | AU2: 2024.9月佣金 | AV2: 2024.10月佣金 | AW2: 2024.11月佣金 | AX2: 2024.12月佣金 | AZ2: 佣金 | BB2: 印花税 | BC2: 房源系统
E3: 房屋性质 | O3: 金额 | P3: 号码 | Q3: 开票日期 | V3: 一 | W3: 时间 | X3: 二 | Y3: 时间 | Z3: 三 | AA3: 时间 | AB3: 四 | AC3: 时间 | AD3: 五 | AE3: 时间 | AF3: 六 | AG3: 时间
I4: 8-负1-01 | J4: 30.45
I5: 8-负1-02 | J5: 17.74
I6: 8-负1-03 | J6: 11.53
I7: 8-负1-04 | J7: 19.52
I8: 8-负1-05 | J8: 71.65
I9: 8-负1-06 | J9: 68.35
I10: 8-负1-07 | J10: 21.89
I11: 8-负1-08 | J11: 10.84
I12: 8-负1-09 | J12: 11.24
I13: 8-负1-10 | J13: 27.78
I14: 8-负1-11 | J14: 36.68
I15: 8-负1-12 | J15: 63.71
... I23: 8-负1-20 | J23: 23.55
A24: 1 | C24: 45434 | D24: 20240003043 | F24: 320322196903045629 | G24: 陈爱玲、杨艳梨 成交 | H24: 0000863 | I24: 8-1-101 | J24: 150.19 | K24: 150.19 | L24: 8200 | M24: =L24*K24 -> 1231558 | N24: 8200 | U24: 连阵阵 | V24: 20000 | W24: 2024.5.18 | X24: 351558 | Y24: 2024.5.22 | Z24: 860000 | AA24: 2024.6.25 | AH24: =V24+X24+Z24+AB24+AD24+AF24 -> 1231558 | AK24: =M24-AH24 -> 0 | AL24: 15199933931 | AO24: =SUM(AQ24:AY24) -> 1231558 | AP24: =0.7%+0.03%+0.08% -> 0.0081 | AR24: 1231558 | BB24: 已交 | BC24: 已录
A25: 2 | C25: 45516 | D25: 20240004628 | F25: 410181199802267518 | G25: 周枫 | H25: 0000953 | I25: 8-1-102 | J25: 122.87 | K25: 122.87 | L25: =M25/K25 -> 7894.5227 | M25: 970000 | N25: 7894.52 | U25: 李秀莲 | V25: 20000 | W25: 2024.7.30 | X25: 250000 | Y25: 2024.8.12 | Z25: 700000 | AA25: 2024.9.23 | AH25: =V25+X25+Z25+AB25+AD25+AF25 -> 970000 | AK25: =M25-AH25 -> 0 | AL25: 15599750213 | AM25: 不要车位，无家装 | AO25: =SUM(AQ25:AY25) -> 970000 | AP25: =0.5%+0.02%+0.08% -> 0.006 | AT25: 270000 | AU25: 700000 | BB25: 已交
A26: 3 | C26: 2024.11.15 | D26: 20240006617 | F26: 652801199801011118 | G26: 喻强 | H26: 0000962 | I26: 8-1-201 | J26: 148.64 | K26: 148.64 | L26: 5780 | M26: 859139 | N26: 5769.83 | R26: 185000 | S26: 2024.12.10 | U26: 李秀莲 | V26: 20000 | W26: 2024.11.10 | X26: 340139 | Y26: 2024.11.15 | Z26: 185000 | AA26: 2024.12.10 | AH26: =V26+X26+Z26+AB26+AD26+AF26 -> 545139 | AK26: =M26-AH26 -> 314000 | AL26: 13629949350 | AM26: 有车位6年物业费 | AO26: =SUM(AQ26:AY26) -> 545139 | AP26: =0.7%+0.03%+0.08%+0.03% -> 0.0084 | AX26: 545139 | AZ26: =AX26*AP26 -> 4579.1676 | BB26: 已交
A27: 4 | C27: 2024.11.15 | D27: 20240006618 | F27: 659001199705312415 | G27: 万新辉 | H27: 0000961 | I27: 8-1-202 | J27: 139.33 | K27: 139.33 | L27: 5784.75 | M27: 805990 | N27: 5784.75 | R27: 550000 | S27: 2024.12.23 | U27: 李秀莲 | V27: 20000 | W27: 2024.11.10 | X27: 95990 | Y27: 2024.11.15 | Z27: 140000 | AA27: 2024.11.29 | AB27: 550000 | AC27: 2024.12.23 | AH27: =V27+X27+Z27+AB27+AD27+AF27 -> 805990 | AK27: =M27-AH27 -> 0 | AL27: 13199840213 | AM27: 有车位6年物业费 | AO27: =SUM(AQ27:AY27) -> 805990 | AP27: =0.7%+0.03%+0.08%+0.03% -> 0.0084 | AW27: 255990 | AX27: 550000 | AZ27: =AX27*AP27 -> 4620 | BB27: 已交
A28: 5 | C28: 2024.10.18 | D28: 20240006190 | F28: 652822198312080021 | G28: 周小艳 衡澳 要退 | H28: 任成48.8万转 | I28: 8-1-301 | J28: 148.64 | K28: 148.64 | L28: 5824.48 | M28: =377751+488000 -> 865751 | N28: 5824.48 | U28: 霍红霞、王荣 | V28: 2000 | W28: 45560 | X28: 377751 | Y28: 2024.10.18 | Z28: 488000 | AA28: 2024.10.18 | AH28: =V28+X28+Z28+AB28+AD28+AF28 -> 867751 | AK28: =M28-AH28 -> -2000 | AL28: 16609961005 | AM28: 有车位6年物业费 | AO28: =SUM(AQ28:AY28) -> 865751 | AP28: =0.7%+0.08%+0.03% -> 0.0081 | AV28: 865751 | BB28: 已交
A29: 6 | F29: 622825197604263312 | G29: 李海军 | H29: 0001103 | I29: 8-1-302 | J29: 139.33 | K29: 139.33 | L29: 5839.41 | M29: 813605 | N29: 5839.41 | T29: 0000554 | U29: 米云鹤 | X29: 20000 | Y29: 2024.4.27 | Z29: 224605 | AA29: 2024.5.3 | AB29: 569000 | AC29: 2024.8.29 | AH29: =V29+X29+Z29+AB29+AD29+AF29 -> 813605 | AK29: =M29-AH29 -> 0 | AL29: 18909968952 | AO29: =SUM(AQ29:AY29) -> 813605 | AP29: =0.7%+0.03%+0.12% -> 0.0085 | AT29: 813605
A30: 7 | C30: 2024.10.1 | D30: 20240005546 | F30: 411381200007113031 | G30: 赵建设 | I30: 8-1-401 | J30: 148.64 | K30: 148.64 | L30: 5657.21 | M30: 840888 | N30: 5657.21 | R30: 630000 | S30: 2024.12.20 | U30: 王荣 | V30: 20000 | W30: 45551 | X30: 190888 | Y30: 2024.10.1 | Z30: 630000 | AA30: 2024.12.20 | AH30: =V30+X30+Z30+AB30+AD30+AF30 -> 840888 | AK30: =M30-AH30 -> 0 | AL30: 18699610532 | AO30: =SUM(AQ30:AY30) -> 840888 | AP30: =0.6%+0.04%+0.1% -> 0.0074 | AV30: 210888 | AX30: 630000 | AZ30: =AX30*AP30 -> 4662 | BB30: 已交
A31: 8 | C31: 45472 | D31: 20240003715 | F31: 211282199906013016 | G31: 钟正 | H31: 0000868 | I31: 8-1-402 | J31: 139.33 | K31: 139.33 | L31: 5600 | M31: 780248 | N31: 5600 | U31: 霍红霞 | V31: 20000 | W31: 2024.6.17 | X31: 10000 | Y31: 2024.6.29 | Z31: 126248 | AA31: 2024.7.1 | AB31: 624000 | AC31: 2024.8.23 | AH31: =V31+X31+Z31+AB31+AD31+AF31 -> 780248 | AK31: =M31-AH31 -> 0 | AL31: 17641032589 | AM31: 不要车位，没有家装大礼包 | AO31: =SUM(AQ31:AY31) -> 780248 | AP31: =0.7%+0.08% -> 0.0078 | AS31: 156248 | AT31: 624000 | BB31: 已交 | BC31: 已录
A32: 9 | C32: 45416 | D32: 20240002559 | F32: 652823199205292214 | G32: 沈慧 | H32: 0000851 | I32: 8-1-501 | J32: 148.64 | K32: 148.64 | L32: 5897.806 | M32: 876650 | N32: 5897.806 | U32: 刘思汉 | V32: 20000 | W32: 2024.5.1 | X32: 121650 | Y32: 2024.5.4 | Z32: 145000 | AA32: 2024.7.15 | AB32: 590000 | AC32: 2024.8.22 | AH32: =V32+X32+Z32+AB32+AD32+AF32 -> 876650 | AK32: =M32-AH32 -> 0 | AL32: 19199200131 | AO32: =SUM(AQ32:AY32) -> 876650 | AP32: =0.7%+0.02%+0.12% -> 0.0084 | AS32: 286650 | AT32: 590000 | BB32: 已交
A33: 10 | C33: 45472 | D33: 20240003716 | F33: 620422197512035117 | G33: 刘冠宇 | H33: 0000890 | I33: 8-1-502 | J33: 139.33 | K33: 139.33 | L33: 5946.36 | M33: 828507 | N33: 5946.36 | U33: 霍红霞 | V33: 20000 | W33: 2024.5.18 | X33: 33507 | Y33: 2024.6.29 | Z33: 70000 | AA33: 2024.7.1 | AB33: 185000 | AC33: 2024.7.4 | AD33: 520000 | AE33: 2024.8.1 | AH33: =V33+X33+Z33+AB33+AD33+AF33 -> 828507 | AK33: =M33-AH33 -> 0 | AL33: 13999021450 | AO33: =SUM(AQ33:AY33) -> 828507 | AP33: =0.7%+0.08% -> 0.0078 | AS33: 308507 | AT33: 520000 | BB33: 已交 | BC33: 已录
A34: 11 | C34: 2024.11.9 | D34: 20240006521 | F34: 652301198608256410 | G34: 王明利 | I34: 8-1-601 | J34: 148.64 | K34: 148.64 | L34: 5965.8 | M34: 886756 | N34: 5965.795 | R34: 700000 | S34: 2024.12.16 | U34: 王荣 | V34: 5000 | W34: 2024.7.5 | X34: 15000 | Y34: 2024.9.9 | Z34: 166756 | AA34: 2024.11.9 | AB34: 700000 | AC34: 2024.12.16 | AH34: =V34+X34+Z34+AB34+AD34+AF34 -> 886756 | AK34: =M34-AH34 -> 0 | AL34: 19990288970 | AM34: 无家装 | AO34: =SUM(AQ34:BA34) -> 892356 | AP34: =0.7%+0.02%+0.08% -> 0.008 | AW34: 186756 | AX34: 700000 | AZ34: =AX34*AP34 -> 5600 | BB34: 已交
A35: 12 | C35: 45416 | D35: 20240002527 | F35: 622323198712053149 | G35: 马玲玲 | H35: 0001107 | I35: 8-1-602 | J35: 139.33 | K35: 139.33 | L35: =M35/K35 -> 5978.6119 | M35: 833000 | N35: 5978.61 | U35: 刘思汉 | V35: 20000 | W35: 2024.4.28 | X35: 233000 | Y35: 2024.5.4 | Z35: 580000 | AA35: 2024.6.21 | AH35: =V35+X35+Z35+AB35+AD35+AF35 -> 833000 | AK35: =M35-AH35 -> 0 | AL35: 15299350690 | AO35: =SUM(AQ35:AY35) -> 833000 | AP35: =0.7%+0.02%+0.12% -> 0.0084 | AQ35: 253000 | AR35: 580000 | BB35: 已交 | BC35: 已录
A36: 13 | C36: 45493 | D36: 20240004168 | F36: 411528199804103315 | G36: 姚俊伟 | I36: 8-1-701 | J36: 148.64 | K36: 148.64 | L36: =M36/K36 -> 5948.0826 | M36: 884123 | N36: 5948.08 | U36: 米云鹤 | V36: 169123 | W36: 2024.7.20 | X36: 65000 | Y36: 2024.8.2 | Z36: 650000 | AA36: 45537 | AH36: =V36+X36+Z36+AB36+AD36+AF36 -> 884123 | AK36: =M36-AH36 -> 0 | AL36: 18742865669 | AM36: 无家装 | AO36: =SUM(AQ36:AY36) -> 884123 | AP36: =0.7%+0.03%+0.08% -> 0.0081 | AT36: 234123 | AU36: 650000 | BB36: 已交
A37: 14 | C37: 2024.10.1 | D37: 20240005557 | F37: 500102199703291367 | G37: 周瑶 | I37: 8-1-702 | J37: 139.33 | K37: 139.33 | L37: 5892.34 | M37: 820980 | N37: 6000 | U37: 刘宁宁 | V37: 20000 | W37: 2024.7.15 | X37: =180000+980 -> 180980 | Y37: 2024.10.1 | Z37: 620000 | AA37: 2024.11.27 | AH37: =V37+X37+Z37+AB37+AD37+AF37 -> 820980 | AK37: =M37-AH37 -> 0 | AL37: 15684853588 | AM37: 无家装、有车位 | AO37: =SUM(AQ37:BA37) -> 820980 | AP37: =0.4%+0.03%+0.08% -> 0.0051 | AW37: 820980 | BB37: 已交
A38: 15 | C38: 2024.10.26 | D38: 20240005654 | F38: 411503199406183316 | G38: 张明旺 | H38: 0000710 | I38: 8-1-801 | J38: 148.64 | K38: 148.64 | L38: 5853.07 | M38: 870000 | N38: 5853.07 | U38: 肖陶丽 | V38: 20000 | W38: 2024.9.20 | X38: 850000 | Y38: 2024.10.2 | AH38: =V38+X38+Z38+AB38+AD38+AF38 -> 870000 | AK38: =M38-AH38 -> 0 | AL38: 17337600520 | AO38: =SUM(AQ38:AY38) -> 870000 | AP38: =0.6%+0.1% -> 0.007 | AV38: 870000 | BB38: 已交
A39: 16 | C39: 45493 | D39: 20240004164 | F39: 610327199901231895 | G39: 张宏博 | H39: 0000853 | I39: 8-1-802 | J39: 139.33 | K39: 139.33 | L39: 6091.36 | M39: 848710 | N39: 6091.36 | T39: 0000556 | U39: 刘宁宁 | V39: 2000 | W39: 2024.4.17 | X39: 8000 | Y39: 2024.5.2 | Z39: 96710 | AA39: 2024.7.20 | AB39: 64000 | AC39: 2024.8.28 | AD39: 678000 | AE39: 2024.10.10 | AH39: =V39+X39+Z39+AB39+AD39+AF39 -> 848710 | AK39: =M39-AH39 -> 0 | AL39: 18893377659 | AO39: =SUM(AQ39:AY39) -> 848710 | AP39: =0.5%+0.02%+0.08% -> 0.006 | AT39: 170710 | AV39: 678000 | BB39: 已交
A40: 17 | C40: 45540 | D40: 20240005098 | F40: 652201199906156513 | G40: 吴金涛 | H40: 0000935 | I40: 8-1-901 | J40: 148.64 | K40: 148.64 | L40: =M40/K40 -> 5920.3445 | M40: 880000 | N40: 5920.345 | U40: 刘宁宁 | V40: 20000 | W40: 2024.8.16 | X40: 178000 | Y40: 45540 | Z40: 682000 | AA40: 2024.10.10 | AH40: =V40+X40+Z40+AB40+AD40+AF40 -> 880000 | AK40: =M40-AH40 -> 0 | AL40: 13119023002 | AM40: 有车位无礼品 | AO40: =SUM(AQ40:AY40) -> 880000 | AP40: =0.4%+0.02%+0.08% -> 0.005 | AU40: 198000 | AV40: 682000 | BB40: 已交
A41: 18 | C41: 45428 | D41: 20240002913 | F41: 652801198710241618 | G41: 李鹏 | H41: 0001102 | I41: 8-1-902 | J41: 139.33 | K41: 139.33 | L41: 6120.28 | M41: 852739 | N41: 6120.28 | T41: 0000552 | U41: 米云鹤 | V41: 2000 | W41: 2024.4.13 | X41: 18000 | Y41: 2024.4.27 | Z41: =2739+120000 -> 122739 | AA41: 45428 | AB41: 510000 | AC41: 2024.6.20 | AD41: 200000 | AE41: 2024.7.12 | AH41: =V41+X41+Z41+AB41+AD41+AF41 -> 852739 | AK41: =M41-AH41 -> 0 | AL41: 17699690006 | AO41: =SUM(AQ41:AY41) -> 852739 | AP41: =0.7%+0.03%+0.12% -> 0.0085 | AR41: 652739 | AS41: 200000 | BB41: 已交 | BC41: 已录
A42: 19 | C42: 2024.10.4 | D42: 20240005780 | F42: 652829199703170013 | G42: 那木巴图 | H42: 0000928 | I42: 8-1-1001 | J42: 148.64 | K42: 148.64 | L42: 5747.09 | M42: 854247 | N42: 6127.09 | U42: 赵江龙 | V42: 20000 | W42: 45543 | X42: 334247 | Y42: 2024.10.4 | Z42: 500000 | AA42: 2024.11.8 | AH42: =V42+X42+Z42+AB42+AD42+AF42 -> 854247 | AK42: =M42-AH42 -> 0 | AL42: 18999002531 | AM42: 2年物业费 | AO42: =SUM(AQ42:AY42) -> 854247 | AP42: =0.5%+0.1% -> 0.006 | AV42: 354247 | AW42: 500000 | BB42: 已交
A43: 20 | C43: 45477 | D43: 20240003839 | F43: 512922197201065726 | G43: 何林华 | H43: 0001110 | I43: 8-1-1002 | J43: 139.33 | K43: 139.33 | L43: =M43/K43 -> 6142.0225 | M43: 855768 | N43: 6142.02 | T43: 0000559 | U43: 肖陶丽 | X43: 20000 | Y43: 2024.4.28 | Z43: =135768+50000 -> 185768 | AA43: 2024.7.4 | AB43: 650000 | AC43: 2024.7.16 | AH43: =V43+X43+Z43+AB43+AD43+AF43 -> 855768 | AK43: =M43-AH43 -> 0 | AL43: 18799806032 | AO43: =SUM(AQ43:AY43) -> 855768 | AP43: =0.7%+0.12% -> 0.0082 | AS43: 855768 | BB43: 已交 | BC43: 已录
A44: 21 | I44: 8-1-1101 | J44: 148.64 | N44: 7167.6 | AH44: =V44+X44+Z44+AB44+AD44+AF44 -> 0 | AO44: =SUM(AQ44:AY44) -> 0
A45: 22 | I45: 8-1-1102 | J45: 139.33 | N45: 7151.6 | AH45: =V45+X45+Z45+AB45+AD45+AF45 -> 0 | AO45: =SUM(AQ45:AY45) -> 0
A46: 23 | I46: 8-2-101 | J46: 101.56 | N46: 8254.6 | AH46: =V46+X46+Z46+AB46+AD46+AF46 -> 0 | AO46: =SUM(AQ46:AY46) -> 0
A47: 24 | C47: 2024.11.6 | D47: 20240006475 | G47: 何自将 | H47: 0000724 | I47: 8-2-102 | J47: 119.74 | K47: 119.74 | L47: 8120 | M47: 972289 | N47: 8235.6 | R47: 289000 | S47: 2024.12.20 | U47: 刘宁宁 | X47: 2289 | Y47: 2024.11.6 | Z47: 289000 | AA47: 2024.12.20 | AH47: =V47+X47+Z47+AB47+AD47+AF47 -> 291289 | AK47: =M47-AH47 -> 681000 | AL47: 13899071228 | AM47: 有车位 | AO47: =SUM(AQ47:AY47) -> 291289 | AP47: =0.6%+0.02%+0.08%+0.03% -> 0.0073 | AX47: 291289 | AZ47: =AX47*AP47 -> 2126.4097 | BB47: 已交
A48: 25 | I48: 8-2-201 | J48: 117.84 | N48: 5778.23 | AH48: =V48+X48+Z48+AB48+AD48+AF48 -> 0 | AO48: =SUM(AQ48:AY48) -> 0
A49: 26 | I49: 8-2-202 | J49: 117.84 | N49: 5759.23 | AH49: =V49+X49+Z49+AB49+AD49+AF49 -> 0 | AO49: =SUM(AQ49:AY49) -> 0
A50: 27 | F50: 652801197309194523 | G50: 屈淑红 退 | H50: 0000927 | I50: 8-2-301 | J50: 117.84 | K50: 117.84 | L50: 5685.68 | M50: 670000 | N50: 5685.675 | U50: 米云鹤 | V50: =20000-20000 -> 0 | W50: 45543 | AH50: =V50+X50+Z50+AB50+AD50+AF50 -> 0 | AK50: =M50-AH50 -> 670000 | AL50: 15352763799 | AO50: =SUM(AQ50:AY50) -> 0 | AP50: =0.4%+0.02%+0.1% -> 0.0052
A51: 28 | C51: 2024.10.1 | D51: 20240005587 | F51: 652801198907010514 | G51: 吕超 | I51: 8-2-302 | J51: 117.84 | K51: 117.84 | L51: 5600.81 | M51: 660000 | N51: 5600.816 | U51: 刘宁宁 | V51: 10000 | W51: 45542 | X51: 130000 | Y51: 2024.10.1 | AH51: =V51+X51+Z51+AB51+AD51+AF51 -> 140000 | AK51: =M51-AH51 -> 520000 | AL51: 18997601601 | AM51: 送冰箱 | AO51: =SUM(AQ51:AY51) -> 0 | AP51: =0.4%+0.02%+0.1% -> 0.0052 | BB51: 已交
A52: 29 | C52: 2024.12.16 | D52: 20240007256 | F52: 130184199210265721 | G52: 底孟孟 | H52: 0000996 | I52: 8-2-401 | J52: 117.84 | K52: 117.84 | L52: 5515.95 | M52: 650000 | N52: 5865.49 | R52: =350000+280000 -> 630000 | S52: 2024.12.16 | U52: 张玉琴 | V52: 20000 | W52: 2024.11.24 | X52: 280000 | Y52: 2024.12.16 | Z52: 350000 | AA52: 2024.12.27 | AH52: =V52+X52+Z52+AB52+AD52+AF52 -> 650000 | AK52: =M52-AH52 -> 0 | AL52: 13667548933 | AM52: 无车位 | AO52: =SUM(AQ52:AY52) -> 650000 | AP52: =0.6%+0.03%+0.08%+0.03% -> 0.0074 | AX52: 650000 | AZ52: =AX52*AP52 -> 4810 | BB52: 已交
A53: 30 | C53: 2024.12.20 | D53: 20240007357 | G53: 陈祖柏 | I53: 8-2-402 | J53: 117.84 | K53: 117.84 | L53: =M53/K53 -> 5855.3971 | M53: 690000 | N53: 5846.49 | R53: 670000 | S53: 2024.12.20 | U53: 潘亦玹 | V53: 20000 | W53: 2024.10.13 | X53: 670000 | Y53: 2024.12.20 | AH53: =V53+X53+Z53+AB53+AD53+AF53 -> 690000 | AK53: =M53-AH53 -> 0 | AO53: =SUM(AQ53:AY53) -> 690000 | AP53: =0.6%+0.02%+0.08%+0.03% -> 0.0073 | AX53: 690000 | AZ53: =AX53*AP53 -> 5037 | BB53: 已交
A54: 31 | C54: 45414 | D54: 20240002496 | F54: 620523199702013796 | G54: 谢斌 | H54: 0000869 | I54: 8-2-501 | J54: 117.84 | K54: 117.84 | L54: 5939.84 | M54: 699951 | N54: 5939.84 | U54: 米云鹤 | V54: 20000 | W54: 2024.3.26 | X54: 76951 | Y54: 2024.5.2 | Z54: 53000 | AA54: 2024.6.13 | AB54: 550000 | AC54: 2024.7.3 | AH54: =V54+X54+Z54+AB54+AD54+AF54 -> 699951 | AK54: =M54-AH54 -> 0 | AL54: 15276466926 | AO54: =SUM(AQ54:AY54) -> 699951 | AP54: =0.7%+0.03%+0.12% -> 0.0085 | AR54: 149951 | AS54: 550000 | BB54: 已交 | BC54: 已录
A55: 32 | C55: 45415 | D55: 20240002507 | F55: 622301200011213316 | G55: 严海云 | H55: 0001109 | I55: 8-2-502 | J55: 117.84 | K55: 117.84 | L55: 5920.84 | M55: 697712 | N55: 5920.84 | T55: 0000558 | U55: 赵江龙 | V55: 2000 | W55: 2024.4.19 | X55: 18000 | Y55: 2024.4.27 | Z55: 119712 | AA55: 2024.5.3 | AB55: 558000 | AC55: 2024.10.16 | AH55: =V55+X55+Z55+AB55+AD55+AF55 -> 697712 | AK55: =M55-AH55 -> 0 | AL55: 18193556127 | AO55: =SUM(AQ55:AY55) -> 697712 | AP55: =0.4%+0.12% -> 0.0052 | AQ55: 139712 | AV55: 558000 | BB55: 已交 | BC55: 已录
A56: 33 | C56: 2024.5.4 | D56: 20240002528 | G56: 杨华 | I56: 8-2-601 | J56: 117.84 | K56: 117.84 | L56: =M56/K56 -> 5982.6884 | M56: 705000 | N56: 5982.69 | R56: =100000+100000 -> 200000 | S56: 2024.12.16 | U56: 霍红霞 | V56: 2000 | W56: 2024.2.14 | X56: 18000 | Y56: 2024.4.27 | Z56: 335000 | AA56: 2024.5.4 | AB56: 50000 | AC56: 2024.7.26 | AD56: 50000 | AE56: 2024.8.13 | AF56: =100000+50000+100000 -> 250000 | AG56: 2024-9-10 2024.12.16 | AH56: =V56+X56+Z56+AB56+AD56+AF56 -> 705000 | AK56: =M56-AH56 -> 0 | AL56: 15099978299 | AO56: =SUM(AQ56:BA56) -> 710781 | AP56: =0.7%+0.12% -> 0.0082 | AX56: 705000 | AZ56: =AX56*AP56 -> 5781 | BB56: 已交
A57: 34 | C57: 45539 | D57: 20240005079 | F57: 622727199705102629 | G57: 李互生 | H57: 0000935 | I57: 8-2-602 | J57: 117.84 | K57: 117.84 | L57: =M57/K57 -> 5689.7573 | M57: 670481 | N57: 5689.76 | U57: 李福晴 | V57: 20000 | W57: 2024.7.17 | X57: 80000 | Y57: 2024.8.28 | Z57: 40481 | AA57: 45539 | AH57: =V57+X57+Z57+AB57+AD57+AF57 -> 140481 | AK57: =M57-AH57 -> 530000 | AL57: 17393381950 | AM57: 不要车位无家装送冰箱 | AO57: =SUM(AQ57:BA57) -> 140480 | AP57: =0.7%+0.04%+0.08% -> 0.0082 | AU57: 140480 | BB57: 已交
A58: 35 | C58: 2024.10.3 | D58: 20240005742 | F58: 652801196810200064 | G58: 尹桂云 | I58: 8-2-701 | J58: 117.84 | K58: 117.84 | L58: 5770.54 | M58: 680000 | N58: 6057.67 | U58: 霍红霞 | V58: 20000 | W58: 2024.8.22 | X58: 660000 | Y58: 2024.10.3 | AH58: =V58+X58+Z58+AB58+AD58+AF58 -> 680000 | AK58: =M58-AH58 -> 0 | AL58: 18999006655 | AM58: 无车位2年物业费 | AO58: =SUM(AQ58:AY58) -> 680000 | AP58: =0.7%+0.08% -> 0.0078 | AW58: 680000 | BB58: 已交
A59: 36 | C59: 2024.8.23 | D59: 20240004830 | F59: 320322199002164026 | G59: 周真真 | H59: 0000933 | I59: 8-2-702 | J59: 117.84 | K59: 117.84 | L59: 5855.4 | M59: 690000 | N59: 5855.4 | U59: 刘宁宁 | V59: 24000 | W59: 2024.6.15 | X59: 36000 | Y59: 2024.8.23 | Z59: 580000 | AA59: 45549 | AB59: 50000 | AC59: 2024.11.16 | AH59: =V59+X59+Z59+AB59+AD59+AF59 -> 690000 | AK59: =M59-AH59 -> 0 | AL59: 18160282158 | AM59: 没有家装大礼包 | AO59: =SUM(AQ59:BA59) -> 690000 | AP59: =0.5%+0.02%+0.08% -> 0.006 | AW59: 690000 | BB59: 已交
A60: 37 | C60: 45511 | D60: 20240004552 | F60: 62232619961220373X | G60: 韩磊 | H60: 0000901 | I60: 8-2-801 | J60: 117.84 | K60: 117.84 | L60: =M60/K60 -> 5984.8354 | M60: 705253 | N60: 5984.835 | U60: 王荣 | V60: 20000 | W60: 2024.7.25 | X60: 285253 | Y60: 2024.8.7 | Z60: 400000 | AA60: 45549 | AH60: =V60+X60+Z60+AB60+AD60+AF60 -> 705253 | AK60: =M60-AH60 -> 0 | AL60: 17361568014 | AM60: 无家装 | AO60: =SUM(AQ60:AY60) -> 705253 | AP60: =0.7%+0.02%+0.08% -> 0.008 | AT60: 305253 | AU60: 400000 | BB60: 已交
A61: 38 | C61: 45477 | D61: 20240003855 | F61: 320321198210303026 | G61: 刘美丽 | H61: 0000698 | I61: 8-2-802 | J61: 117.84 | K61: 117.84 | L61: 5900 | M61: =L61*K61 -> 695256 | N61: 5900 | U61: 王荣 | V61: 5000 | W61: 2024.6.9 | X61: 140256 | Y61: 2024.7.4 | Z61: 550000 | AA61: 2024.7.16 | AH61: =V61+X61+Z61+AB61+AD61+AF61 -> 695256 | AK61: =M61-AH61 -> 0 | AL61: 18709962570 | AM61: 没有家装大礼包 | AO61: =SUM(AQ61:AY61) -> 695256 | AP61: =0.7%+0.02%+0.08% -> 0.008 | AS61: 695256 | BB61: 已交 | BC61: 已录 | BG61: =AO61*0.007 -> 4866.792 | BH61: =AO61*0.005 -> 3476.28 | BI61: =BG61-BH61 -> 1390.512
A62: 39 | C62: 2024.11.19 | D62: 20240006700 | F62: 511381200201051552 | G62: 涂建伟 | I62: 8-2-901 | J62: 117.84 | K62: 117.84 | L62: 5982.69 | M62: 705000 | N62: 5982.69 | R62: 355000 | S62: 2024.12.13 | U62: 连阵阵 | V62: 150000 | W62: 45542 | X62: 200000 | Y62: 2024.11.19 | Z62: 355000 | AA62: 2024.12.13 | AH62: =V62+X62+Z62+AB62+AD62+AF62 -> 705000 | AK62: =M62-AH62 -> 0 | AL62: 18709963278 | AO62: =SUM(AQ62:AY62) -> 705000 | AP62: =0.4%+0.02%+0.1% -> 0.0052 | AW62: 350000 | AX62: 355000 | AZ62: =AX62*AP62 -> 1846 | BB62: 已交
A63: 40 | C63: 2024.10.1 | D63: 20240005482 | F63: 412724198606296429 | G63: 任风丽 | H63: 0000926 | I63: 8-2-902 | J63: 117.84 | K63: 117.84 | L63: 5685.67 | M63: 670000 | N63: 5685.675 | U63: 霍红霞 | V63: 20000 | W63: 45543 | X63: 450000 | Y63: 45552 | Z63: 200000 | AA63: 2024.10.24 | AH63: =V63+X63+Z63+AB63+AD63+AF63 -> 670000 | AK63: =M63-AH63 -> 0 | AL63: 18299824155 | AO63: =SUM(AQ63:AY63) -> 670000 | AP63: =0.7%+0.1% -> 0.008 | AV63: 670000 | BB63: 已交
A64: 41 | B64: 1 | F64: 622323200009247216 | G64: 马海平 | H64: 0000978 | I64: 8-2-1001 | J64: 117.84 | K64: 117.84 | L64: 5750 | M64: 677580 | N64: 6135.49 | R64: 20000 | S64: 2024.12.30 | U64: 赵江龙 | V64: 20000 | W64: 2024.12.30 | AH64: =V64+X64+Z64+AB64+AD64+AF64 -> 20000 | AK64: =M64-AH64 -> 657580 | AL64: 13667503926 | AM64: 不要车位 | AO64: =SUM(AQ64:AY64) -> 0 | AP64: =0.7%+0.12%+0.03% -> 0.0085
A65: 42 | C65: 2024.12.30 | D65: 20240007531 | F65: 412726199403135868 | G65: 赵伶俐 | H65: 0001007 | I65: 8-2-1002 | J65: 117.84 | K65: 117.84 | L65: 5685.68 | M65: 670000 | N65: 6116.49 | R65: =80000+20000+70000 -> 170000 | S65: 2024.12.1 | U65: 闫金秀 | V65: 20000 | W65: 2024.12.1 | X65: 80000 | Y65: 2024.12.10 | Z65: 70000 | AA65: 2024.12.30 | AH65: =V65+X65+Z65+AB65+AD65+AF65 -> 170000 | AK65: =M65-AH65 -> 500000 | AL65: 15276242663 | AM65: 无车位 | AO65: =SUM(AQ65:AY65) -> 170000 | AP65: =0.6%+0.08%+0.03% -> 0.0071 | AX65: 170000 | AZ65: =AX65*AP65 -> 1207 | BB65: 已交
A66: 43 | I66: 8-2-1101 | J66: 117.84 | N66: 7141.6 | AH66: =V66+X66+Z66+AB66+AD66+AF66 -> 0 | AO66: =SUM(AQ66:AY66) -> 0
A67: 44 | I67: 8-2-1102 | J67: 117.84 | N67: 7124.6 | AH67: =V67+X67+Z67+AB67+AD67+AF67 -> 0 | AO67: =SUM(AQ67:AY67) -> 0
A68: 45 | I68: 8-3-101 | J68: 119.74 | N68: 8239.6 | AH68: =V68+X68+Z68+AB68+AD68+AF68 -> 0 | AO68: =SUM(AQ68:AY68) -> 0
A69: 46 | I69: 8-3-102 | J69: 101.56 | N69: 8220.6 | AH69: =V69+X69+Z69+AB69+AD69+AF69 -> 0 | AO69: =SUM(AQ69:AY69) -> 0
A70: 47 | I70: 8-3-201 | J70: 117.84 | N70: 5763.23 | AH70: =V70+X70+Z70+AB70+AD70+AF70 -> 0 | AO70: =SUM(AQ70:AY70) -> 0
A71: 48 | I71: 8-3-202 | J71: 117.84 | N71: 5744.23 | AH71: =V71+X71+Z71+AB71+AD71+AF71 -> 0 | AO71: =SUM(AQ71:AY71) -> 0
A72: 49 | C72: 2024.10.8 | D72: 20240005944 | F72: 142729198504114213 | G72: 孙帅 | H72: 0000736 | I72: 8-3-301 | J72: 117.84 | K72: 117.84 | L72: 5500 | M72: 648120 | N72: 5500 | R72: 518000 | S72: 2024.12.23 | U72: 刘思汉 | V72: 10000 | W72: 2024.10.5 | X72: 120120 | Y72: 2024.10.8 | Z72: 518000 | AA72: 2024.12.23 | AH72: =V72+X72+Z72+AB72+AD72+AF72 -> 648120 | AK72: =M72-AH72 -> 0 | AL72: 13199710158 | AM72: 1年物业费 | AO72: =SUM(AQ72:AY72) -> 648120 | AP72: =0.4%+0.02%+0.08%+0.03% -> 0.0053 | AV72: 130120 | AX72: 518000 | AZ72: =AX72*AP72 -> 2745.4 | BB72: 已交
A73: 50 | I73: 8-3-302 | J73: 117.84 | N73: 5798.89 | AH73: =V73+X73+Z73+AB73+AD73+AF73 -> 0 | AO73: =SUM(AQ73:AY73) -> 0
A74: 51 | I74: 8-3-401 | J74: 117.84 | N74: 5850.49 | AH74: =V74+X74+Z74+AB74+AD74+AF74 -> 0 | AO74: =SUM(AQ74:AY74) -> 0
A75: 52 | I75: 8-3-402 | J75: 117.84 | N75: 5831.49 | AH75: =V75+X75+Z75+AB75+AD75+AF75 -> 0 | AO75: =SUM(AQ75:AY75) -> 0
A76: 53 | C76: 2024.8.7 | D76: 20240004547 | F76: 65282919771223152X | G76: 宏格尔 | H76: 0000904 | I76: 8-3-501 | J76: 117.84 | K76: 117.84 | L76: =M76/K76 -> 5770.5363 | M76: 680000 | N76: 5770.535 | U76: 李秀莲 | V76: 10000 | W76: 2024.7.28 | X76: 250000 | Y76: 2024.5.19 | Z76: 420000 | AA76: 2024.10.10 | AH76: =V76+X76+Z76+AB76+AD76+AF76 -> 680000 | AK76: =M76-AH76 -> 0 | AL76: 13199729933 | AM76: 无家装送冰箱 | AO76: =SUM(AQ76:AY76) -> 680000 | AP76: =0.5%+0.02%+0.08% -> 0.006 | AT76: 260000 | AV76: 420000 | BB76: 已交
A77: 54 | I77: 8-3-502 | J77: 117.84 | N77: 5905.84 | AH77: =V77+X77+Z77+AB77+AD77+AF77 -> 0 | AK77: =M77-AH77 -> 0 | AO77: =SUM(AQ77:AY77) -> 0
A78: 55 | C78: 2024.11.11 | D78: 20240006533 | F78: 511324198103174527 | G78: 吕双菊 | H78: 0000745 | I78: 8-3-601 | J78: 117.84 | K78: 117.84 | L78: 5855.4 | M78: 690000 | N78: 5993.76 | U78: 霍红霞 | V78: 20000 | W78: 2024.10.26 | X78: 670000 | Y78: 2024.11.11 | AH78: =V78+X78+Z78+AB78+AD78+AF78 -> 690000 | AK78: =M78-AH78 -> 0 | AL78: 13667539298 | AM78: 有车位 | AO78: =SUM(AQ78:AY78) -> 690000 | AP78: =0.7%+0.08%+0.03% -> 0.0081 | AW78: 690000 | BB78: 已交
A79: 56 | C79: 2024.10.4 | D79: 20240005722 | F79: 62242619891225314X | G79: 田雪莉 | H79: 0000728 | I79: 8-3-602 | J79: 117.84 | K79: 117.84 | L79: 5770.54 | M79: 680000 | N79: 5770.54 | U79: 赵江龙 | V79: 20000 | W79: 45564 | X79: 150000 | Y79: 2024.10.4 | Z79: 510000 | AA79: 2024.10.18 | AH79: =V79+X79+Z79+AB79+AD79+AF79 -> 680000 | AK79: =M79-AH79 -> 0 | AL79: 13565064892 | AO79: =SUM(AQ79:AY79) -> 680000 | AP79: =0.5%+0.1% -> 0.006 | AV79: 680000 | BB79: 已交
A80: 57 | C80: 2024.10.5 | D80: 20240005923 | F80: 220702200103041218 | G80: 刘然 | I80: 8-3-701 | J80: 117.84 | K80: 117.84 | L80: 6000 | M80: 707040 | N80: 6000 | V80: 87040 | W80: 2024.10.5 | X80: 320000 | Y80: 2024.10.29 | Z80: 300000 | AA80: 2024.11.26 | AH80: =V80+X80+Z80+AB80+AD80+AF80 -> 707040 | AK80: =M80-AH80 -> 0 | AL80: 18196293503 | AM80: 6年物业费15000商业抵用券 | AO80: =SUM(AQ80:AY80) -> 707040 | AP80: =0.7%+0.08%+0.03% -> 0.0081 | AV80: 407040 | AW80: 300000 | BB80: 已交
A81: 58 | C81: 2024.12.20 | D81: 20240007355 | F81: 612324199511050039 | G81: 李鑫 | H81: 0001009 | I81: 8-3-702 | J81: 117.84 | K81: 117.84 | L81: 5643.25 | M81: 665000 | N81: 6023.67 | R81: =200000+20000+180000 -> 400000 | S81: 2024.12.1 | U81: 闫金秀 | V81: 20000 | W81: 2024.12.1 | X81: 200000 | Y81: 2024.12.20 | Z81: 180000 | AA81: 2024.12.20 | AH81: =V81+X81+Z81+AB81+AD81+AF81 -> 400000 | AK81: =M81-AH81 -> 265000 | AL81: 13150459500 | AM81: 无车位 | AO81: =SUM(AQ81:AY81) -> 400000 | AP81: =0.6%+0.08%+0.03% -> 0.0071 | AX81: 400000 | AZ81: =AX81*AP81 -> 2840 | BB81: 已交
A82: 59 | C82: 2024.10.26 | D82: 20240006294 | F82: 622226197310300513 | G82: 杨俊涛 | I82: 8-3-801 | J82: 117.84 | K82: 117.84 | L82: 5914.8 | M82: 697000 | N82: 6069.84 | U82: 潘亦玹 | V82: =20000+97000 -> 117000 | W82: 2024.10.26 | X82: 580000 | Y82: 2024.11.12 | AH82: =V82+X82+Z82+AB82+AD82+AF82 -> 697000 | AK82: =M82-AH82 -> 0 | AL82: 18699501864 | AM82: 有车位 | AO82: =SUM(AQ82:AY82) -> 697000 | AP82: =0.6%+0.02%+0.08%+0.03% -> 0.0073 | AW82: 697000 | BB82: 已交
A83: 60 | F83: 659001199007203625 | G83: 李欣宴 | H83: 0001004 | I83: 8-3-802 | J83: 117.84 | K83: 117.84 | L83: 5897.82 | M83: 695000 | N83: 6050.84 | U83: 连阵阵 | V83: 10000 | W83: 2024.11.27 | AH83: =V83+X83+Z83+AB83+AD83+AF83 -> 10000 | AK83: =M83-AH83 -> 685000 | AL83: 16698739888 | AM83: 有车位 | AO83: =SUM(AQ83:AY83) -> 0 | AP83: =0.4%+0.03%+0.08%+0.03% -> 0.0054
A84: 61 | C84: 2024.10.1 | D84: 20240005540 | F84: 410425199511206016 | G84: 程文豪 | I84: 8-3-901 | J84: 117.84 | K84: 117.84 | L84: 5855.4 | M84: 690000 | N84: 5855.4 | R84: =480000+66000 -> 546000 | S84: 2024.12.2 | U84: 王荣 | V84: 20000 | W84: 45551 | X84: 124000 | Y84: 2024.10.1 | Z84: 66000 | AA84: 2024.12.2 | AB84: 480000 | AC84: 2024.12.20 | AH84: =V84+X84+Z84+AB84+AD84+AF84 -> 690000 | AK84: =M84-AH84 -> 0 | AL84: 18196233306 | AO84: =SUM(AQ84:AY84) -> 690000 | AP84: =0.6%+0.04%+0.1% -> 0.0074 | AV84: 144000 | AX84: 546000 | AZ84: =AX84*AP84 -> 4040.4 | BB84: 已交
A85: 62 | C85: 2024.10.1 | D85: 20240005552 | F85: 650104197504243334 | G85: 石海江 | I85: 8-3-902 | J85: 117.84 | K85: 117.84 | L85: 6079.76 | M85: 716438 | N85: 6079.76 | T85: 0000557 | U85: 李秀莲 | V85: 2000 | W85: 2024.4.17 | X85: 20000 | Y85: 2024.10.1 | Z85: 250000 | AA85: 2024.10.17 | AB85: 444438 | AC85: 2024.11.28 | AH85: =V85+X85+Z85+AB85+AD85+AF85 -> 716438 | AK85: =M85-AH85 -> 0 | AL85: 19990286738 | AM85: 6年物业费15000商业抵用券 | AO85: =SUM(AQ85:AY85) -> 716438 | AP85: =0.5%+0.02%+0.08%+0.03% -> 0.0063 | AW85: 716438 | BB85: 已交
A86: 63 | I86: 8-3-1001 | J86: 117.84 | N86: 6120.49 | AH86: =V86+X86+Z86+AB86+AD86+AF86 -> 0 | AO86: =SUM(AQ86:AY86) -> 0
A87: 64 | I87: 8-3-1002 | J87: 117.84 | N87: 6101.49 | AH87: =V87+X87+Z87+AB87+AD87+AF87 -> 0 | AO87: =SUM(AQ87:AY87) -> 0
A88: 65 | F88: 652827198805261615 | G88: 李龙 | H88: 0001005 | I88: 8-3-1101 | J88: 117.84 | K88: 117.84 | L88: 6850 | M88: 807204 | N88: 7126.6 | U88: 李秀莲 | V88: 20000 | W88: 2024.11.27 | AH88: =V88+X88+Z88+AB88+AD88+AF88 -> 20000 | AK88: =M88-AH88 -> 787204 | AL88: 18196240028 | AM88: 有车位5年物业费 | AO88: =SUM(AQ88:AY88) -> 0 | AP88: =0.7%+0.03%+0.08%+0.03% -> 0.0084
A89: 66 | I89: 8-3-1102 | J89: 117.84 | N89: 7109.6 | AH89: =V89+X89+Z89+AB89+AD89+AF89 -> 0 | AO89: =SUM(AQ89:AY89) -> 0
AO90: =SUM(AQ90:AY90) -> 0
A91: 合计 | B91: =SUM(B24:B89) -> 1 | J91: =SUM(J4:J90) -> 9054.69 | K91: =SUM(K24:K90) -> 6166.21 | M91: =SUM(M24:M90) -> 37042983 | O91: =SUM(O24:O90) -> 0 | R91: =SUM(R24:R90) -> 5863000 | V91: =SUM(V24:V90) -> 1149163 | X91: =SUM(X24:X90) -> 9254579 | Z91: =SUM(Z24:Z90) -> 12759019 | AB91: =SUM(AB24:AB90) -> 6574438 | AD91: =SUM(AD24:AD90) -> 1448000 | AF91: =SUM(AF24:AF90) -> 250000 | AH91: =SUM(AH24:AH90) -> 31435199 | AI91: =SUM(AI24:AI90) -> 0 | AJ91: =SUM(AJ24:AJ90) -> 0 | AK91: =SUM(AK24:AK90) -> 5607784 | AO91: =SUM(AO24:AO90) -> 31254579 | AQ91: =SUM(AQ24:AQ90) -> 392712 | AR91: =SUM(AR24:AR90) -> 2614248 | AS91: =SUM(AS24:AS90) -> 3052429 | AT91: =SUM(AT24:AT90) -> 3787691 | AU91: =SUM(AU24:AU90) -> 2088480 | AV91: =SUM(AV24:AV90) -> 6670046 | AW91: =SUM(AW24:AW90) -> 5887164 | AX91: =SUM(AX24:AX90) -> 6750428 | ... AZ91: =SUM(AZ24:AZ90) -> 49894.377 | BD91: =SUM(BD24:BD90) -> 0 | BE91: =SUM(BE24:BE90) -> 0 | BF91: =SUM(BF24:BF90) -> 0
Q93: 会费
Q94: 144以下 | R94: 4348000
Q95: 144以上 | R95: 1515000
Q96: 144以下会费转预收

Sheet 画堂春锦苑住宅4#6#
A1: 8#楼住宅销售明细表
A2: 序号 | B2: 成交 | C2: 合同签订日期 | D2: 合同号 | F2: 身份证号 | G2: 姓名 | H2: 订购书编号 | I2: 房号 | J2: 开发 面积 | K2: 销售面积 | L2: 单价 | M2: 总价 | N2: 成交底价 | O2: 发票开具 | R2: 本月成 交额 | S2: 成交时间 | T2: 会员编号 | U2: 置业顾问 | V2: 缴款金额 | AH2: 收款合计 | AI2: 本月到账贷款 | AJ2: 到帐贷款 | AK2: 应收款 | AL2: 联系电话 | AM2: 备注 | AN2: 计划销售总价 | AO2: 佣金付款合计 | AP2: 佣金点数 | AQ2: 2024.10月佣金 | AR2: 2024.11月佣金 | AS2: 2024.12月佣金 | AV2: 佣金 | AX2: 印花税 | AY2: 房源系统
E3: 房屋性质 | O3: 金额 | P3: 号码 | Q3: 开票日期 | V3: 一 | W3: 时间 | X3: 二 | Y3: 时间 | Z3: 三 | AA3: 时间 | AB3: 四 | AC3: 时间 | AD3: 五 | AE3: 时间 | AF3: 六 | AG3: 时间
I4: 4-负1-101 | J4: 72.03 | AH4: =V4+X4+Z4+AB4+AD4+AF4 -> 0 | AO4: =SUM(AQ4:AU4) -> 0
I5: 4-负1-102 | J5: 71.26 | AH5: =V5+X5+Z5+AB5+AD5+AF5 -> 0 | AO5: =SUM(AQ5:AU5) -> 0
I6: 4-负1-103 | J6: 50.87 | AH6: =V6+X6+Z6+AB6+AD6+AF6 -> 0 | AO6: =SUM(AQ6:AU6) -> 0
I7: 4-负1-104 | J7: 71.71 | AH7: =V7+X7+Z7+AB7+AD7+AF7 -> 0 | AO7: =SUM(AQ7:AU7) -> 0
I8: 4-负1-105 | J8: 71.71 | AH8: =V8+X8+Z8+AB8+AD8+AF8 -> 0 | AO8: =SUM(AQ8:AU8) -> 0
I9: 4-负1-106 | J9: 72.01 | AH9: =V9+X9+Z9+AB9+AD9+AF9 -> 0 | AO9: =SUM(AQ9:AU9) -> 0
I10: 4-负1-107 | J10: 48.19 | AH10: =V10+X10+Z10+AB10+AD10+AF10 -> 0 | AO10: =SUM(AQ10:AU10) -> 0
I11: 4-负1-108 | J11: 32.2 | AH11: =V11+X11+Z11+AB11+AD11+AF11 -> 0 | AO11: =SUM(AQ11:AU11) -> 0
I12: 4-负1-109 | J12: 47.09 | AH12: =V12+X12+Z12+AB12+AD12+AF12 -> 0 | AO12: =SUM(AQ12:AU12) -> 0
I13: 4-负1-110 | J13: 47.09 | AH13: =V13+X13+Z13+AB13+AD13+AF13 -> 0 | AO13: =SUM(AQ13:AU13) -> 0
I14: 4-负1-111 | J14: 48.17 | AH14: =V14+X14+Z14+AB14+AD14+AF14 -> 0 | AO14: =SUM(AQ14:AU14) -> 0
I15: 4-负1-112 | J15: 32.22 | AH15: =V15+X15+Z15+AB15+AD15+AF15 -> 0 | AO15: =SUM(AQ15:AU15) -> 0
... I17: 4-负1-114 | J17: 48.19 | AH17: =V17+X17+Z17+AB17+AD17+AF17 -> 0 | AO17: =SUM(AQ17:AU17) -> 0
A18: 1 | F18: 32032219691227567X | G18: 许振双 | I18: 4-1-101 | J18: 129.06 | K18: 129.06 | L18: 8601 | M18: 1110045 | N18: 8300.31 | U18: 连阵阵 | V18: 2000 | W18: 2024.4.1 | AH18: =V18+X18+Z18+AB18+AD18+AF18 -> 2000 | AK18: =M18-AH18 -> 1108045 | AM18: 6年物业费15000商业抵用券 | AO18: =SUM(AQ18:AU18) -> 0 | AP18: =0.4%+0.02%+0.08% -> 0.005
A19: 2 | I19: 4-1-102 | J19: 109.7 | N19: 8525.31 | AH19: =V19+X19+Z19+AB19+AD19+AF19 -> 0 | AO19: =SUM(AQ19:AU19) -> 0
A20: 3 | I20: 4-1-201 | J20: 126.91 | N20: 5783.41 | AH20: =V20+X20+Z20+AB20+AD20+AF20 -> 0 | AO20: =SUM(AQ20:AU20) -> 0
A21: 4 | I21: 4-1-202 | J21: 126.5 | N21: 5774.41 | AH21: =V21+X21+Z21+AB21+AD21+AF21 -> 0 | AO21: =SUM(AQ21:AU21) -> 0
A22: 5 | I22: 4-1-301 | J22: 126.91 | N22: 5833.69 | AH22: =V22+X22+Z22+AB22+AD22+AF22 -> 0 | AO22: =SUM(AQ22:AU22) -> 0
A23: 6 | I23: 4-1-302 | J23: 126.5 | N23: 5824.69 | AH23: =V23+X23+Z23+AB23+AD23+AF23 -> 0 | AO23: =SUM(AQ23:AU23) -> 0
A24: 7 | I24: 4-1-401 | J24: 126.91 | N24: 5863.69 | AH24: =V24+X24+Z24+AB24+AD24+AF24 -> 0 | AO24: =SUM(AQ24:AU24) -> 0
A25: 8 | I25: 4-1-402 | J25: 126.5 | N25: 5854.69 | AH25: =V25+X25+Z25+AB25+AD25+AF25 -> 0 | AO25: =SUM(AQ25:AU25) -> 0
A26: 9 | I26: 4-1-501 | J26: 126.91 | N26: 5933.69 | AH26: =V26+X26+Z26+AB26+AD26+AF26 -> 0 | AO26: =SUM(AQ26:AU26) -> 0
A27: 10 | I27: 4-1-502 | J27: 126.5 | N27: 5924.69 | AH27: =V27+X27+Z27+AB27+AD27+AF27 -> 0 | AO27: =SUM(AQ27:AU27) -> 0
A28: 11 | C28: 2024.10.2 | D28: 20240005637 | F28: 654124199804033310 | G28: 张福英 | H28: 0000733 | I28: 4-1-601 | J28: 126.91 | K28: 126.91 | L28: 5862.3 | M28: 743985 | N28: 5998.69 | R28: =575000+39000 -> 614000 | S28: 2024.12.9 | U28: 刘宁宁 | V28: 10000 | W28: 45560 | X28: 119985 | Y28: 2024.10.2 | Z28: 39000 | AA28: 2024.12.9 | AB28: 575000 | AC28: 2024.12.23 | AH28: =V28+X28+Z28+AB28+AD28+AF28 -> 743985 | AK28: =M28-AH28 -> 0 | AL28: 15899017992 | AM28: 15000商业抵用券 | AO28: =SUM(AQ28:AU28) -> 743985 | AP28: =0.4%+0.02%+0.1% -> 0.0052 | AS28: 743985 | AV28: =AS28*AP28 -> 3868.722 | AX28: 已交
A29: 12 | I29: 4-1-602 | J29: 126.5 | N29: 5989.69 | AH29: =V29+X29+Z29+AB29+AD29+AF29 -> 0 | AO29: =SUM(AQ29:AU29) -> 0
A30: 13 | C30: 2024.10.26 | D30: 20240006297 | F30: 411024198107010749 | G30: 石绘芳 | I30: 4-1-701 | J30: 126.91 | K30: 126.91 | L30: 5900 | M30: 748769 | N30: 6043.69 | U30: 张玉琴 | V30: 20000 | W30: 2024.10.6 | X30: =88769+10000 -> 98769 | Y30: 2024.10.26 | AH30: =V30+X30+Z30+AB30+AD30+AF30 -> 118769 | AK30: =M30-AH30 -> 630000 | AL30: 15299355759 | AM30: 有车位 | AO30: =SUM(AQ30:AU30) -> 118769 | AP30: =0.4%+0.02%+0.08%+0.03% -> 0.0053 | AR30: 118769 | AX30: 已交
A31: 14 | I31: 4-1-702 | J31: 126.5 | N31: 6034.69 | AH31: =V31+X31+Z31+AB31+AD31+AF31 -> 0 | AO31: =SUM(AQ31:AU31) -> 0
A32: 15 | I32: 4-1-801 | J32: 126.91 | N32: 6068.69 | AH32: =V32+X32+Z32+AB32+AD32+AF32 -> 0 | AO32: =SUM(AQ32:AU32) -> 0
A33: 16 | I33: 4-1-802 | J33: 126.5 | N33: 6059.69 | AH33: =V33+X33+Z33+AB33+AD33+AF33 -> 0 | AO33: =SUM(AQ33:AU33) -> 0
A34: 17 | I34: 4-1-901 | J34: 126.91 | N34: 6093.69 | AH34: =V34+X34+Z34+AB34+AD34+AF34 -> 0 | AO34: =SUM(AQ34:AU34) -> 0
A35: 18 | I35: 4-1-902 | J35: 126.5 | N35: 6084.69 | AH35: =V35+X35+Z35+AB35+AD35+AF35 -> 0 | AO35: =SUM(AQ35:AU35) -> 0
A36: 19 | I36: 4-1-1001 | J36: 126.91 | N36: 6113.69 | AH36: =V36+X36+Z36+AB36+AD36+AF36 -> 0 | AO36: =SUM(AQ36:AU36) -> 0
A37: 20 | I37: 4-1-1002 | J37: 126.5 | N37: 6104.69 | AH37: =V37+X37+Z37+AB37+AD37+AF37 -> 0 | AO37: =SUM(AQ37:AU37) -> 0
A38: 21 | I38: 4-1-1101 | J38: 126.91 | N38: 7139.31 | AH38: =V38+X38+Z38+AB38+AD38+AF38 -> 0 | AO38: =SUM(AQ38:AU38) -> 0
A39: 22 | I39: 4-1-1102 | J39: 126.5 | N39: 7129.31 | AH39: =V39+X39+Z39+AB39+AD39+AF39 -> 0 | AO39: =SUM(AQ39:AU39) -> 0
A40: 23 | I40: 4-2-101 | J40: 128.65 | N40: 7705.31 | AH40: =V40+X40+Z40+AB40+AD40+AF40 -> 0 | AO40: =SUM(AQ40:AU40) -> 0
A41: 24 | I41: 4-2-102 | J41: 109.7 | N41: 8525.31 | AH41: =V41+X41+Z41+AB41+AD41+AF41 -> 0 | AO41: =SUM(AQ41:AU41) -> 0
A42: 25 | I42: 4-2-201 | J42: 126.5 | N42: 5765.41 | AH42: =V42+X42+Z42+AB42+AD42+AF42 -> 0 | AO42: =SUM(AQ42:AU42) -> 0
... A51: 34 | I51: 4-2-602 | J51: 126.5 | N51: 5972.69 | AH51: =V51+X51+Z51+AB51+AD51+AF51 -> 0 | AO51: =SUM(AQ51:AU51) -> 0
A52: 35 | B52: 1 | F52: 652823200008053316 | G52: 袁宇龙 | H52: 0000970 | I52: 4-2-701 | J52: 126.5 | K52: 126.5 | L52: 5900 | M52: 746350 | N52: 6025.69 | R52: 20000 | S52: 2024.12.11 | U52: 李秀莲 | V52: 20000 | W52: 2024.12.11 | AH52: =V52+X52+Z52+AB52+AD52+AF52 -> 20000 | AK52: =M52-AH52 -> 726350 | AL52: 13199960206 | AM52: 有车位 | AO52: =SUM(AQ52:AU52) -> 0 | AP52: =0.7%+0.04%+0.12%+0.03% -> 0.0089
A53: 36 | I53: 4-2-702 | J53: 126.5 | N53: 6017.69 | AH53: =V53+X53+Z53+AB53+AD53+AF53 -> 0 | AO53: =SUM(AQ53:AU53) -> 0
A54: 37 | I54: 4-2-801 | J54: 126.5 | N54: 6050.69 | AH54: =V54+X54+Z54+AB54+AD54+AF54 -> 0 | AO54: =SUM(AQ54:AU54) -> 0
A55: 38 | I55: 4-2-802 | J55: 126.5 | N55: 6042.69 | AH55: =V55+X55+Z55+AB55+AD55+AF55 -> 0 | AO55: =SUM(AQ55:AU55) -> 0
A56: 39 | I56: 4-2-901 | J56: 126.5 | N56: 6075.69 | AH56: =V56+X56+Z56+AB56+AD56+AF56 -> 0 | AO56: =SUM(AQ56:AU56) -> 0
A57: 40 | I57: 4-2-902 | J57: 126.5 | N57: 6067.69 | AH57: =V57+X57+Z57+AB57+AD57+AF57 -> 0 | AO57: =SUM(AQ57:AU57) -> 0
A58: 41 | I58: 4-2-1001 | J58: 126.5 | N58: 6095.69 | AH58: =V58+X58+Z58+AB58+AD58+AF58 -> 0 | AO58: =SUM(AQ58:AU58) -> 0
A59: 42 | I59: 4-2-1002 | J59: 126.5 | N59: 6087.69 | AH59: =V59+X59+Z59+AB59+AD59+AF59 -> 0 | AO59: =SUM(AQ59:AU59) -> 0
A60: 43 | I60: 4-2-1101 | J60: 126.5 | N60: 7119.31 | AH60: =V60+X60+Z60+AB60+AD60+AF60 -> 0 | AO60: =SUM(AQ60:AU60) -> 0
A61: 44 | I61: 4-2-1102 | J61: 126.5 | N61: 7109.31 | AH61: =V61+X61+Z61+AB61+AD61+AF61 -> 0 | AO61: =SUM(AQ61:AU61) -> 0
A62: 45 | I62: 4-3-101 | J62: 109.7 | N62: 8275.31 | AH62: =V62+X62+Z62+AB62+AD62+AF62 -> 0 | AO62: =SUM(AQ62:AU62) -> 0
A63: 46 | I63: 4-3-102 | J63: 129.06 | N63: 8245.31 | AH63: =V63+X63+Z63+AB63+AD63+AF63 -> 0 | AO63: =SUM(AQ63:AU63) -> 0
A64: 47 | I64: 4-3-201 | J64: 126.5 | N64: 5749.41 | AH64: =V64+X64+Z64+AB64+AD64+AF64 -> 0 | AO64: =SUM(AQ64:AU64) -> 0
... A83: 66 | I83: 4-3-1102 | J83: 126.91 | N83: 7069.31 | AH83: =V83+X83+Z83+AB83+AD83+AF83 -> 0 | AO83: =SUM(AQ83:AU83) -> 0
I84: 6-负1-101 | J84: 78.68 | AH84: =V84+X84+Z84+AB84+AD84+AF84 -> 0 | AO84: =SUM(AQ84:AU84) -> 0
I85: 6-负1-102 | J85: 78.15 | AH85: =V85+X85+Z85+AB85+AD85+AF85 -> 0 | AO85: =SUM(AQ85:AU85) -> 0
I86: 6-负1-103 | J86: 78.15 | AH86: =V86+X86+Z86+AB86+AD86+AF86 -> 0 | AO86: =SUM(AQ86:AU86) -> 0
I87: 6-负1-104 | J87: 78.52 | AH87: =V87+X87+Z87+AB87+AD87+AF87 -> 0 | AO87: =SUM(AQ87:AU87) -> 0
I88: 6-负1-105 | J88: 104.31 | AH88: =V88+X88+Z88+AB88+AD88+AF88 -> 0 | AO88: =SUM(AQ88:AU88) -> 0
I89: 6-负1-106 | J89: 85.91 | AH89: =V89+X89+Z89+AB89+AD89+AF89 -> 0 | AO89: =SUM(AQ89:AU89) -> 0
I90: 6-负1-107 | J90: 21.19 | AH90: =V90+X90+Z90+AB90+AD90+AF90 -> 0 | AO90: =SUM(AQ90:AU90) -> 0
I91: 6-负1-108 | J91: 15.97 | AH91: =V91+X91+Z91+AB91+AD91+AF91 -> 0 | AO91: =SUM(AQ91:AU91) -> 0
I92: 6-负1-109 | J92: 29.72 | AH92: =V92+X92+Z92+AB92+AD92+AF92 -> 0 | AO92: =SUM(AQ92:AU92) -> 0
I93: 6-负1-110 | J93: 29.65 | AH93: =V93+X93+Z93+AB93+AD93+AF93 -> 0 | AO93: =SUM(AQ93:AU93) -> 0
I94: 6-负1-111 | J94: 15.52 | AH94: =V94+X94+Z94+AB94+AD94+AF94 -> 0 | AO94: =SUM(AQ94:AU94) -> 0
I95: 6-负1-112 | J95: 19.57 | AH95: =V95+X95+Z95+AB95+AD95+AF95 -> 0 | AO95: =SUM(AQ95:AU95) -> 0
... I101: 6-负1-118 | J101: 19.2 | AH101: =V101+X101+Z101+AB101+AD101+AF101 -> 0 | AO101: =SUM(AQ101:AU101) -> 0
A102: 1 | I102: 6-1-101 | J102: 123.68 | N102: 8231.43 | AH102: =V102+X102+Z102+AB102+AD102+AF102 -> 0 | AO102: =SUM(AQ102:AU102) -> 0
A103: 2 | I103: 6-1-102 | J103: 123.1 | N103: 8250.43 | AH103: =V103+X103+Z103+AB103+AD103+AF103 -> 0 | AO103: =SUM(AQ103:AU103) -> 0
A104: 3 | I104: 6-1-201 | J104: 134.8 | N104: 5755.06 | AH104: =V104+X104+Z104+AB104+AD104+AF104 -> 0 | AO104: =SUM(AQ104:AU104) -> 0
A105: 4 | I105: 6-1-202 | J105: 133.94 | N105: 5774.06 | AH105: =V105+X105+Z105+AB105+AD105+AF105 -> 0 | AO105: =SUM(AQ105:AU105) -> 0
A106: 5 | I106: 6-1-301 | J106: 134.8 | N106: 5809.72 | AH106: =V106+X106+Z106+AB106+AD106+AF106 -> 0 | AO106: =SUM(AQ106:AU106) -> 0
A107: 6 | I107: 6-1-302 | J107: 133.94 | N107: 5828.72 | AH107: =V107+X107+Z107+AB107+AD107+AF107 -> 0 | AO107: =SUM(AQ107:AU107) -> 0
A108: 7 | I108: 6-1-401 | J108: 134.8 | N108: 5842.32 | AH108: =V108+X108+Z108+AB108+AD108+AF108 -> 0 | AO108: =SUM(AQ108:AU108) -> 0
A109: 8 | I109: 6-1-402 | J109: 133.94 | N109: 5861.32 | AH109: =V109+X109+Z109+AB109+AD109+AF109 -> 0 | AO109: =SUM(AQ109:AU109) -> 0
A110: 9 | I110: 6-1-501 | J110: 134.8 | N110: 5916.67 | AH110: =V110+X110+Z110+AB110+AD110+AF110 -> 0 | AO110: =SUM(AQ110:AU110) -> 0
A111: 10 | I111: 6-1-502 | J111: 133.94 | N111: 5935.67 | AH111: =V111+X111+Z111+AB111+AD111+AF111 -> 0 | AO111: =SUM(AQ111:AU111) -> 0
A112: 11 | I112: 6-1-601 | J112: 134.8 | N112: 5985.59 | AH112: =V112+X112+Z112+AB112+AD112+AF112 -> 0 | AO112: =SUM(AQ112:AU112) -> 0
A113: 12 | I113: 6-1-602 | J113: 133.94 | N113: 6004.59 | AH113: =V113+X113+Z113+AB113+AD113+AF113 -> 0 | AO113: =SUM(AQ113:AU113) -> 0
... A128: 27 | I128: 6-2-301 | J128: 133.94 | N128: 5838.72 | AH128: =V128+X128+Z128+AB128+AD128+AF128 -> 0 | AO128: =SUM(AQ128:AU128) -> 0
A129: 28 | B129: 1 | F129: 622425199711117019 | G129: 马宏伟 | I129: 6-2-302 | J129: 134.8 | K129: 134.8 | L129: 5500 | M129: 741400 | N129: 5843.72 | R129: 20000 | S129: 2024.12.19 | U129: 张玉琴 | V129: 20000 | W129: 2024.12.19 | AH129: =V129+X129+Z129+AB129+AD129+AF129 -> 20000 | AK129: =M129-AH129 -> 721400 | AL129: 17393148471 | AM129: 不要车位 | AO129: =SUM(AQ129:AU129) -> 0 | AP129: =0.4%+0.04%+0.12%+0.03% -> 0.0059
A130: 29 | I130: 6-2-401 | J130: 133.94 | N130: 5871.32 | AH130: =V130+X130+Z130+AB130+AD130+AF130 -> 0 | AO130: =SUM(AQ130:AU130) -> 0
A131: 30 | I131: 6-2-402 | J131: 134.8 | N131: 5876.32 | AH131: =V131+X131+Z131+AB131+AD131+AF131 -> 0 | AO131: =SUM(AQ131:AU131) -> 0
A132: 31 | G132: 高彬 退 | I132: 6-2-501 | J132: 133.94 | N132: 5945.67 | V132: =20000-20000 -> 0 | W132: 2024.11.7 | AH132: =V132+X132+Z132+AB132+AD132+AF132 -> 0 | AK132: =M132-AH132 -> 0 | AO132: =SUM(AQ132:AU132) -> 0
A133: 32 | B133: 1 | F133: 652201197812151632 | G133: 李永杰 | H133: 0000983 | I133: 6-2-502 | J133: 134.8 | K133: 134.8 | L133: 5850 | M133: 788580 | N133: 5950.67 | O133: 破底不提佣 | U133: 连阵阵 | AH133: =V133+X133+Z133+AB133+AD133+AF133 -> 0 | AK133: =M133-AH133 -> 788580 | AL133: 15886864800 | AO133: =SUM(AQ133:AU133) -> 0 | AP133: =0.6%+0.04%+0.12%+0.03% -> 0.0079
A134: 33 | B134: 1 | F134: 622262198112274814 | G134: 龙代平 | H134: 0000979 | I134: 6-2-601 | J134: 133.94 | K134: 133.94 | L134: 5935.49 | M134: 795000 | N134: 6014.59 | R134: 20000 | S134: 2024.12.31 | U134: 闫金秀 | V134: 20000 | W134: 2024.12.31 | AH134: =V134+X134+Z134+AB134+AD134+AF134 -> 20000 | AK134: =M134-AH134 -> 775000 | AL134: 15276142737 | AM134: 要车位 | AO134: =SUM(AQ134:AU134) -> 0 | AP134: =0.7%+0.12%+0.03% -> 0.0085
A135: 34 | I135: 6-2-602 | J135: 134.8 | N135: 6019.59 | AH135: =V135+X135+Z135+AB135+AD135+AF135 -> 0 | AO135: =SUM(AQ135:AU135) -> 0
A136: 35 | B136: 1 | C136: 2024.12.18 | D136: 20240007336 | F136: 513435199609140819 | G136: 卜德民 | H136: 0000968 | I136: 6-2-701 | J136: 133.94 | K136: 133.94 | L136: 5786.17 | M136: 775000 | N136: 6063.5 | R136: =175000+20000 -> 195000 | S136: 2024.12.8 | U136: 刘思汉 | V136: =175000+20000 -> 195000 | W136: 2024.12.8 | AH136: =V136+X136+Z136+AB136+AD136+AF136 -> 195000 | AK136: =M136-AH136 -> 580000 | AL136: 13036585672 | AM136: 不要车位送2年物业费 | AO136: =SUM(AQ136:AU136) -> 195000 | AP136: =0.6%+0.04%+0.12%+0.03% -> 0.0079 | AS136: 195000 | AV136: =AS136*AP136 -> 1540.5 | AX136: 已交
A137: 36 | I137: 6-2-702 | J137: 134.8 | N137: 6068.5 | AH137: =V137+X137+Z137+AB137+AD137+AF137 -> 0 | AO137: =SUM(AQ137:AU137) -> 0
A138: 37 | I138: 6-2-801 | J138: 133.94 | N138: 6090.67 | AH138: =V138+X138+Z138+AB138+AD138+AF138 -> 0 | AO138: =SUM(AQ138:AU138) -> 0
A139: 38 | I139: 6-2-802 | J139: 134.8 | N139: 6095.67 | AH139: =V139+X139+Z139+AB139+AD139+AF139 -> 0 | AO139: =SUM(AQ139:AU139) -> 0
A140: 39 | I140: 6-2-901 | J140: 133.94 | N140: 6119.59 | AH140: =V140+X140+Z140+AB140+AD140+AF140 -> 0 | AO140: =SUM(AQ140:AU140) -> 0
A141: 40 | I141: 6-2-902 | J141: 134.8 | N141: 6124.59 | AH141: =V141+X141+Z141+AB141+AD141+AF141 -> 0 | AO141: =SUM(AQ141:AU141) -> 0
A142: 41 | C142: 2024.10.3 | D142: 20240005755 | F142: 152827200102063913 | G142: 张炜 | I142: 6-2-1001 | J142: 133.94 | K142: 133.94 | L142: 6141.32 | M142: 822569 | N142: 6141.32 | U142: 李秀莲 | V142: 20000 | W142: 2024.10.1 | X142: 114569 | Y142: 2024.10.3 | Z142: 30000 | AA142: 2024.11.28 | AH142: =V142+X142+Z142+AB142+AD142+AF142 -> 164569 | AK142: =M142-AH142 -> 658000 | AL142: 13171242535 | AM142: 6年物业费15000商业抵用券 | AO142: =SUM(AQ142:AU142) -> 164569 | AP142: =0.5%+0.02%+0.08%+0.03% -> 0.0063 | AR142: 164569 | AX142: 已交
A143: 42 | I143: 6-2-1002 | J143: 134.8 | N143: 6146.32 | AH143: =V143+X143+Z143+AB143+AD143+AF143 -> 0 | AO143: =SUM(AQ143:AU143) -> 0
A144: 43 | I144: 6-2-1101 | J144: 133.94 | N144: 7147.43 | AH144: =V144+X144+Z144+AB144+AD144+AF144 -> 0 | AO144: =SUM(AQ144:AU144) -> 0
A145: 44 | I145: 6-2-1102 | J145: 134.8 | N145: 7152.43 | AH145: =V145+X145+Z145+AB145+AD145+AF145 -> 0 | AO145: =SUM(AQ145:AU145) -> 0
A146: 45 | C146: 2024.10.5 | D146: 20240005848 | F146: 610523198304022017 | G146: 王磊 | I146: 6-3-101 | J146: 145.95 | K146: 145.95 | L146: 8300 | M146: 1211385 | N146: 8300 | R146: 800000 | S146: 2024.12.17 | U146: 李福晴 | X146: 21385 | Y146: 2024.10.5 | Z146: 210000 | AA146: 2024.10.10 | AB146: 180000 | AC146: 2024.11.12 | AD146: 800000 | AE146: 2024.12.17 | AH146: =V146+X146+Z146+AB146+AD146+AF146 -> 1211385 | AK146: =M146-AH146 -> 0 | AL146: 13579039210 | AM146: 6年物业费15000商业抵用券 | AO146: =SUM(AQ146:AU146) -> 1211385 | AP146: =0.4%+0.05%+0.08%+0.03% -> 0.0056 | AQ146: 231385 | AS146: 980000 | AV146: =AS146*AP146 -> 5488 | AX146: 已交
...

Sheet 画堂春锦苑商业16#19#
A1: 16#19#楼住宅销售明细表
A2: 序号 | B2: 成交 | C2: 合同签订日期 | D2: 合同号 | F2: 身份证号 | G2: 姓名 | H2: 订购书编号 | I2: 房号 | J2: 开发 面积 | K2: 销售面积 | L2: 单价 | M2: 总价 | N2: 成交底价 | O2: 发票开具 | R2: 本月成 交额 | S2: 成交时间 | T2: 会员编号 | U2: 置业顾问 | V2: 缴款金额 | AH2: 收款合计 | AI2: 本月到账贷款 | AJ2: 到帐贷款 | AK2: 应收款 | AL2: 联系电话 | AM2: 备注 | AN2: 计划销售总价 | AO2: 佣金付款合计 | AP2: 佣金点数 | AQ2: 2024.12月佣金 | AU2: 佣金 | AW2: 印花税 | AX2: 房源系统
E3: 房屋性质 | O3: 金额 | P3: 号码 | Q3: 开票日期 | V3: 一 | W3: 时间 | X3: 二 | Y3: 时间 | Z3: 三 | AA3: 时间 | AB3: 四 | AC3: 时间 | AD3: 五 | AE3: 时间 | AF3: 六 | AG3: 时间
A4: 1 | G4: 郭莉莉 | I4: 16-1层01 | J4: 86.11 | K4: 86.11 | L4: 20000 | M4: 1722200 | N4: 22000.14 | R4: 50000 | S4: 2024.12.1 | T4: 0000240 | U4: 霍红霞 | V4: 2000 | W4: 2024.10.1 | X4: 50000 | Y4: 2024.12.1 | AH4: =V4+X4+Z4+AB4+AD4+AF4 -> 52000 | AK4: =M4-AH4 -> 1670200 | AL4: 15999019972 | AO4: =SUM(AQ4:AT4) -> 0 | AP4: =1%+0.25%+0.03% -> 0.0128
A5: 2 | G5: 郭莉莉 李玲 退 | I5: 16-1层02 | J5: 54.01 | K5: 54.01 | N5: 18091.249 | R5: 20000 | S5: 2024.12.1 | T5: 0000243 | U5: 霍红霞 米云鹤 | V5: =5000-5000 -> 0 | W5: 2024.10.12 | X5: 20000 | Y5: 2024.12.1 | AH5: =V5+X5+Z5+AB5+AD5+AF5 -> 20000 | AK5: =M5-AH5 -> -20000 | AL5: 15999019972 | AO5: =SUM(AQ5:AT5) -> 0
A6: 3 | B6: 1 | G6: 赵大峰 | I6: 16-1层03 | J6: 104.3 | K6: 104.3 | L6: 17500 | M6: 1825250 | N6: 17522.49 | R6: =50000 -> 50000 | S6: 2024.12.4 | U6: 闫金秀 | V6: 50000 | W6: 2024.12.4 | AH6: =V6+X6+Z6+AB6+AD6+AF6 -> 50000 | AK6: =M6-AH6 -> 1775250 | AM6: 华为p70 | AO6: =SUM(AQ6:AT6) -> 0 | AP6: =1%+0.25%+0.03% -> 0.0128
A7: 4 | G7: 陈国超 退 | I7: 16-1层04 | J7: 48.88 | N7: 18091.25 | U7: 张玉琴 | V7: =5000-5000 -> 0 | W7: 2024.11.15 | AH7: =V7+X7+Z7+AB7+AD7+AF7 -> 0 | AO7: =SUM(AQ7:AT7) -> 0
A8: 5 | I8: 16-1层05 | J8: 49.18 | N8: 17996.53 | AH8: =V8+X8+Z8+AB8+AD8+AF8 -> 0 | AO8: =SUM(AQ8:AT8) -> 0
A9: 6 | G9: 薛勇 退 | I9: 16-1层06 | J9: 50.43 | N9: 17899.57 | T9: 0000242 | V9: =2000-2000 -> 0 | W9: 2024.10.7 | AH9: =V9+X9+Z9+AB9+AD9+AF9 -> 0 | AO9: =SUM(AQ9:AT9) -> 0
A10: 7 | G10: 吴玉伟 | I10: 16-1层07 | J10: 60.3 | K10: 60.3 | L10: 18000 | M10: 1085400 | N10: 17805.78 | R10: 95000 | S10: 2024.12.1 | T10: 0000248 | U10: 米云鹤 | V10: 5000 | W10: 2024.11.28 | X10: 95000 | Y10: 2024.12.1 | AH10: =V10+X10+Z10+AB10+AD10+AF10 -> 100000 | AK10: =M10-AH10 -> 985400 | AO10: =SUM(AQ10:AT10) -> 0 | AP10: =1%+0.18%+0.25%+0.03% -> 0.0146
A11: 8 | I11: 16-1层08 | J11: 51.52 | N11: 17712.37 | AH11: =V11+X11+Z11+AB11+AD11+AF11 -> 0 | AO11: =SUM(AQ11:AT11) -> 0
A12: 9 | I12: 16-1层09 | J12: 51.52 | N12: 17617.66 | AH12: =V12+X12+Z12+AB12+AD12+AF12 -> 0 | AO12: =SUM(AQ12:AT12) -> 0
A13: 10 | I13: 16-1层10 | J13: 64.14 | N13: 17200 | AH13: =V13+X13+Z13+AB13+AD13+AF13 -> 0 | AO13: =SUM(AQ13:AT13) -> 0
H14: 公厕 | I14: 16-1层11 | J14: 92.29 | AO14: =SUM(AQ14:AT14) -> 0
A15: 11 | I15: 16-1层12 | J15: 64.81 | N15: 17520.94 | AH15: =V15+X15+Z15+AB15+AD15+AF15 -> 0 | AO15: =SUM(AQ15:AT15) -> 0
A16: 12 | I16: 16-1层13 | J16: 64.9 | N16: 17615.65 | AH16: =V16+X16+Z16+AB16+AD16+AF16 -> 0 | AO16: =SUM(AQ16:AT16) -> 0
A17: 13 | I17: 16-1层14 | J17: 64.9 | N17: 17710.35 | AH17: =V17+X17+Z17+AB17+AD17+AF17 -> 0 | AO17: =SUM(AQ17:AT17) -> 0
A18: 14 | I18: 16-1层15 | J18: 64.9 | N18: 17805.06 | AH18: =V18+X18+Z18+AB18+AD18+AF18 -> 0 | AO18: =SUM(AQ18:AT18) -> 0
A19: 15 | B19: 1 | C19: 2024.12.30 | D19: 20240007524 | G19: 滕丽萍 钟富斌 | I19: 16-1层16 | J19: 90.35 | K19: 90.35 | L19: 17500 | M19: 1581125 | N19: 17332.8 | R19: =701125+100000 -> 801125 | S19: 2024.12.2 | U19: 李秀莲 | V19: 100000 | W19: 2024.12.2 | X19: 701125 | Y19: 2024.12.30 | AH19: =V19+X19+Z19+AB19+AD19+AF19 -> 801125 | AK19: =M19-AH19 -> 780000 | AM19: 华为p70 | AO19: =SUM(AQ19:AT19) -> 801125 | AP19: =1%+0.18%+0.25%+0.03% -> 0.0146 | AQ19: 801125 | AU19: =AQ19*AP19 -> 11696.425 | AW19: 已交
A20: 16 | G20: 黄艾琳、阳君11.30 （韩双曼 退） | I20: 16-1层17 | J20: 92.11 | K20: 92.11 | L20: 21713.17 | M20: 2000000 | N20: 21750.92 | O20: 破底不提佣 | R20: =75000+20000+250000 -> 345000 | S20: 2024.12.1 | T20: 0000246 | U20: 米云鹤 连阵阵 | V20: =5000-5000 -> 0 | W20: 2024.11.21 | X20: =5000+20000 -> 25000 | Y20: 2024.12.1 | Z20: 75000 | AA20: 2024.12.2 | AB20: 250000 | AC20: 2024.12.26 | AH20: =V20+X20+Z20+AB20+AD20+AF20 -> 350000 | AK20: =M20-AH20 -> 1650000 | AL20: 15899047359 | AO20: =SUM(AQ20:AT20) -> 0 | AP20: =1%+0.18%+0.25%+0.03% -> 0.0146
A21: 17 | G21: 黄艾琳、阳君11.30 （郭亚坤 退） | I21: 16-1层18 | J21: 65.45 | K21: 65.45 | L21: 25974.03 | M21: 1700000 | N21: 26000.14 | O21: 破底不提佣 | R21: =70000+30000+750000 -> 850000 | S21: 2024.12.1 | T21: 0000241 | U21: 米云鹤 刘宁宁 | V21: =5000-5000 -> 0 | W21: 2024.10.1 | X21: 30000 | Y21: 2024.12.1 | Z21: 70000 | AA21: 2024.12.2 | AB21: 750000 | AC21: 2024.12.26 | AH21: =V21+X21+Z21+AB21+AD21+AF21 -> 850000 | AK21: =M21-AH21 -> 850000 | AL21: 15899047359 | AO21: =SUM(AQ21:AT21) -> 0 | AP21: =1%+0.18%+0.25%+0.03% -> 0.0146
A22: 18 | I22: 16-2层01 | J22: 108.27 | N22: 8233.79 | AH22: =V22+X22+Z22+AB22+AD22+AF22 -> 0 | AO22: =SUM(AQ22:AT22) -> 0
A23: 19 | I23: 16-2层02 | J23: 67.9 | N23: 8079.71 | AH23: =V23+X23+Z23+AB23+AD23+AF23 -> 0 | AO23: =SUM(AQ23:AT23) -> 0
A24: 20 | I24: 16-2层03 | J24: 131.15 | N24: 7695 | AH24: =V24+X24+Z24+AB24+AD24+AF24 -> 0 | AO24: =SUM(AQ24:AT24) -> 0
A25: 21 | I25: 16-2层04 | J25: 61.45 | N25: 7925.81 | AH25: =V25+X25+Z25+AB25+AD25+AF25 -> 0 | AO25: =SUM(AQ25:AT25) -> 0
